Workbook
Name AMBITO_PRECIOS: Validaciones!$BH$28:$BH$31
Name CERRANDO_CIRCULO: Validaciones!$CC$2:$CC$24
Name CONTROL_PRECIO: Validaciones!$X$18:$X$23
Name DIS_FABRICACION_SOSTENIBLE: Validaciones!$CG$2:$CG$15
Name FORMATO: Validaciones!$J$2:$J$26
Name FORMATO_VENTA: Validaciones!$R$2:$R$386
Name GOURMET: Validaciones!$DW$2:$DW$42
Name IMPLANTACIONES_ADIC: Validaciones!$DO$2:$DO$135
Name INDICADOR_BALANZA: Validaciones!$AL$2:$AL$4
Name INTOLERANCIAS: Validaciones!$AH$13:$AH$27
Name IVA: Validaciones!$X$2:$X$6
Name LINEAS_NEGOCIO: Validaciones!$DK$2:$DK$121
Name Maletas: Validaciones!$EK$2:$EK$146
Name MASCOTAS: Validaciones!$CU$34:$CU$53
Name MED_AMB_COD_REGULACION: Validaciones!$BL$2:$BL$51
Name MED_AMB_REGULACION: Validaciones!$BH$2:$BH$4
Name METODO_PRODUCCION: Validaciones!$CU$2:$CU$5
Name ORIGEN_EXTRANJEROS: Validaciones!$DC$2:$DC$18
Name ORIGEN_MCIA: Validaciones!$CQ$2:$CQ$88
Name ORIGEN_SOSTENIBLE: Validaciones!$BY$2:$BY$44
Name PACKAGINGSOSTENIBLE: Validaciones!$EA$13:$EA$18
Name PAISES: Validaciones!$BP$2:$BP$257
Name PERFU_PLANTA_BAJA: Validaciones!$DS$2:$DS$90
Name PLAT_CARACT_PLANIF: Validaciones!$EQ$2:$EQ$7
Name PLAT_FUENTE_APROV: Validaciones!$EQ$13:$EQ$14
Name PLAT_PERFIL_DISTRB: Validaciones!$EQ$21
Name PLAT_PERFIL_RED: Validaciones!$EU$2:$EU$62
Name PRESENTACION: Validaciones!$N$2:$N$173
Name PRODUCCION_LOCAL: Validaciones!$BT$2:$BT$8
Name REG_ECI: Validaciones!$EG$2:$EG$6
Name REG_ECIGA: Validaciones!$EG$54:$EG$59
Name REG_HIPER: Validaciones!$EG$13:$EG$15
Name REG_SUPERCOR: Validaciones!$EG$21
Name REG_SUPERCOR_EXPRESS: Validaciones!$EG$44:$EG$48
Name REG_SUPEROPEN: Validaciones!$EG$33:$EG$39
Name REST_HORARIA: Validaciones!$AL$13:$AL$15
Name SANCHEZ_ROMERO: Validaciones!$EA$2:$EA$3
Name SECTOR_CLASIF: Validaciones!$AH$2:$AH$6
Name SEÑAL_CAFETERIA: Validaciones!$DG$2:$DG$5
Name SURTIDO_GENERAL: Validaciones!$GD$2:$GD$72
Name TEMPERATURA: Validaciones!$BH$19:$BH$21
Name TIENDA_CARACT_PLANIF: Validaciones!$FA$2:$FA$18
Name TIENDA_CICLO_PLANIF: Validaciones!$FI$2:$FI$71
Name TIENDA_FUENTE_APROV: Validaciones!$FA$33:$FA$34
Name TIENDA_PERFIL_RED: Validaciones!$FE$2:$FE$62
Name TIENDA_STATUS: Validaciones!$FM$2:$FM$14
Name TIPO_ART: Validaciones!$FS$2:$FS$4
Name TIPOLOGIA_ART: Validaciones!$BH$37:$BH$40
Name UM_CONTENIDO: Validaciones!$BA$2:$BA$98
Name UM_PUM: Validaciones!$AV$10:$AV$29
Name UNECO_COMPRA: Validaciones!$D$2:$D$30
Name UNECO_VENTA: Validaciones!$D$37:$D$69

Sheet Guia Estilo Proveedor
A1: CAMPOS DE CODIFICACIÓN | B1: DEFINICIÓN DEL CAMPO
A2: Número de proveedor | B2: Número del proveedor en 7 caracteres
A3: Descripción del artículo | B3: Descripción completa del artículo ( Descripción, Marca, Presentación,cantidad,formato)
A4: Fabricante | B4: Indicar si es diferente del nº de proveedor
A5: Modelo/Ean | B5: Sólo indicar modelo en el caso de que sea diferente del Ean
A6: Variedad 1 | B6: Datos descriptivos del producto
A7: Variedad 2 | B7: Datos descriptivos del producto
A8: Presentación | B8: Identificación de la presentación del artículo. Desplegar y elegir una presentación de la tabla
A9: Cantidad | B9: Identificacion del número de unidades que, en la unidad de medida del formato, componen el artículo.
A10: Formato | B10: Identificación de la unidad de medida en la que se expresa la cantidad del artículo. Desplegar y elegir un formato de la tabla
A11: Grados Alcohol | B11: En este campo serán informados los grados de alcohol que aplican para un determinado artículo.
A12: Fecha caducidad | B12: 2/3 de la vida útil +1
... A17: Unidad Embalaje En unidades o kgs según facturación (numero entero) | B17: Unidad empleada por el proveedor en el suministro de la mercancía
A18: Peso Bruto artículo CODIF
A19: Peso Neto (grs)
A20: Capa de palet | B20: Esta unidad indica el número de UNI (unidades de venta) que conforman cada una de las capas de un palet de producto.
A21: Unidades Palet | B21: Esta unidad indica el número de UNI (unidades de venta) que conforman cada palet de producto.
A22: Peso Neto | B22: Peso neto del producto en gramos
A23: Peso Bruto | B23: Peso bruto del producto en gramos
A24: Longitud del producto unitario | B24: Medidas específicas del artículo. Indicar siempre en Milimetros MM
A25: Ancho del producto unitario | B25: Medidas específicas del artículo. Indicar siempre en Milimetros MM
A26: Alto del producto unitario | B26: Medidas específicas del artículo. Indicar siempre en Milimetros MM
A27: DUN14 | B27: Indicar DUN14. Unidades de gestión logísitca
A28: PESO UE | B28: Peso de la unidad de embajale en Gramos
A29: LONG UE | B29: Medidas específicas de la unidad de embalaje en MM
A30: ANCHO UE | B30: Medidas específicas de la unidad de embalaje en MM
A31: ALTO UE | B31: Medidas específicas de la unidad de embalaje en MM
A32: PAÍS
A33: País de origen (origen CCI) | B33: Clave del país en el que se obtiene el material, o donde se fabrica.
A34: TEMPERATURA | B34: Modo de conservación
A35: PELIGROSIDAD
A36: DENOMINACION ORIGEN / IGP | B36: Desplegar y elegir un valor de la tabla. Si se observa la ausencia de alguna Denominación de Origen indicar como "NO DEFINIDO" para su incoporación
A37: ORIGEN MERCANCIA | B37: Desplegar y elegir un valor de la tabla
A38: METODO PRODUCCION | B38: Desplegar y elegir un valor de la tabla
A39: ECO-BIO | B39: Desplegar y elegir un valor de la tabla
A40: PRODUCTOS PARA VEGANOS | B40: Desplegar y elegir un valor de la tabla
A41: INTOLERANCIAS | B41: Desplegar y elegir un valor de la tabla
A42: ZONA DE ORIGEN-EXTRANJEROS | B42: Desplegar y elegir un valor de la tabla
A43: UNIVERSO CERRANDO EL CIRCULO | B43: Opcional. Desplegar y elegir un valor de la tabla
A44: ORIGEN SOSTENIBLE | B44: Opcional. Desplegar y elegir un valor de la tabla
A45: DISEÑO Y FABRICACION SOSTENIBLE | B45: Opcional. Desplegar y elegir un valor de la tabla
A46: RECOMENDACIONES USO DEL PRODUCTO | B46: Describir las posibles recomendaciones de consumo, uso o limpieza.
A47: Observaciones/Nota | B47: Si en algún atributo que sea una tabla, no está el valor que necesitan indicar en la tabla "NO DEFINIDO" y poner en OBSERVACIONES/NOTA el nuevo valor indicando que es Nuevo

Sheet Datos Proveedor
A2: DATOS CONTACTO PROVEEDOR:
AL3: CARACTERÍSTICAS DEL PRODUCTO | BA3: OBSERVACIONES
A4: DATOS BASICOS DEL PRODUCTO | Q4: UNIDADES DE MEDIDA DE LA UNIDAD DE VENTA | Z4: DATOS LOGISTICOS DE LA UNIDAD DE EMBALAJE | AQ4: INTOLERANCIAS
A5: Número de proveedor 7 caracteres (**) | B5: Descripción completa del artículo Hasta 40 caracteres (**) | C5: Fabricante 7 caracteres (**) | D5: Modelo/Ean Hasta 15 caracteres (**) | E5: Variedad 1 Hasta 15 caracteres (**) | F5: Variedad 2 Hasta 15 caracteres (**) | G5: Presentación (**) | H5: Cantidad 5 caracteres (**) | I5: Formato (**) | J5: Grados Alcohol | K5: Fecha caducidad 2/3 de la vida útil + 1 (**) | L5: Ind. Periodo (**) en días | M5: Marca (**) | N5: Precio Coste Tarifa (**) | O5: PVP | P5: IVA (**) | Q5: EAN (**) | R5: Unidad Embalaje (**) | S5: UNIDADES CAPA debe ser multiplo de la UE | T5: UNIDADES PALET debe ser multiplo de la UE | U5: Peso Neto (G) (**) | V5: Peso Bruto (G) | W5: Longitud del producto unitario indicar en MM | X5: Ancho del producto unitario indicar en MM | Y5: Alto del producto unitario indicar en MM | Z5: DUN14 | AA5: Unidad de transporte | AB5: PESO UE (G) | AC5: LONG UE MM | AD5: ANCHO UE MM | AE5: ALTO UE MM | AF5: País de origen (origen CCI) | AG5: TEMPERATURA | AH5: PELIGROSIDAD | AI5: PACKAGING SOSTENIBLE | AJ5: AMBITO PRECIOS | AK5: TIPOLOGIA ARTICULO | AL5: DENOMINACION ORIGEN / IGP | AM5: ORIGEN MERCANCIA | AN5: METODO PRODUCCION | AO5: ECO-BIO | AP5: PRODUCTOS PARA VEGANOS | AQ5: SG / SIN GLUTEN | AR5: SL / SIN LACTOSA | AS5: SH / SIN HUEVO | AT5: Otras intolerancias | AU5: Otras intolerancias | AV5: ZONA DE ORIGEN-EXTRANJEROS | AW5: CERRANDO EL CIRCULO | AX5: ORIGEN SOSTENIBLE | AY5: DISEÑO Y FABRICACION SOSTENIBLE | AZ5: PRODUCCION LOCAL | BA5: RECOMENDACIONES USO DEL PRODUCTO MAX 300 caracteres | BB5: RECOMENDACIONES USO DEL PRODUCTO MAX 300 caracteres | BC5: Observaciones/Nota
A6: 1903686 | B6: PANETTONE AL CIOCCOLATO | C6: 1903686 | D6: 103021 | E6: CHOCOLATE | G6: CAJA | H6: 750 | I6: G / GRAMO | K6: 120 | L6: D | M6: FIASCONARO | N6: 14.55 | O6: Ç | P6: I / 10 % | Q6: 8030525002809 | R6: 6 | S6: 30 | T6: 150 | U6: 750 | V6: 1100 | W6: 210 | X6: 210 | Y6: 160 | Z6: 28030525002803 | AA6: CAJA | AB6: 6600 | AC6: 740 | AD6: 240 | AE6: 300

Sheet Datos Compras
A4: DATOS BÁSICOS DEL PRODUCTO | U4: REFERENCIA DE COMPRA | AB4: REFERENCIA VENTA 001 | AJ4: REFERENCIA VENTA 027 | AZ4: MARC PLATAFORMA | BD4: MARC TIENDA | BJ4: MEDIO AMBIENTE | BN4: IMPUESTOS ESPECIALES | BQ4: CARACTERÍSTICAS DEL PRODUCTO
A5: Descripción del artículo | B5: Variedad 1 | C5: Variedad 2 | D5: EAN | E5: Tipo de artículo | F5: Tipo explotación (Obligatorio) | G5: Grupo de artículos 9 caracteres | H5: Señal Internet | I5: Sector Clasif | J5: Formato Venta | K5: Unidad Medida Base (UMB) | L5: Unidad de medida contenido PUM | M5: Cantidad base de comparación | N5: Unidad de medida del PUM | O5: Plazo de entrega | P5: Cantidad mínimna | Q5: Precio Coste Tarifa | R5: Precio Venta | S5: Uneco Compras 3 Dígitos | T5: Uneco de Venta 4 Dígitos | U5: T.Gestión Compra | V5: Familia | W5: Calif. 1 | X5: Calif. 2 | Y5: Calif. 3 | Z5: Calif. 5 | AA5: Calif. 6 | AB5: T.Gestión Venta | AC5: Calif. 1 | AD5: Calif. 2 | AE5: Calif.3 | AF5: Calif. 5 | AG5: Calif. 6 | AH5: Nivel de surtido | AI5: Procedimiento catalogación | AJ5: T.Gestión Venta | AK5: Calif. 1 | AL5: Calif. 2 | AM5: Calif. 3 | AN5: Calif. 5 | AO5: Calif. 6 | AP5: Nivel de surtido | AQ5: Procedimiento catalogación | AR5: Surtido General | AS5: CENTROS (VV o RG) | AT5: Fecha desde catalogación | AU5: Fecha hasta catlogación | AV5: INDICADOR BALANZA | AW5: RESTRICCIÓN HORARIA | AX5: ACUERDO DEVOLUCIÓN | AY5: SURTIDO PARCIAL (Separador pedidos) | AZ5: CD CARACT PLANIF | BA5: CD PERFIL REDONDEO | BB5: FUENTE APROV | BC5: CD PERFIL DISTRIBUCION | BD5: TIENDA CARACT PLANIF | BE5: TIENDA CICLO PLANIF | BF5: TIENDA FUENTE APROV | BG5: TIEMPO TRATAMIENTO | BH5: TIENDA PERFIL REDONDEO | BI5: TIENDA STATUS | BJ5: M.Ambiente PAIS | BK5: M.Ambiente Regulacion | BL5: M.Ambiente Cod.Regulacion | BM5: Peso ECO | BN5: Grados alcohol | BO5: País (alcohol) | BP5: Epígrafe (alcohol) | BQ5: SEÑAL DE CAFETERIA | BR5: REGIONALIDAD ECI | BS5: REGIONALIDAD HIPER | BT5: REGIONALIDAD SUPERCOR | BU5: REGIONALIDAD SUPER EXPRESS | BV5: REGIONALIDAD SUPEROPEN | BW5: REGIONALIDAD ECIGA | BX5: LINEAS NEGOCIO ADIC | BY5: LINEAS NEGOCIO ADIC 2 | BZ5: LINEAS NEGOCIO ADIC 3 | CA5: LINEAS NEGOCIO ADIC 4 | CB5: LINEAS NEGOCIO ADIC 5 | CC5: LINEAS NEGOCIO ADIC 6 | CD5: GOOD BETTER BEST | CE5: Maletas | CF5: Maletas 2 | CG5: Maletas 3 | CH5: Maletas 4 | CI5: Maletas 5 | CJ5: IMPLANTACIONES ADIC | CK5: EXCLUSIVAS | CL5: PERFUMERIA PLTA BAJA | CM5: MASCOTAS ESP | CN5: GOURMET | CO5: ETIQUETADO SANCHEZ ROMERO | CP5: DELIVERY | CQ5: Visualizar coste | CR5: Visualizar Precio | CS5: Ilimitado | CT5: Control Precio
A9: =IF('Datos Proveedor'!B9="","",'Datos Proveedor'!B9) | B9: =IF('Datos Proveedor'!E9="","",'Datos Proveedor'!E9) | C9: =IF('Datos Proveedor'!F9="","",'Datos Proveedor'!F9) | D9: =IF('Datos Proveedor'!Q9=0,"",'Datos Proveedor'!Q9) | Q9: =IF('Datos Proveedor'!N9="","",'Datos Proveedor'!N9) | BN9: =IF('Datos Proveedor'!J9="","",'Datos Proveedor'!J9)
A10: =IF('Datos Proveedor'!B10="","",'Datos Proveedor'!B10) | B10: =IF('Datos Proveedor'!E10="","",'Datos Proveedor'!E10) | C10: =IF('Datos Proveedor'!F10="","",'Datos Proveedor'!F10) | D10: =IF('Datos Proveedor'!Q10=0,"",'Datos Proveedor'!Q10) | Q10: =IF('Datos Proveedor'!N10="","",'Datos Proveedor'!N10) | BN10: =IF('Datos Proveedor'!J10="","",'Datos Proveedor'!J10)
A11: =IF('Datos Proveedor'!B11="","",'Datos Proveedor'!B11) | B11: =IF('Datos Proveedor'!E11="","",'Datos Proveedor'!E11) | C11: =IF('Datos Proveedor'!F11="","",'Datos Proveedor'!F11) | D11: =IF('Datos Proveedor'!Q11=0,"",'Datos Proveedor'!Q11) | Q11: =IF('Datos Proveedor'!N11="","",'Datos Proveedor'!N11) | BN11: =IF('Datos Proveedor'!J11="","",'Datos Proveedor'!J11)
A12: =IF('Datos Proveedor'!B12="","",'Datos Proveedor'!B12) | B12: =IF('Datos Proveedor'!E12="","",'Datos Proveedor'!E12) | C12: =IF('Datos Proveedor'!F12="","",'Datos Proveedor'!F12) | D12: =IF('Datos Proveedor'!Q12=0,"",'Datos Proveedor'!Q12) | Q12: =IF('Datos Proveedor'!N12="","",'Datos Proveedor'!N12) | BN12: =IF('Datos Proveedor'!J12="","",'Datos Proveedor'!J12)
A13: =IF('Datos Proveedor'!B13="","",'Datos Proveedor'!B13) | B13: =IF('Datos Proveedor'!E13="","",'Datos Proveedor'!E13) | C13: =IF('Datos Proveedor'!F13="","",'Datos Proveedor'!F13) | D13: =IF('Datos Proveedor'!Q13=0,"",'Datos Proveedor'!Q13) | Q13: =IF('Datos Proveedor'!N13="","",'Datos Proveedor'!N13) | BN13: =IF('Datos Proveedor'!J13="","",'Datos Proveedor'!J13)
A14: =IF('Datos Proveedor'!B14="","",'Datos Proveedor'!B14) | B14: =IF('Datos Proveedor'!E14="","",'Datos Proveedor'!E14) | C14: =IF('Datos Proveedor'!F14="","",'Datos Proveedor'!F14) | D14: =IF('Datos Proveedor'!Q14=0,"",'Datos Proveedor'!Q14) | Q14: =IF('Datos Proveedor'!N14="","",'Datos Proveedor'!N14) | BN14: =IF('Datos Proveedor'!J14="","",'Datos Proveedor'!J14)
A15: =IF('Datos Proveedor'!B15="","",'Datos Proveedor'!B15) | B15: =IF('Datos Proveedor'!E15="","",'Datos Proveedor'!E15) | C15: =IF('Datos Proveedor'!F15="","",'Datos Proveedor'!F15) | D15: =IF('Datos Proveedor'!Q15=0,"",'Datos Proveedor'!Q15) | Q15: =IF('Datos Proveedor'!N15="","",'Datos Proveedor'!N15) | BN15: =IF('Datos Proveedor'!J15="","",'Datos Proveedor'!J15)
A16: =IF('Datos Proveedor'!B16="","",'Datos Proveedor'!B16) | B16: =IF('Datos Proveedor'!E16="","",'Datos Proveedor'!E16) | C16: =IF('Datos Proveedor'!F16="","",'Datos Proveedor'!F16) | D16: =IF('Datos Proveedor'!Q16=0,"",'Datos Proveedor'!Q16) | Q16: =IF('Datos Proveedor'!N16="","",'Datos Proveedor'!N16) | BN16: =IF('Datos Proveedor'!J16="","",'Datos Proveedor'!J16)
A17: =IF('Datos Proveedor'!B17="","",'Datos Proveedor'!B17) | B17: =IF('Datos Proveedor'!E17="","",'Datos Proveedor'!E17) | C17: =IF('Datos Proveedor'!F17="","",'Datos Proveedor'!F17) | D17: =IF('Datos Proveedor'!Q17=0,"",'Datos Proveedor'!Q17) | Q17: =IF('Datos Proveedor'!N17="","",'Datos Proveedor'!N17) | BN17: =IF('Datos Proveedor'!J17="","",'Datos Proveedor'!J17)
A18: =IF('Datos Proveedor'!B18="","",'Datos Proveedor'!B18) | B18: =IF('Datos Proveedor'!E18="","",'Datos Proveedor'!E18) | C18: =IF('Datos Proveedor'!F18="","",'Datos Proveedor'!F18) | D18: =IF('Datos Proveedor'!Q18=0,"",'Datos Proveedor'!Q18) | Q18: =IF('Datos Proveedor'!N18="","",'Datos Proveedor'!N18) | BN18: =IF('Datos Proveedor'!J18="","",'Datos Proveedor'!J18)
A19: =IF('Datos Proveedor'!B19="","",'Datos Proveedor'!B19) | B19: =IF('Datos Proveedor'!E19="","",'Datos Proveedor'!E19) | C19: =IF('Datos Proveedor'!F19="","",'Datos Proveedor'!F19) | D19: =IF('Datos Proveedor'!Q19=0,"",'Datos Proveedor'!Q19) | Q19: =IF('Datos Proveedor'!N19="","",'Datos Proveedor'!N19) | BN19: =IF('Datos Proveedor'!J19="","",'Datos Proveedor'!J19)
A20: =IF('Datos Proveedor'!B20="","",'Datos Proveedor'!B20) | B20: =IF('Datos Proveedor'!E20="","",'Datos Proveedor'!E20) | C20: =IF('Datos Proveedor'!F20="","",'Datos Proveedor'!F20) | D20: =IF('Datos Proveedor'!Q20=0,"",'Datos Proveedor'!Q20) | Q20: =IF('Datos Proveedor'!N20="","",'Datos Proveedor'!N20) | BN20: =IF('Datos Proveedor'!J20="","",'Datos Proveedor'!J20)
... A104: =IF('Datos Proveedor'!B104="","",'Datos Proveedor'!B104) | B104: =IF('Datos Proveedor'!E104="","",'Datos Proveedor'!E104) | C104: =IF('Datos Proveedor'!F104="","",'Datos Proveedor'!F104) | D104: =IF('Datos Proveedor'!Q104=0,"",'Datos Proveedor'!Q104) | Q104: =IF('Datos Proveedor'!N104="","",'Datos Proveedor'!N104) | BN104: =IF('Datos Proveedor'!J104="","",'Datos Proveedor'!J104)

Sheet Validaciones
B1: unecos | D1: UNECO_COMPRA | F1: Descripción | H1: Formatos y Presentaciones | J1: FORMATO | K1: SAP | L1: Descripción | N1: PRESENTACION | O1: SAP | P1: Descripción | R1: FORMATO_VENTA | S1: SAP | T1: Descripción | V1: Impuestos e Imp. Especiales | X1: IVA | Y1: SAP | Z1: Descripción | AB1: EPIGRAFE | AC1: Valor | AD1: Descripcion | AF1: Varios | AH1: SECTOR_CLASIF | AI1: SAP | AJ1: Descripción | AL1: INDICADOR_BALANZA | AM1: SAP | AP1: Agrupaciones por Venta | AT1: Unidades de medida / Contenido | AV1: UMB | AW1: SAP | AX1: Descripción | BA1: UM_CONTENIDO | BB1: SAP | BC1: TEXTO | BE1: Medio Ambiente | BH1: MED_AMB_REGULACION | BI1: SAP | BJ1: TEXTO | BL1: MED_AMB_COD_REGULACION | BM1: SAP | BN1: Descripción | BP1: PAISES(*) | BQ1: SAP | BR1: TEXTO | BT1: PRODUCCION_LOCAL | BU1: SAP | BV1: TEXTO | BY1: ORIGEN_SOSTENIBLE | BZ1: SAP | CA1: TEXTO | CC1: CERRANDO_CIRCULO | CD1: SAP | CE1: TEXTO | CG1: DIS_FABRICACION_SOSTENIBLE | CH1: SAP | CI1: TEXTO | CK1: Cacteristícas | CM1: DENOM. ORIGEN IGP | CN1: SAP | CO1: TEXTO | CQ1: ORIGEN_MCIA | CR1: SAP | CS1: TEXTO | CU1: METODO_PRODUCCION | CV1: SAP | CY1: Denominación de Origen | DC1: ORIGEN_EXTRANJEROS | DG1: SEÑAL_CAFETERIA | DH1: SAP | DI1: TEXTO | DK1: LINEAS_NEGOCIO | DL1: SAP | DM1: TEXTO | DO1: IMPLANTACIONES_ADIC | DP1: SAP | DQ1: TEXTO | DS1: PERFU_PLANTA_BAJA | DT1: SAP | DU1: TEXTO | DW1: GOURMET | DX1: SAP | DY1: TEXTO | EA1: SANCHEZ_ROMERO | EB1: SAP | EC1: TEXTO | EE1: Regionalidad / Maletas | EG1: REG_ECI | EH1: SAP | EI1: Descripcion | EK1: MALETAS | EL1: SAP | EM1: Denom.valor caract. | EO1: Plataforma | EQ1: PLAT_CARACT_PLANIF | ER1: SAP | ES1: Descripcion | EU1: PLAT_PERFIL_RED | EV1: SAP | EW1: Descripcion | EY1: Tienda | FA1: TIENDA_CARACT_PLANIF | FB1: SAP | FC1: Descripcion | FE1: TIENDA_PERFIL_RED | FF1: SAP | FG1: Descripcion | FI1: TIENDA_CICLO_PLANIF | FJ1: SAP | FK1: Descripcion | FM1: TIENDA_STATUS | FN1: SAP | FO1: Descripcion | FS1: TIPO_ART | FT1: SAP | FU1: Descripción | FW1: Ind.per. | FX1: SAP | FZ1: Marca | GA1: Tipo de marca | GB1: Denominación marca | GD1: SURTIDO_GENERAL | GE1: SAP | GF1: Descripción
D2: 014 / CATERING | E2: 014 | F2: CATERING | J2: CAC / CACITO | K2: CAC | L2: CACITO | N2: =CONCATENATE(O2,"/",P2) -> ACET./ACETATO | O2: ACET. | P2: ACETATO | R2: =CONCATENATE(S2," / ",T2) -> 1 / A.VALLES FALDA | S2: 1 | T2: A.VALLES FALDA | X2: R / 4 % | Y2: R | Z2: 4 % | AB2: A0 / BEB. ESPIRITUOSAS (ALC) | AC2: A0 | AD2: BEB. ESPIRITUOSAS (ALC) | AH2: 00 / SIN SECTOR ASIGNADO | AI2: 00 | AJ2: SIN SECTOR ASIGNADO | AL2: N / NO APLICA | AM2: N | AN2: NO APLICA | AP2: 8D / 8 DIAS DE ORO | AQ2: 8D | AR2: 8 DIAS DE ORO | AV2: UNI / UNIDADES | AW2: UNI | AX2: UNIDADES | BA2: µL - Microlitro | BB2: µL | BC2: Microlitro | BH2: 01 / RAEE | BI2: 01 | BJ2: RAEE | BL2: 1 / A0130110 -Zinc Aire< 2 gr. | BM2: 1 | BN2: A0130110 -Zinc Aire< 2 gr. | BP2: AD / Andorra | BQ2: AD | BR2: Andorra | BT2: 001 / Moda España (ModaÑ) | BV2: 001 | BW2: Moda España (ModaÑ) | BY2: 001 / Certif. MSC (Pesca) | BZ2: 001 | CA2: Certif. MSC (Pesca) | CC2: 001 / Material reciclado (celulosa) | CD2: 001 | CE2: Material reciclado (celulosa) | CG2: 001 / Certif.Made in Green | CH2: 001 | CI2: Certif.Made in Green | CM2: 001 / Aceite de La Rioja | CN2: 001 | CO2: Aceite de La Rioja | CQ2: AN / ANDALUCIA | CR2: AN | CS2: ANDALUCIA | CU2: 01 / Pesca Extractiva | CV2: 01 | CW2: Pesca Extractiva | CY2: 001 / Aceite de La Rioja | CZ2: 001 | DA2: Aceite de La Rioja | DC2: PO / PORTUGAL | DD2: PO | DE2: PORTUGAL | DG2: M / MENU | DH2: M | DI2: MENU | DK2: BF/Bebidas Frías Pastelería | DL2: BF | DM2: Bebidas Frías Pastelería | DO2: AO/Taste Of America | DP2: AO | DQ2: Taste Of America | DS2: 00/CLUSTER 0 | DT2: 00 | DU2: CLUSTER 0 | DW2: =CONCATENATE(DX2,"/",DY2) -> GH/Gourmet sala Hiper Básico | DX2: GH | DY2: Gourmet sala Hiper Básico | EA2: PO/PRODUCTO RECOMENDADO | EB2: PO | EC2: PRODUCTO RECOMENDADO | EG2: P / PENINSULA | EH2: P | EI2: PENINSULA | EK2: ANXS/RG Andalucía XS | EL2: ANXS | EM2: RG Andalucía XS | EQ2: ZX / No relev por X-docking almacen | ER2: ZX | ES2: No relev por X-docking almacen | EU2: 01UE - Redondeo a Unidad Embalaje 1% (sin Cero) | EV2: 01UE | EW2: Redondeo a Unidad Embalaje 1% (sin Cero) | FA2: ND / Sin planificación necesidades | FB2: ND | FC2: Sin planificación necesidades | FE2: 01UE - Redondeo a Unidad Embalaje 1% (sin Cero) | FF2: 01UE | FG2: Redondeo a Unidad Embalaje 1% (sin Cero) | FI2: 01S / GC SABADO | FJ2: 01S | FK2: GC SABADO | FM2: 01 / Bloq. para aprov./almacén | FN2: 01 | FO2: Bloq. para aprov./almacén | FS2: ZMGC / Mercadería Gran Consumo | FT2: ZMGC | FU2: Mercadería Gran Consumo | FW2: Año | FX2: A | FZ2: 0001 | GA2: 2 | GB2: EL CORTE INGLES | GD2: SGE050 / AL VALDEMORO MADRID | GE2: SGE050 | GF2: AL VALDEMORO MADRID
D3: 091 / CAFETERÍA-RESTAURANTE | E3: 091 | F3: CAFETERÍA-RESTAURANTE | J3: CL / CENTILITRO | K3: CL | L3: CENTILITRO | N3: =CONCATENATE(O3,"/",P3) -> AL PESO/AL PESO | O3: AL PESO | P3: AL PESO | R3: =CONCATENATE(S3," / ",T3) -> 10 / AÑOJO FILET.1ªB | S3: 10 | T3: AÑOJO FILET.1ªB | X3: I / 10 % | Y3: I | Z3: 10 % | AB3: A0 / ALCOHOL Y BEBIDAS DERIV. | AC3: A0 | AD3: ALCOHOL Y BEBIDAS DERIV. | AH3: 01 / KILOS ó GRANEL | AI3: 01 | AJ3: KILOS ó GRANEL | AL3: P / PESO | AM3: P | AN3: PESO | AP3: AA / ORIGEN ARAGON | AQ3: AA | AR3: ORIGEN ARAGON | AV3: KG / KILOGRAMOS | AW3: KG | AX3: KILOGRAMOS | BA3: ACR - Acre | BB3: ACR | BC3: Acre | BH3: 02 / ECOPILA | BI3: 02 | BJ3: ECOPILA | BL3: 10 / A0130410 -Pilas Botón - Litio< 2 gr. | BM3: 10 | BN3: A0130410 -Pilas Botón - Litio< 2 gr. | BP3: AE / E.A.U. | BQ3: AE | BR3: E.A.U. | BT3: 002 / Hecho en Portugal | BV3: 002 | BW3: Hecho en Portugal | BY3: 002 / Certif. ASC (acuicultura) | BZ3: 002 | CA3: Certif. ASC (acuicultura) | CC3: 002 / Reutilización subproducto | CD3: 002 | CE3: Reutilización subproducto | CG3: 002 / Certif.Oeko-tex Standard 100 | CH3: 002 | CI3: Certif.Oeko-tex Standard 100 | CM3: 002 / Aceite de Mallorca/Aceite mall | CN3: 002 | CO3: Aceite de Mallorca/Aceite mall | CQ3: AA / ARAGON | CR3: AA | CS3: ARAGON | CU3: 02 / Acuicultura | CV3: 02 | CW3: Acuicultura | CY3: 002 / Aceite de Mallorca/Aceite mall | CZ3: 002 | DA3: Aceite de Mallorca/Aceite mall | DC3: AL / ALEMANIA | DD3: AL | DE3: ALEMANIA | DG3: S / SUGERENCIA | DH3: S | DI3: SUGERENCIA | DK3: RF/Refrescos | DL3: RF | DM3: Refrescos | DO3: AT/Colorido Perfumería (Asistida) | DP3: AT | DQ3: Colorido Perfumería (Asistida) | DS3: 01/CLUSTER 1 | DT3: 01 | DU3: CLUSTER 1 | DW3: =CONCATENATE(DX3,"/",DY3) -> GM/Gourmet sala Hiper Ampliado | DX3: GM | DY3: Gourmet sala Hiper Ampliado | EA3: NV/NOVEDAD | EB3: NV | EC3: NOVEDAD | EG3: I / CANARIAS | EH3: I | EI3: CANARIAS | EK3: ANS/RG Andalucía S | EL3: ANS | EM3: RG Andalucía S | EQ3: Z1 / SO y PP dinamico. | ER3: Z1 | ES3: SO y PP dinamico. | EU3: 01US - Redondeo a Unidad Surtido 1% (sin Cero) | EV3: 01US | EW3: Redondeo a Unidad Surtido 1% (sin Cero) | FA3: YD / Sin planificación surtido | FB3: YD | FC3: Sin planificación surtido | FE3: 01US - Redondeo a Unidad Surtido 1% (sin Cero) | FF3: 01US | FG3: Redondeo a Unidad Surtido 1% (sin Cero) | FI3: 101 / GC LUNES T.SEM | FJ3: 101 | FK3: GC LUNES T.SEM | FM3: 02 / Bloq. p. hoja-ruta/List-M | FN3: 02 | FO3: Bloq. p. hoja-ruta/List-M | FS3: ZMFR / Mercadería de Frescos | FT3: ZMFR | FU3: Mercadería de Frescos | FW3: Día | FX3: D | FZ3: 0002 | GA3: 2 | GB3: HIPERCOR | GD3: SGE051 / AL GUIMAR TENERIFE | GE3: SGE051 | GF3: AL GUIMAR TENERIFE
D4: 093 / CAFETERÍA-PERSONAL | E4: 093 | F4: CAFETERÍA-PERSONAL | J4: CM / CENTIMETRO | K4: CM | L4: CENTIMETRO | N4: =CONCATENATE(O4,"/",P4) -> AMPOLLA/AMPOLLA | O4: AMPOLLA | P4: AMPOLLA | R4: =CONCATENATE(S4," / ",T4) -> 100 / POLLO ALAS | S4: 100 | T4: POLLO ALAS | X4: N / 21 % | Y4: N | Z4: 21 % | AB4: A1 / ALCOHOL Y BEBIDAS DERIV. | AC4: A1 | AD4: ALCOHOL Y BEBIDAS DERIV. | AH4: 02 / CAJAS PESO VARIABLE (MIXTAS) | AI4: 02 | AJ4: CAJAS PESO VARIABLE (MIXTAS) | AL4: U / UNITARIO | AM4: U | AN4: UNITARIO | AP4: AN / ORIGEN ANDALUCIA | AQ4: AN | AR4: ORIGEN ANDALUCIA | AV4: GNE - Gramo neto escurrido | AW4: GNE | AX4: GRAMO NETO ESCURRIDO | BA4: BOL - Bolsa | BB4: BOL | BC4: Bolsa | BH4: 03 / AMBILAMP | BI4: 03 | BJ4: AMBILAMP | BL4: 11 / A0130420 -Pilas Botón - Litio2-7 gr. | BM4: 11 | BN4: A0130420 -Pilas Botón - Litio2-7 gr. | BP4: AF / Afganistán | BQ4: AF | BR4: Afganistán | BT4: 003 / DO | BV4: 003 | BW4: DO | BY4: 003 / Certif. Friend of the Sea | BZ4: 003 | CA4: Certif. Friend of the Sea | CC4: 003 / Certif. Global Recycled Standa | CD4: 003 | CE4: Certif. Global Recycled Standa | CG4: 003 / Bluesign | CH4: 003 | CI4: Bluesign | CM4: 003 / Aceite de Terra/Oli de Terra A | CN4: 003 | CO4: Aceite de Terra/Oli de Terra A | CQ4: AS / ASTURIAS | CR4: AS | CS4: ASTURIAS | CU4: 03 / Pesca Aguas Dulces | CV4: 03 | CW4: Pesca Aguas Dulces | CY4: 003 / Aceite de Terra/Oli de Terra A | CZ4: 003 | DA4: Aceite de Terra/Oli de Terra A | DC4: FR / FRANCIA | DD4: FR | DE4: FRANCIA | DG4: N / NORMAL | DH4: N | DI4: NORMAL | DK4: CP/Cafetería Península | DL4: CP | DM4: Cafetería Península | DO4: BL/Blister | DP4: BL | DQ4: Blister | DS4: 02/CLUSTER 2 | DT4: 02 | DU4: CLUSTER 2 | DW4: =CONCATENATE(DX4,"/",DY4) -> G0/Gourmet cluster 0 | DX4: G0 | DY4: Gourmet cluster 0 | EG4: T / TOTAL | EH4: T | EI4: TOTAL | EK4: ANM/RG Andalucía M | EL4: ANM | EM4: RG Andalucía M | EQ4: ZM / Manual | ER4: ZM | ES4: Manual | EU4: 50UE - Redondeo a Unidad Embalaje 50%(sin Cero) | EV4: 50UE | EW4: Redondeo a Unidad Embalaje 50%(sin Cero) | FA4: Z1 / SO y PP dinamico almacenables | FB4: Z1 | FC4: SO y PP dinamico almacenables | FE4: 50UE - Redondeo a Unidad Embalaje 50%(sin Cero) | FF4: 50UE | FG4: Redondeo a Unidad Embalaje 50%(sin Cero) | FI4: 102 / GC MARTES T.SEM | FJ4: 102 | FK4: GC MARTES T.SEM | FM4: B3 / Bloqueo Definitivo | FN4: B3 | FO4: Bloqueo Definitivo | FS4: ZEGC / Mercadería EE DD Gran Consumo | FT4: ZEGC | FU4: Mercadería EE DD Gran Consumo | FW4: Mes | FX4: M | FZ4: 0003 | GA4: 2 | GB4: SFERA | GD4: SGE052 / AL JAEN | GE4: SGE052 | GF4: AL JAEN
D5: 133 / CLUB DEL GOURMET | E5: 133 | F5: CLUB DEL GOURMET | J5: CM2 / CENTIMETRO CUADRADO | K5: CM2 | L5: CENTIMETRO CUADRADO | N5: =CONCATENATE(O5,"/",P5) -> ANFORA/ANFORA | O5: ANFORA | P5: ANFORA | R5: =CONCATENATE(S5," / ",T5) -> 101 / POLLO CONTRAMUS | S5: 101 | T5: POLLO CONTRAMUS | X5: Y / 2 % | Y5: Y | Z5: 2 % | AB5: A1 / P. INTERMEDIOS<=15% VOL. | AC5: A1 | AD5: P. INTERMEDIOS<=15% VOL. | AH5: 03 / CAJAS PESO FIJO | AI5: 03 | AJ5: CAJAS PESO FIJO | AP5: AR / ORIGEN ARGENTINA | AQ5: AR | AR5: ORIGEN ARGENTINA | BA5: LC - Botella | BB5: LC | BC5: Botella | BL5: 12 / A0130430 -Pilas Botón - Litio>7 | BM5: 12 | BN5: A0130430 -Pilas Botón - Litio>7 | BP5: AG / Antigua/Barbuda | BQ5: AG | BR5: Antigua/Barbuda | BT5: 004 / IGP | BV5: 004 | BW5: IGP | BY5: 004 / GGN Certified Global GAP | BZ5: 004 | CA5: GGN Certified Global GAP | CC5: 004 / Hilo Recover (patente) | CD5: 004 | CE5: Hilo Recover (patente) | CG5: 004 / Ecolabel | CH5: 004 | CI5: Ecolabel | CM5: 004 / Aceite del Bajo Aragón | CN5: 004 | CO5: Aceite del Bajo Aragón | CQ5: BS / CANTABRIA | CR5: BS | CS5: CANTABRIA | CU5: 04 / Marisqueo | CV5: 04 | CW5: Marisqueo | CY5: 004 / Aceite del Bajo Aragón | CZ5: 004 | DA5: Aceite del Bajo Aragón | DC5: IT / ITALIA | DD5: IT | DE5: ITALIA | DG5: G / GENERICA(SIN TFAS) | DH5: G | DI5: GENERICA(SIN TFAS) | DK5: CC/Cafetería Canarias | DL5: CC | DM5: Cafetería Canarias | DO5: CO/Productos de Comercio Justo | DP5: CO | DQ5: Productos de Comercio Justo | DS5: 03/CLUSTER 3 | DT5: 03 | DU5: CLUSTER 3 | DW5: =CONCATENATE(DX5,"/",DY5) -> G1/Gourmet cluster 1 | DX5: G1 | DY5: Gourmet cluster 1 | EG5: D / PENINSULA ECI SIN MALLORCA | EH5: D | EI5: PENINSULA ECI SIN MALLORCA | EK5: ANL/RG Andalucía L | EL5: ANL | EM5: RG Andalucía L | EQ5: ZN / Manual (Sólo almacenes) | ER5: ZN | ES5: Manual (Sólo almacenes) | EU5: 50US - Redondeo a Unidad Surtido 50%(sin Cero) | EV5: 50US | EW5: Redondeo a Unidad Surtido 50%(sin Cero) | FA5: ZC / Surtido opcional (Frescos) | FB5: ZC | FC5: Surtido opcional (Frescos) | FE5: 50US - Redondeo a Unidad Surtido 50%(sin Cero) | FF5: 50US | FG5: Redondeo a Unidad Surtido 50%(sin Cero) | FI5: 103 / GC MIERCOLES T.SEM | FJ5: 103 | FK5: GC MIERCOLES T.SEM | FM5: B6 / Bloqueo Temporal | FN5: B6 | FO5: Bloqueo Temporal | FW5: Semana | FX5: S | FZ5: 0004 | GA5: 0 | GB5: 1980 ORIGINAL | GD5: SGE054 / AL EMINENCIA SEVILLA | GE5: SGE054 | GF5: AL EMINENCIA SEVILLA
D6: 167 / DELICATESSEN INTERNACIONAL | E6: 167 | F6: DELICATESSEN INTERNACIONAL | J6: CM3 / CENTÍMETRO CÚBICO | K6: CM3 | L6: CENTÍMETRO CÚBICO | N6: =CONCATENATE(O6,"/",P6) -> AOCORTE/AO CORTE | O6: AOCORTE | P6: AO CORTE | R6: =CONCATENATE(S6," / ",T6) -> 102 / POLLO CUARTOS | S6: 102 | T6: POLLO CUARTOS | X6: X / 7,5 % | Y6: X | Z6: 7,5 % | AB6: A2 / P. INTERMEDIOS<=15% VOL. | AC6: A2 | AD6: P. INTERMEDIOS<=15% VOL. | AH6: 04 / UNIDADES | AI6: 04 | AJ6: UNIDADES | AP6: AS / FERIA DE ASTURIAS | AQ6: AS | AR6: FERIA DE ASTURIAS | BA6: C00 - Capa | BB6: C00 | BC6: Capa | BL6: 13 / A01801 -Otros | BM6: 13 | BN6: A01801 -Otros | BP6: AI / Anguilla | BQ6: AI | BR6: Anguilla | BT6: 005 / DO PORTUGAL | BV6: 005 | BW6: DO PORTUGAL | BY6: 005 / Ingrediente Aceite Palma RSPO | BZ6: 005 | CA6: Ingrediente Aceite Palma RSPO | CC6: 005 / Seaqual (patente) | CD6: 005 | CE6: Seaqual (patente) | CG6: 005 / Craddle to craddle | CH6: 005 | CI6: Craddle to craddle | CM6: 005 / DEhesa de Extremadura | CN6: 005 | CO6: DEhesa de Extremadura | CQ6: CL / CASTILLA Y LEON | CR6: CL | CS6: CASTILLA Y LEON | CY6: 005 / DEhesa de Extremadura | CZ6: 005 | DA6: DEhesa de Extremadura | DC6: UK / U.K. | DD6: UK | DE6: U.K. | DK6: CT/Cafetería Total | DL6: CT | DM6: Cafetería Total | DO6: CQ/Cava de Quesos | DP6: CQ | DQ6: Cava de Quesos | DS6: 04/CLUSTER 4 | DT6: 04 | DU6: CLUSTER 4 | DW6: =CONCATENATE(DX6,"/",DY6) -> G2/Gourmet cluster 2 | DX6: G2 | DY6: Gourmet cluster 2 | EG6: E / TOTAL ECI SIN MALLORCA | EH6: E | EI6: TOTAL ECI SIN MALLORCA | EK6: ANXL/RG Andalucía XL | EL6: ANXL | EM6: RG Andalucía XL | EQ6: ND / Sin planificación necesidades | ER6: ND | ES6: Sin planificación necesidades | EU6: 99UE - Redondeo a Unidad Embalaje 99%(sin Cero) | EV6: 99UE | EW6: Redondeo a Unidad Embalaje 99%(sin Cero) | FA6: ZD / Autoventa | FB6: ZD | FC6: Autoventa | FE6: 99UE - Redondeo a Unidad Embalaje 99%(sin Cero) | FF6: 99UE | FG6: Redondeo a Unidad Embalaje 99%(sin Cero) | FI6: 104 / GC JUEVES T.SEM | FJ6: 104 | FK6: GC JUEVES T.SEM | FM6: BC / Bloqueo para la compra | FN6: BC | FO6: Bloqueo para la compra | FW6: AÑO | FX6: A | FZ6: 0005 | GA6: 0 | GB6: 2DS | GD6: SGE055 / AL GALDACANO BILBAO | GE6: SGE055 | GF6: AL GALDACANO BILBAO
D7: 180 / LEGUMBRES Y CONSERVAS | E7: 180 | F7: LEGUMBRES Y CONSERVAS | J7: DAG / DECAGRAMO | K7: DAG | L7: DECAGRAMO | N7: =CONCATENATE(O7,"/",P7) -> AOPESO/AO PESO | O7: AOPESO | P7: AO PESO | R7: =CONCATENATE(S7," / ",T7) -> 103 / POLLO DELICIAS | S7: 103 | T7: POLLO DELICIAS | AB7: A2 / P. INTERMEDIOS > 15%VOL. | AC7: A2 | AD7: P. INTERMEDIOS > 15%VOL. | AP7: AT / ORIGEN AUSTRALIA | AQ7: AT | AR7: ORIGEN AUSTRALIA | BA7: CC - Centimetro cúbico | BB7: CC | BC7: Centimetro cúbico | BL7: 14 / B0110110 -Alcalinas< 50 gr. | BM7: 14 | BN7: B0110110 -Alcalinas< 50 gr. | BP7: AL / Albania | BQ7: AL | BR7: Albania | BT7: 006 / IGP PORTUGAL | BV7: 006 | BW7: IGP PORTUGAL | BY7: 006 / Café Mundi (café) | BZ7: 006 | CA7: Café Mundi (café) | CC7: 006 / Cupro (patente) | CD7: 006 | CE7: Cupro (patente) | CG7: 006 / Patente disminución de químico | CH7: 006 | CI7: Patente disminución de químico | CM7: 006 / Antequera | CN7: 006 | CO7: Antequera | CQ7: CM / CASTILLA-LA MANCHA | CR7: CM | CS7: CASTILLA-LA MANCHA | CY7: 006 / Antequera | CZ7: 006 | DA7: Antequera | DC7: US / USA | DD7: US | DE7: USA | DK7: GA/Cafetería Portugal | DL7: GA | DM7: Cafetería Portugal | DO7: DC/Dulces del Convento | DP7: DC | DQ7: Dulces del Convento | DS7: 05/CLUSTER 5 | DT7: 05 | DU7: CLUSTER 5 | DW7: =CONCATENATE(DX7,"/",DY7) -> G3/Gourmet cluster 3 | DX7: G3 | DY7: Gourmet cluster 3 | EK7: RAXS/RG Aragón XS | EL7: RAXS | EM7: RG Aragón XS | EQ7: =CONCATENATE(ER7,"/",ES7) -> ZG/Surtido Obligatorio (Frescos) | ER7: ZG | ES7: Surtido Obligatorio (Frescos) | EU7: 99US - Redondeo a Unidad Surtido 99% (sin Cero) | EV7: 99US | EW7: Redondeo a Unidad Surtido 99% (sin Cero) | FA7: ZE / SO y PP dinamico. | FB7: ZE | FC7: SO y PP dinamico. | FE7: 99US - Redondeo a Unidad Surtido 99% (sin Cero) | FF7: 99US | FG7: Redondeo a Unidad Surtido 99% (sin Cero) | FI7: 105 / GC VIERNES T.SEM | FJ7: 105 | FK7: GC VIERNES T.SEM | FM7: BL / Bloqueo de Plataforma | FN7: BL | FO7: Bloqueo de Plataforma | FW7: DÍA | FX7: D | FZ7: 0006 | GA7: 0 | GB7: 3 EN 1 | GD7: SGE057 / AL ALGECIRAS | GE7: SGE057 | GF7: AL ALGECIRAS
D8: 181 / FRUTERÍA | E8: 181 | F8: FRUTERÍA | J8: DL / DECILITRO | K8: DL | L8: DECILITRO | N8: =CONCATENATE(O8,"/",P8) -> APARATO/APARATO | O8: APARATO | P8: APARATO | R8: =CONCATENATE(S8," / ",T8) -> 104 / POLLO DESPOJADO | S8: 104 | T8: POLLO DESPOJADO | AB8: A3 / P. INTERMEDIOS > 15%VOL. | AC8: A3 | AD8: P. INTERMEDIOS > 15%VOL. | AP8: BA / ORIGEN BALEARES | AQ8: BA | AR8: ORIGEN BALEARES | BA8: CM3 - Centimetro cúbico | BB8: CM3 | BC8: Centimetro cúbico | BL8: 15 / B0110120 -Alcalinas51-170 gr. | BM8: 15 | BN8: B0110120 -Alcalinas51-170 gr. | BP8: AM / Armenia | BQ8: AM | BR8: Armenia | BT8: 007 / Producido en España | BV8: 007 | BW8: Producido en España | BY8: 007 / Ingrediente Soja RTRS | BZ8: 007 | CA8: Ingrediente Soja RTRS | CC8: 007 / Roica (patente) | CD8: 007 | CE8: Roica (patente) | CG8: 007 / Patente ahorro agua | CH8: 007 | CI8: Patente ahorro agua | CM8: 007 / Baena | CN8: 007 | CO8: Baena | CQ8: CA / CATALUÑA | CR8: CA | CS8: CATALUÑA | CY8: 007 / Baena | CZ8: 007 | DA8: Baena | DC8: ME / MEDITERRANEO | DD8: ME | DE8: MEDITERRANEO | DK8: ES/Patio del Espejo | DL8: ES | DM8: Patio del Espejo | DO8: F3/Feria Centros GDE - MED - PÑO | DP8: F3 | DQ8: Feria Centros GDE - MED - PÑO | DS8: SM/SURTIDO MINIMO PERFUMERIA | DT8: SM | DU8: SURTIDO MINIMO PERFUMERIA | DW8: =CONCATENATE(DX8,"/",DY8) -> G5/Gourmet cluster 5 | DX8: G5 | DY8: Gourmet cluster 5 | EK8: RAS/RG Aragón S | EL8: RAS | EM8: RG Aragón S | EU8: CJ01 - Redondeo Caja 1% | EV8: CJ01 | EW8: Redondeo Caja 1% | FA8: ZF / Surt.opcional sin stock (Fres) | FB8: ZF | FC8: Surt.opcional sin stock (Fres) | FE8: CJ01 - Redondeo Caja 1% | FF8: CJ01 | FG8: Redondeo Caja 1% | FI8: 1A5 / GC LUNES A VIERNES | FJ8: 1A5 | FK8: GC LUNES A VIERNES | FM8: BS / Bloqueo a Spaceman | FN8: BS | FO8: Bloqueo a Spaceman | FW8: MES | FX8: M | FZ8: 0007 | GA8: 0 | GB8: 3CV | GD8: SGE058 / AL RIBARROJA VALENCIA | GE8: SGE058 | GF8: AL RIBARROJA VALENCIA
D9: 182 / PESCADERÍA | E9: 182 | F9: PESCADERÍA | J9: DM3 / DECIMETRO CUBICO | K9: DM3 | L9: DECIMETRO CUBICO | N9: =CONCATENATE(O9,"/",P9) -> BALDE/BALDE | O9: BALDE | P9: BALDE | R9: =CONCATENATE(S9," / ",T9) -> 105 / POLLO ESCALOPES | S9: 105 | T9: POLLO ESCALOPES | AB9: A3 / CERVEZAS >2,8% Y <11 GP | AC9: A3 | AD9: CERVEZAS >2,8% Y <11 GP | AP9: BO / ORIGEN BOLIVIA | AQ9: BO | AR9: ORIGEN BOLIVIA | AV9: UM_PUM | AW9: SAP | AY9: ims | BA9: DM3 - Decimetro cúbico | BB9: DM3 | BC9: Decimetro cúbico | BL9: 16 / B0110130 -Alcalinas>171 gr. | BM9: 16 | BN9: B0110130 -Alcalinas>171 gr. | BP9: AN / Antillas Neerl. | BQ9: AN | BR9: Antillas Neerl. | BY9: 008 / Certif. Agricultura ecológica | BZ9: 008 | CA9: Certif. Agricultura ecológica | CC9: 008 / Orange Fiber (patente) | CD9: 008 | CE9: Orange Fiber (patente) | CG9: 008 / Calificación energética A | CH9: 008 | CI9: Calificación energética A | CM9: 008 / Gata-Hurdes | CN9: 008 | CO9: Gata-Hurdes | CQ9: VA / COMUNIDAD VALENCIANA | CR9: VA | CS9: COMUNIDAD VALENCIANA | CY9: 008 / Gata-Hurdes | CZ9: 008 | DA9: Gata-Hurdes | DC9: RU / RUSOS | DD9: RU | DE9: RUSOS | DK9: PP/Platos preparados | DL9: PP | DM9: Platos preparados | DO9: FE/Ferias Centros Grande - Median | DP9: FE | DQ9: Ferias Centros Grande - Median | DS9: JA/COLORACION JA | DT9: JA | DU9: COLORACION JA | DW9: =CONCATENATE(DX9,"/",DY9) -> G6/Gourmet cluster 6 -Experience- | DX9: G6 | DY9: Gourmet cluster 6 -Experience- | EK9: RAM/RG Aragón M | EL9: RAM | EM9: RG Aragón M | EU9: CJ50 - Redondeo Caja 50% | EV9: CJ50 | EW9: Redondeo Caja 50% | FA9: ZG / Surtido obligatorio (Frescos) | FB9: ZG | FC9: Surtido obligatorio (Frescos) | FE9: CJ50 - Redondeo Caja 50% | FF9: CJ50 | FG9: Redondeo Caja 50% | FI9: 1A6 / GC LUNES A SABADO | FJ9: 1A6 | FK9: GC LUNES A SABADO | FM9: DS / Descatalogado | FN9: DS | FO9: Descatalogado | FW9: SEMANA | FX9: S | FZ9: 0008 | GA9: 0 | GB9: 3DS | GD9: SGE059 / AL MOLINA MURCIA | GE9: SGE059 | GF9: AL MOLINA MURCIA
D10: 183 / CHARCUTERíA | E10: 183 | F10: CHARCUTERíA | J10: DOC / DOCENA | K10: DOC | L10: DOCENA | N10: =CONCATENATE(O10,"/",P10) -> BANASTA/BANASTA | O10: BANASTA | P10: BANASTA | R10: =CONCATENATE(S10," / ",T10) -> 106 / POLLO FILETES | S10: 106 | T10: POLLO FILETES | AB10: A4 / CERVEZAS >2,8% Y <11 GP | AC10: A4 | AD10: CERVEZAS >2,8% Y <11 GP | AP10: BR / ORIGEN BRASIL | AQ10: BR | AR10: ORIGEN BRASIL | AV10: KG / KG | AW10: KG | AX10: KG | BA10: CM - Centimetro | BB10: CM | BC10: Centimetro | BL10: 17 / B0110210 -Carbon Zinc< 50 gr. | BM10: 17 | BN10: B0110210 -Carbon Zinc< 50 gr. | BP10: AO / Angola | BQ10: AO | BR10: Angola | BY10: 009 / Certif. Rainforest Alliance | BZ10: 009 | CA10: Certif. Rainforest Alliance | CC10: 099 / Piñatex (patente) | CD10: 099 | CE10: Piñatex (patente) | CG10: 009 / Ecolabel (Ecoetiqueta europea) | CH10: 009 | CI10: Ecolabel (Ecoetiqueta europea) | CM10: 009 / Les Garrigues | CN10: 009 | CO10: Les Garrigues | CQ10: XM / EXTREMADURA | CR10: XM | CS10: EXTREMADURA | CY10: 009 / Les Garrigues | CZ10: 009 | DA10: Les Garrigues | DC10: PS / PAISES DEL ESTE | DD10: PS | DE10: PAISES DEL ESTE | DK10: MP/Materia Prima P.preparados | DL10: MP | DM10: Materia Prima P.preparados | DO10: FL/Feria LANDALUZ | DP10: FL | DQ10: Feria LANDALUZ | DS10: JB/COLORACION JB | DT10: JB | DU10: COLORACION JB | DW10: =CONCATENATE(DX10,"/",DY10) -> GA/Gourmet cluster 0+canarias | DX10: GA | DY10: Gourmet cluster 0+canarias | EK10: RAL/RG Aragón L | EL10: RAL | EM10: RG Aragón L | EU10: CJ80 - Redondeo Caja 80% | EV10: CJ80 | EW10: Redondeo Caja 80% | FA10: ZI / Surt.obligato sin stock (Fres) | FB10: ZI | FC10: Surt.obligato sin stock (Fres) | FE10: CJ80 - Redondeo Caja 80% | FF10: CJ80 | FG10: Redondeo Caja 80% | FI10: 1Y3 / GC LUNES Y MIERCOL | FJ10: 1Y3 | FK10: GC LUNES Y MIERCOL | FM10: FS / Fuera de surtido | FN10: FS | FO10: Fuera de surtido | FW10: AÑOS | FX10: A | FZ10: 0009 | GA10: 4 | GB10: DISPONIBLE0009 | GD10: SGE061 / AL ALCOCHETE LISBOA PORTUGAL | GE10: SGE061 | GF10: AL ALCOCHETE LISBOA PORTUGAL
D11: 184 / CARNICERíA | E11: 184 | F11: CARNICERíA | J11: DS / DOSIS | K11: DS | L11: DOSIS | N11: =CONCATENATE(O11,"/",P11) -> BANDEJA/BANDEJA | O11: BANDEJA | P11: BANDEJA | R11: =CONCATENATE(S11," / ",T11) -> 107 / POLLO HIGADITOS | S11: 107 | T11: POLLO HIGADITOS | AB11: A4 / CERVEZAS>=11GP Y <=15GP | AC11: A4 | AD11: CERVEZAS>=11GP Y <=15GP | AP11: BS / FERIA DE CANTABRIA | AQ11: BS | AR11: FERIA DE CANTABRIA | AV11: G / KG | AW11: G | AX11: KG | BA11: CM2 - Centimetro cuadrado | BB11: CM2 | BC11: Centimetro cuadrado | BL11: 18 / B0110220 -Carbon Zinc51-170 gr. | BM11: 18 | BN11: B0110220 -Carbon Zinc51-170 gr. | BP11: AQ / Antártida | BQ11: AQ | BR11: Antártida | BY11: 010 / Ecolabel (Ecoetiqueta europea) | BZ11: 010 | CA11: Ecolabel (Ecoetiqueta europea) | CC11: 010 / Econyl (patente) | CD11: 010 | CE11: Econyl (patente) | CG11: 010 / Producto sensibiliz ambiental | CH11: 010 | CI11: Producto sensibiliz ambiental | CM11: 010 / Montes de Granada | CN11: 010 | CO11: Montes de Granada | CQ11: GA / GALICIA | CR11: GA | CS11: GALICIA | CU11: ECO-BIO | CV11: SAP | CW11: TEXTO | CY11: 010 / Montes de Granada | CZ11: 010 | DA11: Montes de Granada | DC11: NO / NORDICOS | DD11: NO | DE11: NORDICOS | DK11: CG/Catering | DL11: CG | DM11: Catering | DO11: FF/Frescos Fin de Semana | DP11: FF | DQ11: Frescos Fin de Semana | DS11: JC/COLORACION JC | DT11: JC | DU11: COLORACION JC | DW11: =CONCATENATE(DX11,"/",DY11) -> GB/Gourmet cluster 1+canarias | DX11: GB | DY11: Gourmet cluster 1+canarias | EK11: RAXL/RG Aragón XL | EL11: RAXL | EM11: RG Aragón XL | EU11: CP01 - Redondeo Capa 1% | EV11: CP01 | EW11: Redondeo Capa 1% | FA11: ZM / Manual | FB11: ZM | FC11: Manual | FE11: CP01 - Redondeo Capa 1% | FF11: CP01 | FG11: Redondeo Capa 1% | FI11: 1Y4 / GC LUNES Y JUEVES | FJ11: 1Y4 | FK11: GC LUNES Y JUEVES | FM11: ZA / Activo | FN11: ZA | FO11: Activo | FW11: DÍAS | FX11: D | FZ11: 0010 | GA11: 0 | GB11: 4AUTO | GD11: SGE062 / AL MONTORNES BARCELONA | GE11: SGE062 | GF11: AL MONTORNES BARCELONA
D12: 185 / PASTELERíA | E12: 185 | F12: PASTELERíA | J12: G / GRAMO | K12: G | L12: GRAMO | N12: =CONCATENATE(O12,"/",P12) -> BARQUET/BARQUETA | O12: BARQUET | P12: BARQUETA | R12: =CONCATENATE(S12," / ",T12) -> 108 / POLLO JAMONCITO | S12: 108 | T12: POLLO JAMONCITO | AB12: A5 / CERVEZAS>=11GP Y <=15GP | AC12: A5 | AD12: CERVEZAS>=11GP Y <=15GP | AH12: INTOLERANCIAS | AI12: SAP | AJ12: Descripción | AL12: REST_HORARIA | AM12: SAP | AP12: BZ / PRODUCTOS DEL BIERZO | AQ12: BZ | AR12: PRODUCTOS DEL BIERZO | AV12: G / GHG | AW12: G | AX12: GHG | BA12: CP - Capa de Palet | BB12: CP | BC12: Capa de Palet | BL12: 19 / B0110230 -Carbon Zinc>171 gr. | BM12: 19 | BN12: B0110230 -Carbon Zinc>171 gr. | BP12: AR / Argentina | BQ12: AR | BR12: Argentina | BY12: 011 / Certif. Fairtrade | BZ12: 011 | CA12: Certif. Fairtrade | CC12: 011 / Singtex (patente) | CD12: 011 | CE12: Singtex (patente) | CG12: 011 / ISO 14006, Ecodiseño | CH12: 011 | CI12: ISO 14006, Ecodiseño | CM12: 011 / Montes de Toledo | CN12: 011 | CO12: Montes de Toledo | CQ12: BA / ISLAS BALEARES | CR12: BA | CS12: ISLAS BALEARES | CU12: 01 / PRODUCTO ECOLÓGICO/BIO | CV12: 01 | CW12: PRODUCTO ECOLÓGICO/BIO | CY12: 011 / Montes de Toledo | CZ12: 011 | DA12: Montes de Toledo | DC12: LA / LATINOS | DD12: LA | DE12: LATINOS | DK12: DE/Delivery | DL12: DE | DM12: Delivery | DO12: FR/Ferranini | DP12: FR | DQ12: Ferranini | DS12: A1/AFEITADO SISTEMAS 1 | DT12: A1 | DU12: AFEITADO SISTEMAS 1 | DW12: =CONCATENATE(DX12,"/",DY12) -> GC/Gourmet cluster 2+canarias | DX12: GC | DY12: Gourmet cluster 2+canarias | EA12: PACKAGINGSOSTENIBLE | EB12: SAP | EC12: TEXTO | EG12: REG_HIPER | EH12: SAP | EI12: Descripcion | EK12: STXS/RG Asturias XS | EL12: STXS | EM12: RG Asturias XS | EQ12: PLAT_FUENTE_APROV | ER12: SAP | ES12: Descripcion | EU12: CP05 - Redondeo Capa 5% | EV12: CP05 | EW12: Redondeo Capa 5% | FA12: ZN / Manual (solo almacenes) | FB12: ZN | FC12: Manual (solo almacenes) | FE12: CP05 - Redondeo Capa 5% | FF12: CP05 | FG12: Redondeo Capa 5% | FI12: 1Y5 / GC LUNES-VIERNES | FJ12: 1Y5 | FK12: GC LUNES-VIERNES | FM12: ZB / Bloqueado | FN12: ZB | FO12: Bloqueado | FW12: MESES | FX12: M | FZ12: 0011 | GA12: 4 | GB12: DISPONIBLE0011 | GD12: SGE063 / AL PORRIÑO VIGO | GE12: SGE063 | GF12: AL PORRIÑO VIGO
D13: 186 / BEBIDAS REFRESCANTES | E13: 186 | F13: BEBIDAS REFRESCANTES | J13: GHG / HECTOGRAMO | K13: GHG | L13: HECTOGRAMO | N13: =CONCATENATE(O13,"/",P13) -> BARRA/BARRA | O13: BARRA | P13: BARRA | R13: =CONCATENATE(S13," / ",T13) -> 109 / POLLO MUSLOS | S13: 109 | T13: POLLO MUSLOS | AB13: A5 / CERVEZAS >15GP Y <=19GP | AC13: A5 | AD13: CERVEZAS >15GP Y <=19GP | AH13: HU / C/HUEVO | AI13: HU | AJ13: C/HUEVO | AL13: 099 / Alerta sanitaria | AM13: 099 | AN13: Alerta sanitaria | AP13: CA / FERIA DE CATALUÑA | AQ13: CA | AR13: FERIA DE CATALUÑA | AV13: L / L | AW13: L | AX13: L | BA13: CJ - Caja | BB13: CJ | BC13: Caja | BL13: 2 / A0130120 -Zinc Aire>2 gr. | BM13: 2 | BN13: A0130120 -Zinc Aire>2 gr. | BP13: AS / Samoa americana | BQ13: AS | BR13: Samoa americana | BY13: 012 / Asociacíon Comercio Justo | BZ13: 012 | CA13: Asociacíon Comercio Justo | CC13: 012 / PET Reciclado | CD13: 012 | CE13: PET Reciclado | CG13: 012 / Negocio Inclusivo | CH13: 012 | CI13: Negocio Inclusivo | CM13: 012 / Poniente de Granada | CN13: 012 | CO13: Poniente de Granada | CQ13: SS / ISLAS CANARIAS | CR13: SS | CS13: ISLAS CANARIAS | CU13: 02 / PRODUCCIÓN INTEGRADA (HORTOFRU | CV13: 02 | CW13: PRODUCCIÓN INTEGRADA (HORTOFRU | CY13: 012 / Poniente de Granada | CZ13: 012 | DA13: Poniente de Granada | DC13: LX / LUXEMBURGO | DD13: LX | DE13: LUXEMBURGO | DK13: CL/Celebraciones | DL13: CL | DM13: Celebraciones | DO13: GR/Tienda de Café | DP13: GR | DQ13: Tienda de Café | DS13: A2/AFEITADO SISTEMAS 2 | DT13: A2 | DU13: AFEITADO SISTEMAS 2 | DW13: =CONCATENATE(DX13,"/",DY13) -> GD/Gourmet cluster 3+canarias | DX13: GD | DY13: Gourmet cluster 3+canarias | EA13: P001 / Plastico Reciclado | EB13: P001 | EC13: Plastico Reciclado | EG13: A / PENINSULA HIPER | EH13: A | EI13: PENINSULA HIPER | EK13: STS/RG Asturias S | EL13: STS | EM13: RG Asturias S | EQ13: 1 NORMAL | ER13: 1 | ES13: NORMAL | EU13: CP10 - Redondeo Capa 10% | EV13: CP10 | EW13: Redondeo Capa 10% | FA13: ZO / Pedido Online | FB13: ZO | FC13: Pedido Online | FE13: CP10 - Redondeo Capa 10% | FF13: CP10 | FG13: Redondeo Capa 10% | FI13: 201 / * GC LUNES 2ªSEM | FJ13: 201 | FK13: * GC LUNES 2ªSEM | FM13: ZI / Incompleto | FN13: ZI | FO13: Incompleto | FW13: SEMANAS | FX13: S | FZ13: 0012 | GA13: 0 | GB13: ABIAUTO | GD13: SGE064 / AL VALLENIZA MALAGA | GE13: SGE064 | GF13: AL VALLENIZA MALAGA
D14: 187 / VINOS Y LICORES | E14: 187 | F14: VINOS Y LICORES | J14: GNE / GRAMO NETO ESCURRIDO | K14: GNE | L14: GRAMO NETO ESCURRIDO | N14: =CONCATENATE(O14,"/",P14) -> BARRIL/BARRIL | O14: BARRIL | P14: BARRIL | R14: =CONCATENATE(S14," / ",T14) -> 11 / AÑOJO LOMO | S14: 11 | T14: AÑOJO LOMO | AB14: A6 / CERVEZAS >15GP Y <=19GP | AC14: A6 | AD14: CERVEZAS >15GP Y <=19GP | AH14: LA / C/LACTEO | AI14: LA | AJ14: C/LACTEO | AL14: 001 / Con Restricción | AM14: 001 | AN14: Con Restricción | AP14: CB / ORIGEN COLOMBIA | AQ14: CB | AR14: ORIGEN COLOMBIA | AV14: CL / L | AW14: CL | AX14: L | BA14: CL - Centilitro | BB14: CL | BC14: Centilitro | BL14: 20 / B01801 -Otros Zinc Carbon/ Alcalinas | BM14: 20 | BN14: B01801 -Otros Zinc Carbon/ Alcalinas | BP14: AT / Austria | BQ14: AT | BR14: Austria | BT14: (*) Origen mercancía Regulación medio ambiente y para los impuestos especiales | BY14: 013 / Programa PLS (lácteos) | BZ14: 013 | CA14: Programa PLS (lácteos) | CC14: 013 / Vidrio Reciclado | CD14: 013 | CE14: Vidrio Reciclado | CG14: 013 / Diamantes de laboratorio | CH14: 013 | CI14: Diamantes de laboratorio | CM14: 013 / Priego de Córdoba | CN14: 013 | CO14: Priego de Córdoba | CQ14: LR / LA RIOJA | CR14: LR | CS14: LA RIOJA | CU14: 03 / UNE 155400 (prod, Hortofrutíco | CV14: 03 | CW14: UNE 155400 (prod, Hortofrutíco | CY14: 013 / Priego de Córdoba | CZ14: 013 | DA14: Priego de Córdoba | DC14: OR / ORIENTALES | DD14: OR | DE14: ORIENTALES | DK14: OB/Obrador | DL14: OB | DM14: Obrador | DO14: IM/Impulso | DP14: IM | DQ14: Impulso | DS14: A3/CUIDADO MASCULINO 3 | DT14: A3 | DU14: CUIDADO MASCULINO 3 | DW14: =CONCATENATE(DX14,"/",DY14) -> GE/Gourmet cluster 5+canarias | DX14: GE | DY14: Gourmet cluster 5+canarias | EA14: P002 / Vidrio Reciclado | EB14: P002 | EC14: Vidrio Reciclado | EG14: B / CANARIAS HIPER | EH14: B | EI14: CANARIAS HIPER | EK14: STM/RG Asturias M | EL14: STM | EM14: RG Asturias M | EQ14: 2 TRASLADO | ER14: 2 | ES14: TRASLADO | EU14: CP25 - Redondeo Capa 25% | EV14: CP25 | EW14: Redondeo Capa 25% | FA14: ZR / Pedido por Encargo (Frescos) | FB14: ZR | FC14: Pedido por Encargo (Frescos) | FE14: CP25 - Redondeo Capa 25% | FF14: CP25 | FG14: Redondeo Capa 25% | FI14: 202 / * GC MARTES 2ªSEM | FJ14: 202 | FK14: * GC MARTES 2ªSEM | FM14: ZR / Reserva | FN14: ZR | FO14: Reserva | FW14: Años | FX14: A | FZ14: 0013 | GA14: 0 | GB14: ABSORBA | GD14: SGE065 / AL MALPICA ZARAGOZA | GE14: SGE065 | GF14: AL MALPICA ZARAGOZA
D15: 188 / REFRIGERADOS Y LACTEOS | E15: 188 | F15: REFRIGERADOS Y LACTEOS | J15: HG / HECTOGRAMO | K15: HG | L15: HECTOGRAMO | N15: =CONCATENATE(O15,"/",P15) -> BARRITA/BARRITA | O15: BARRITA | P15: BARRITA | R15: =CONCATENATE(S15," / ",T15) -> 110 / POLLO PECHUGA | S15: 110 | T15: POLLO PECHUGA | AB15: A6 / CERVEZAS > 19 GP | AC15: A6 | AD15: CERVEZAS > 19 GP | AH15: GL / C/GLUTEN | AI15: GL | AJ15: C/GLUTEN | AL15: 000 / Sin Restricción | AM15: 000 | AN15: Sin Restricción | AP15: CC / FERIA DE CAMPANIA | AQ15: CC | AR15: FERIA DE CAMPANIA | AV15: ML / L | AW15: ML | AX15: L | BA15: DAG - Decagramo | BB15: DAG | BC15: Decagramo | BL15: 21 / B0120110 -Litio AAA< 50 gr. | BM15: 21 | BN15: B0120110 -Litio AAA< 50 gr. | BP15: AU / Australia | BQ15: AU | BR15: Australia | BY15: 014 / Programa vinos sost amfori | BZ15: 014 | CA15: Programa vinos sost amfori | CC15: 014 / Denim Reciclado | CD15: 014 | CE15: Denim Reciclado | CG15: 014 / Leather Working Group Gold | CH15: 014 | CI15: Leather Working Group Gold | CM15: 014 / Sierra de Cádiz | CN15: 014 | CO15: Sierra de Cádiz | CQ15: MA / MADRID | CR15: MA | CS15: MADRID | CU15: 04 / GLOBAL GAP | CV15: 04 | CW15: GLOBAL GAP | CY15: 014 / Sierra de Cádiz | CZ15: 014 | DA15: Sierra de Cádiz | DC15: TH / TIENDA HALAL | DD15: TH | DE15: TIENDA HALAL | DK15: PS/Pastelería | DL15: PS | DM15: Pastelería | DO15: MC/Master Chef | DP15: MC | DQ15: Master Chef | DS15: A4/CUIDADO MASCULINO 4 | DT15: A4 | DU15: CUIDADO MASCULINO 4 | DW15: =CONCATENATE(DX15,"/",DY15) -> GT/Supercor cluster 0 | DX15: GT | DY15: Supercor cluster 0 | EA15: P003 / FSC (100% o mixto) | EB15: P003 | EC15: FSC (100% o mixto) | EG15: C / TOTAL HIPER | EH15: C | EI15: TOTAL HIPER | EK15: STL/RG Asturias L | EL15: STL | EM15: RG Asturias L | EU15: CP40 - Redondeo Capa 40% | EV15: CP40 | EW15: Redondeo Capa 40% | FA15: ZV / SO estat y PP estático | FB15: ZV | FC15: SO estat y PP estático | FE15: CP40 - Redondeo Capa 40% | FF15: CP40 | FG15: Redondeo Capa 40% | FI15: 203 / * GC MIERCOLES 2ªSEM | FJ15: 203 | FK15: * GC MIERCOLES 2ªSEM | FW15: Días | FX15: D | FZ15: 0014 | GA15: 4 | GB15: DISPONIBLE0014 | GD15: SGE068 / AL ALBACETE | GE15: SGE068 | GF15: AL ALBACETE
D16: 189 / CONGELADOS | E16: 189 | F16: CONGELADOS | J16: HL / HECTOLITRO | K16: HL | L16: HECTOLITRO | N16: =CONCATENATE(O16,"/",P16) -> BAUL/BAUL | O16: BAUL | P16: BAUL | R16: =CONCATENATE(S16," / ",T16) -> 111 / POLLO SOLOMILLO | S16: 111 | T16: POLLO SOLOMILLO | AB16: A7 / CERVEZAS > 19 GP | AC16: A7 | AD16: CERVEZAS > 19 GP | AH16: MO / C/MOLUSCOS | AI16: MO | AJ16: C/MOLUSCOS | AP16: CH / PANEL PVP(CHEQUEOS COMP | AQ16: CH | AR16: PANEL PVP(CHEQUEOS COMP | AV16: CM3 / L | AW16: CM3 | AX16: L | BA16: DAL - Decalitro | BB16: DAL | BC16: Decalitro | BL16: 22 / B0120120 -Litio AA< 50 gr. | BM16: 22 | BN16: B0120120 -Litio AA< 50 gr. | BP16: AW / Aruba | BQ16: AW | BR16: Aruba | BY16: 015 / Certif. FSC | BZ16: 015 | CA16: Certif. FSC | CC16: 015 / Algodón Reciclado | CD16: 015 | CE16: Algodón Reciclado | CM16: 015 / Sierra de Cazorla | CN16: 015 | CO16: Sierra de Cazorla | CQ16: MU / MURCIA | CR16: MU | CS16: MURCIA | CU16: 05 / LEAF MARQUE | CV16: 05 | CW16: LEAF MARQUE | CY16: 015 / Sierra de Cazorla | CZ16: 015 | DA16: Sierra de Cazorla | DC16: PK / PRODUCTOS KOSHER | DD16: PK | DE16: PRODUCTOS KOSHER | DK16: P1/Pastelería Mostrados G.Propia | DL16: P1 | DM16: Pastelería Mostrados G.Propia | DO16: MH/Mostrador Charcutería | DP16: MH | DQ16: Mostrador Charcutería | DS16: A5/CUIDADO MASCULINO 5 | DT16: A5 | DU16: CUIDADO MASCULINO 5 | DW16: =CONCATENATE(DX16,"/",DY16) -> GU/Supercor cluster 1 | DX16: GU | DY16: Supercor cluster 1 | EA16: P004 / Ángel Azul (papelería) | EB16: P004 | EC16: Ángel Azul (papelería) | EK16: STXL/RG Asturias XL | EL16: STXL | EM16: RG Asturias XL | EU16: CP50 - Redondeo Capa 50% | EV16: CP50 | EW16: Redondeo Capa 50% | FA16: ZW / Surt.opcional WEB (Fres) | FB16: ZW | FC16: Surt.opcional WEB (Fres) | FE16: CP50 - Redondeo Capa 50% | FF16: CP50 | FG16: Redondeo Capa 50% | FI16: 204 / * GC JUEVES 2ªSEM | FJ16: 204 | FK16: * GC JUEVES 2ªSEM | FW16: Meses | FX16: M | FZ16: 0015 | GA16: 0 | GB16: AGORA | GD16: SGE069 / AL ALTAMIRA A CORUÑA | GE16: SGE069 | GF16: AL ALTAMIRA A CORUÑA
D17: 206 / DULCES Y DESAYUNOS | E17: 206 | F17: DULCES Y DESAYUNOS | J17: KG / KILOGRAMO | K17: KG | L17: KILOGRAMO | N17: =CONCATENATE(O17,"/",P17) -> BIB/BAG IN BOX | O17: BIB | P17: BAG IN BOX | R17: =CONCATENATE(S17," / ",T17) -> 112 / POLLO TRASEROS | S17: 112 | T17: POLLO TRASEROS | X17: CONTROL_PRECIO | Y17: SAP | Z17: Descripción | AB17: A7 / ALCOHOL Y DERIV CANARIAS | AC17: A7 | AD17: ALCOHOL Y DERIV CANARIAS | AH17: SE / C/SESAMO | AI17: SE | AJ17: C/SESAMO | AP17: CI / CARGA INICIAL | AQ17: CI | AR17: CARGA INICIAL | AV17: ML / DL | AW17: ML | AX17: DL | BA17: DL - Decilitro | BB17: DL | BC17: Decilitro | BL17: 23 / B0120130 -Litio < 20 gr. | BM17: 23 | BN17: B0120130 -Litio < 20 gr. | BP17: AX / Aland Islands | BQ17: AX | BR17: Aland Islands | BY17: 016 / Certif. PEFC | BZ17: 016 | CA17: Certif. PEFC | CC17: 016 / Neumático reciclado | CD17: 016 | CE17: Neumático reciclado | CM17: 016 / Sierra de Segura | CN17: 016 | CO17: Sierra de Segura | CQ17: NV / NAVARRA | CR17: NV | CS17: NAVARRA | CU17: 06 / MSC PESCA SOSTENIBLE | CV17: 06 | CW17: MSC PESCA SOSTENIBLE | CY17: 016 / Sierra de Segura | CZ17: 016 | DA17: Sierra de Segura | DC17: TE / TESCO | DD17: TE | DE17: TESCO | DK17: P2/Pan Gestión Propia | DL17: P2 | DM17: Pan Gestión Propia | DO17: MM/Maestro Di Modena | DP17: MM | DQ17: Maestro Di Modena | DS17: P1/Productos capilares 1 | DT17: P1 | DU17: Productos capilares 1 | DW17: =CONCATENATE(DX17,"/",DY17) -> GV/Supercor cluster 2 | DX17: GV | DY17: Supercor cluster 2 | EA17: P005 / FSC Reciclado | EB17: P005 | EC17: FSC Reciclado | EK17: RBXS/RG Baleares XS | EL17: RBXS | EM17: RG Baleares XS | EU17: CP60 - Redondeo Capa 60% | EV17: CP60 | EW17: Redondeo Capa 60% | FA17: ZY / Reposición Agenda Host | FB17: ZY | FC17: Reposición Agenda Host | FE17: CP60 - Redondeo Capa 60% | FF17: CP60 | FG17: Redondeo Capa 60% | FI17: 205 / * GC VIERNES 2ªSEM | FJ17: 205 | FK17: * GC VIERNES 2ªSEM | FW17: Semanas | FX17: S | FZ17: 0016 | GA17: 0 | GB17: AGUILAR | GD17: SGE070 / AL COBALTO VALLADOLID | GE17: SGE070 | GF17: AL COBALTO VALLADOLID
D18: 207 / NUTRICION Y BIENESTAR | E18: 207 | F18: NUTRICION Y BIENESTAR | J18: L / LITRO | K18: L | L18: LITRO | N18: =CONCATENATE(O18,"/",P18) -> BIDON/BIDON | O18: BIDON | P18: BIDON | R18: =CONCATENATE(S18," / ",T18) -> 113 / POLLO TROCEADO | S18: 113 | T18: POLLO TROCEADO | X18: / Sin control | Z18: Sin control | AB18: A8 / ALCOHOL Y DERIV CANARIAS | AC18: A8 | AD18: ALCOHOL Y DERIV CANARIAS | AH18: AP / C/APIO | AI18: AP | AJ18: C/APIO | AP18: CL / FERIA DE CASTILLA Y LEÓN | AQ18: CL | AR18: FERIA DE CASTILLA Y LEÓN | AV18: UNI / UNI | AW18: UNI | AX18: UNI | BA18: DEG - Grado | BB18: DEG | BC18: Grado | BH18: TEMPERATURA | BI18: SAP | BJ18: Descripcion | BL18: 24 / B0120140 -Litio 20- 40 gr. | BM18: 24 | BN18: B0120140 -Litio 20- 40 gr. | BP18: AZ / Azerbaiyán | BQ18: AZ | BR18: Azerbaiyán | BY18: 017 / Madera justa | BZ18: 017 | CA18: Madera justa | CC18: 017 / Oro reciclado | CD18: 017 | CE18: Oro reciclado | CM18: 017 / Sierra Mágina | CN18: 017 | CO18: Sierra Mágina | CQ18: PV / PAIS VASCO | CR18: PV | CS18: PAIS VASCO | CU18: 07 / FOS PESCA SOSTENIBLE | CV18: 07 | CW18: FOS PESCA SOSTENIBLE | CY18: 017 / Sierra Mágina | CZ18: 017 | DA18: Sierra Mágina | DC18: MC / MACEDONIA | DD18: MC | DE18: MACEDONIA | DK18: P3/Graneles Gestión Propias | DL18: P3 | DM18: Graneles Gestión Propias | DO18: MN/Mesas de Navidad | DP18: MN | DQ18: Mesas de Navidad | DS18: P2/Productos capilares 2 | DT18: P2 | DU18: Productos capilares 2 | DW18: =CONCATENATE(DX18,"/",DY18) -> GW/Supercor cluster 3 | DX18: GW | DY18: Supercor cluster 3 | EA18: P006 / PEFC (100% misxto) | EB18: P006 | EC18: PEFC (100% misxto) | EK18: RBS/RG Baleares S | EL18: RBS | EM18: RG Baleares S | EU18: CP65 - Redondeo Capa 65% | EV18: CP65 | EW18: Redondeo Capa 65% | FA18: ZZ / Sólo previsión sin reapro | FB18: ZZ | FC18: Sólo previsión sin reapro | FE18: CP65 - Redondeo Capa 65% | FF18: CP65 | FG18: Redondeo Capa 65% | FI18: 211 / * GC LUNES 1/3ªSEM | FJ18: 211 | FK18: * GC LUNES 1/3ªSEM | FZ18: 0017 | GA18: 0 | GB18: AGV | GD18: SGE071 / AL ATALAYAS ALICANTE | GE18: SGE071 | GF18: AL ATALAYAS ALICANTE
D19: 209 / ULTRAMARINOS DIVERSOS | E19: 209 | F19: ULTRAMARINOS DIVERSOS | J19: M / METRO | K19: M | L19: METRO | N19: =CONCATENATE(O19,"/",P19) -> BLIST./BLISTER | O19: BLIST. | P19: BLISTER | R19: =CONCATENATE(S19," / ",T19) -> 114 / PREPARADO COCID | S19: 114 | T19: PREPARADO COCID | X19: 1 / Fecha de pedido | Y19: 1 | Z19: Fecha de pedido | AB19: A8 / PROD. INTERMED. CANARIAS | AC19: A8 | AD19: PROD. INTERMED. CANARIAS | AH19: SO / C/SOJA | AI19: SO | AJ19: C/SOJA | AL19: Reapro | AP19: CM / ORIGEN CASTILLA-LA MANC | AQ19: CM | AR19: ORIGEN CASTILLA-LA MANC | AV19: UNI / DOC | AW19: UNI | AX19: DOC | BA19: DM - Decimetro | BB19: DM | BC19: Decimetro | BH19: 01 / AMBIENTE | BI19: 01 | BJ19: AMBIENTE | BL19: 25 / B0120140 -Litio > 41 gr. | BM19: 25 | BN19: B0120140 -Litio > 41 gr. | BP19: BA / Bosnia-Herz. | BQ19: BA | BR19: Bosnia-Herz. | BY19: 018 / Certif. Ecocert | BZ19: 018 | CA19: Certif. Ecocert | CC19: 018 / Otros materiales reciclados | CD19: 018 | CE19: Otros materiales reciclados | CM19: 018 / Siurana | CN19: 018 | CO19: Siurana | CQ19: EM / ALEMANIA | CR19: EM | CS19: ALEMANIA | CU19: 08 / DOLPHIN SAFE | CV19: 08 | CW19: DOLPHIN SAFE | CY19: 018 / Siurana | CZ19: 018 | DA19: Siurana | DK19: P4/Pastelería M G.Propia Canaria | DL19: P4 | DM19: Pastelería M G.Propia Canaria | DO19: M1/Maestro Di Modena Reducido | DP19: M1 | DQ19: Maestro Di Modena Reducido | DS19: P3/Productos capilares 3 | DT19: P3 | DU19: Productos capilares 3 | DW19: =CONCATENATE(DX19,"/",DY19) -> GG/Supercor cluster 4 | DX19: GG | DY19: Supercor cluster 4 | EK19: RBM/RG Baleares M | EL19: RBM | EM19: RG Baleares M | EU19: CP70 - Redondeo Capa 70% | EV19: CP70 | EW19: Redondeo Capa 70% | FE19: CP70 - Redondeo Capa 70% | FF19: CP70 | FG19: Redondeo Capa 70% | FI19: 212 / * GC MARTES 1/3ªSEM | FJ19: 212 | FK19: * GC MARTES 1/3ªSEM | FZ19: 0018 | GA19: 0 | GB19: AIR FRESH | GD19: SGE072 / AL EL GORO LAS PALMAS | GE19: SGE072 | GF19: AL EL GORO LAS PALMAS
D20: 219 / MASCOTAS | E20: 219 | F20: MASCOTAS | J20: M2 / METRO CUADRADO | K20: M2 | L20: METRO CUADRADO | N20: =CONCATENATE(O20,"/",P20) -> BLISTER/BLISTER | O20: BLISTER | P20: BLISTER | R20: =CONCATENATE(S20," / ",T20) -> 115 / PRUEBA+ | S20: 115 | T20: PRUEBA+ | X20: 2 / Fecha de entrega | Y20: 2 | Z20: Fecha de entrega | AB20: AL / PROD. INTERMED. CANARIAS | AC20: AL | AD20: PROD. INTERMED. CANARIAS | AH20: PE / C/PESCADO | AI20: PE | AJ20: C/PESCADO | AL20: 01 / AUTOVENTA | AM20: 01 | AN20: AUTOVENTA | AP20: CN / ORIGEN CANADA | AQ20: CN | AR20: ORIGEN CANADA | AV20: DS / DS | AW20: DS | AX20: DS | BA20: TR - Tambor | BB20: TR | BC20: Tambor | BH20: 02 / CHILLED | BI20: 02 | BJ20: CHILLED | BL20: 26 / B01802 -Otros Litio | BM20: 26 | BN20: B01802 -Otros Litio | BP20: BB / Barbados | BQ20: BB | BR20: Barbados | BY20: 019 / Certif. Welfare Quality | BZ20: 019 | CA20: Certif. Welfare Quality | CC20: 019 / Pluma Reciclada | CD20: 019 | CE20: Pluma Reciclada | CM20: 019 / Carne de Ávila | CN20: 019 | CO20: Carne de Ávila | CQ20: AR / ARGENTINA | CR20: AR | CS20: ARGENTINA | CU20: 09 / KRAV | CV20: 09 | CW20: KRAV | CY20: 019 / Carne de Ávila | CZ20: 019 | DA20: Carne de Ávila | DK20: P5/Pan Gestión Propia Canarias | DL20: P5 | DM20: Pan Gestión Propia Canarias | DO20: NT/Nutrisport | DP20: NT | DQ20: Nutrisport | DS20: P4/Productos capilares 4 | DT20: P4 | DU20: Productos capilares 4 | DW20: =CONCATENATE(DX20,"/",DY20) -> GX/Supercor cluster 0+Canarias | DX20: GX | DY20: Supercor cluster 0+Canarias | EK20: RBL/RG Baleares L | EL20: RBL | EM20: RG Baleares L | EQ20: PLAT_PERFIL_DISTRB | ER20: SAP | ES20: Descripcion | EU20: CP80 - Redondeo Capa 80% | EV20: CP80 | EW20: Redondeo Capa 80% | FE20: CP80 - Redondeo Capa 80% | FF20: CP80 | FG20: Redondeo Capa 80% | FI20: 213 / * GC MIERC. 1/3ªSEM | FJ20: 213 | FK20: * GC MIERC. 1/3ªSEM | FZ20: 0019 | GA20: 4 | GB20: DISPONIBLE0019 | GD20: SGE073 / AL LEON | GE20: SGE073 | GF20: AL LEON
D21: 239 / OBRADOR | E21: 239 | F21: OBRADOR | J21: M3 / METRO CUBICO | K21: M3 | L21: METRO CUBICO | N21: =CONCATENATE(O21,"/",P21) -> BLOCO/BLOCO | O21: BLOCO | P21: BLOCO | R21: =CONCATENATE(S21," / ",T21) -> 116 / PRUEBA1 | S21: 116 | T21: PRUEBA1 | X21: 3 / Fecha del dia | Y21: 3 | Z21: Fecha del dia | AB21: AL / BEB. ESPIRITUOSAS (ALC) | AC21: AL | AD21: BEB. ESPIRITUOSAS (ALC) | AH21: FC / C/FRUTOS CASCARA | AI21: FC | AJ21: C/FRUTOS CASCARA | AL21: 02 / DIRECTO | AM21: 02 | AN21: DIRECTO | AP21: CR / ORIGEN PAISES DEL CARIB | AQ21: CR | AR21: ORIGEN PAISES DEL CARIB | AV21: CM / M | AW21: CM | AX21: M | BA21: DS - Dosis | BB21: DS | BC21: Dosis | BH21: 05 / FROZEN | BI21: 05 | BJ21: FROZEN | BL21: 27 / C0140110 -Niquel Cadmio (Ni.Cd)< 50 gr. | BM21: 27 | BN21: C0140110 -Niquel Cadmio (Ni.Cd)< 50 gr. | BP21: BD / Bangladesh | BQ21: BD | BR21: Bangladesh | BY21: 020 / Certif. ANDA | BZ21: 020 | CA21: Certif. ANDA | CC21: 020 / Polyester Reciclado | CD21: 020 | CE21: Polyester Reciclado | CM21: 020 / Carne de Cantabria | CN21: 020 | CO21: Carne de Cantabria | CQ21: AT / AUSTRALIA | CR21: AT | CS21: AUSTRALIA | CU21: 10 / FREEDOM FOOD (LIBERTAD Y ALIME | CV21: 10 | CW21: FREEDOM FOOD (LIBERTAD Y ALIME | CY21: 020 / Carne de Cantabria | CZ21: 020 | DA21: Carne de Cantabria | DK21: P6/Graneles G.Propias Canarias | DL21: P6 | DM21: Graneles G.Propias Canarias | DO21: ND/Nutricion Deportiva | DP21: ND | DQ21: Nutricion Deportiva | DS21: BX/Higiene Bucal Grande | DT21: BX | DU21: Higiene Bucal Grande | DW21: =CONCATENATE(DX21,"/",DY21) -> GY/Supercor cluster 1+Canarias | DX21: GY | DY21: Supercor cluster 1+Canarias | EG21: REG_SUPERCOR | EH21: SAP | EI21: Descripcion | EK21: RBXL/RG Baleares XL | EL21: RBXL | EM21: RG Baleares XL | EQ21: ZAG / COMPRA AGRUPADA | ER21: ZAG | ES21: COMPRA AGRUPADA | EU21: CV10 - Redondeo Capa Venta 10% | EV21: CV10 | EW21: Redondeo Capa Venta 10% | FE21: CV10 - Redondeo Capa Venta 10% | FF21: CV10 | FG21: Redondeo Capa Venta 10% | FI21: 214 / * GC JUEVES 1/3ªSEM | FJ21: 214 | FK21: * GC JUEVES 1/3ªSEM | FZ21: 0020 | GA21: 0 | GB21: AIRIS | GD21: SGE074 / AL MALLORCA | GE21: SGE074 | GF21: AL MALLORCA
D22: 395 / BAR GOURMET | E22: 395 | F22: BAR GOURMET | J22: MG / MILIGRAMO | K22: MG | L22: MILIGRAMO | N22: =CONCATENATE(O22,"/",P22) -> BLOQUE/BLOQUE | O22: BLOQUE | P22: BLOQUE | R22: =CONCATENATE(S22," / ",T22) -> 117 / PRUEBA2 | S22: 117 | T22: PRUEBA2 | X22: 4 / Manualmente | Y22: 4 | Z22: Manualmente | AB22: C1 / CERVEZAS 0,5 Y < 1,2 % | AC22: C1 | AD22: CERVEZAS 0,5 Y < 1,2 % | AH22: SU / C/SULFITOS | AI22: SU | AJ22: C/SULFITOS | AL22: 03 / AGRUPADO | AM22: 03 | AN22: AGRUPADO | AP22: DD / SERIE D | AQ22: DD | AR22: SERIE D | AV22: GNE / KG | AW22: GNE | AX22: KG | BA22: DOC - Docena | BB22: DOC | BC22: Docena | BL22: 28 / C0140120 -Niquel Cadmio (Ni.Cd)51-170 gr. | BM22: 28 | BN22: C0140120 -Niquel Cadmio (Ni.Cd)51-170 gr. | BP22: BE / Bélgica | BQ22: BE | BR22: Bélgica | BY22: 021 / Certif. cruelty free | BZ22: 021 | CA22: Certif. cruelty free | CC22: 021 / RCS 100 | CD22: 021 | CE22: RCS 100 | CM22: 021 / Carne de la Sierra de Guadarra | CN22: 021 | CO22: Carne de la Sierra de Guadarra | CQ22: ET / AUSTRIA | CR22: ET | CS22: AUSTRIA | CU22: 11 / HUELLA DE CARBONO (MEDICIÓN) | CV22: 11 | CW22: HUELLA DE CARBONO (MEDICIÓN) | CY22: 021 / Carne de la Sierra de Guadarra | CZ22: 021 | DA22: Carne de la Sierra de Guadarra | DK22: PA/Pan Gestión Propia Europastry | DL22: PA | DM22: Pan Gestión Propia Europastry | DO22: PE/Productos para Extranjeros | DP22: PE | DQ22: Productos para Extranjeros | DS22: BY/Higiene Bucal Pequeño | DT22: BY | DU22: Higiene Bucal Pequeño | DW22: =CONCATENATE(DX22,"/",DY22) -> GZ/Supercor cluster 2+Canarias | DX22: GZ | DY22: Supercor cluster 2+Canarias | EG22: P / PENINSULA SUPERCOR | EH22: P | EI22: PENINSULA SUPERCOR | EK22: TAXS/RG Cantabria XS | EL22: TAXS | EM22: RG Cantabria XS | EU22: CV25 - Redondeo Capa Venta 25% | EV22: CV25 | EW22: Redondeo Capa Venta 25% | FE22: CV25 - Redondeo Capa Venta 25% | FF22: CV25 | FG22: Redondeo Capa Venta 25% | FI22: 215 / * GC VIERN. 1/3ªSEM | FJ22: 215 | FK22: * GC VIERN. 1/3ªSEM | FZ22: 0021 | GA22: 4 | GB22: DISPONIBLE0021 | GD22: SGE075 / AL POL.ASEGRA GRANADA | GE22: SGE075 | GF22: AL POL.ASEGRA GRANADA
D23: 619 / DROGUERÍA PERFUMERIA | E23: 619 | F23: DROGUERÍA PERFUMERIA | J23: ML / MILILITRO | K23: ML | L23: MILILITRO | N23: =CONCATENATE(O23,"/",P23) -> BOIAO/BOIAO | O23: BOIAO | P23: BOIAO | R23: =CONCATENATE(S23," / ",T23) -> 118 / PRUEBA3 | S23: 118 | T23: PRUEBA3 | X23: 5 / Fecha EM | Y23: 5 | Z23: Fecha EM | AB23: C2 / CERVEZA >1,2% Y < 8 GP | AC23: C2 | AD23: CERVEZA >1,2% Y < 8 GP | AH23: CR / C/CRUSTACEOS | AI23: CR | AJ23: C/CRUSTACEOS | AL23: 04 / ALMACEN | AM23: 04 | AN23: ALMACEN | AP23: DV / MCIA CON ORDEN DE DEVOL | AQ23: DV | AR23: MCIA CON ORDEN DE DEVOL | AV23: GNE / GHG | AW23: GNE | AX23: GHG | BA23: E00 - Caja | BB23: E00 | BC23: Caja | BL23: 29 / C0140130 -Niquel Cadmio (Ni.Cd)171-380 | BM23: 29 | BN23: C0140130 -Niquel Cadmio (Ni.Cd)171-380 | BP23: BF / Burkina Faso | BQ23: BF | BR23: Burkina Faso | BY23: 022 / Better Cotton Initiative (BCI) | BZ23: 022 | CA23: Better Cotton Initiative (BCI) | CC23: 022 / RCS Blended | CD23: 022 | CE23: RCS Blended | CM23: 022 / Carne de Morucha de Salamanca | CN23: 022 | CO23: Carne de Morucha de Salamanca | CQ23: EL / BELGICA | CR23: EL | CS23: BELGICA | CU23: 12 / COMERCIO JUSTO | CV23: 12 | CW23: COMERCIO JUSTO | CY23: 022 / Carne de Morucha de Salamanca | CZ23: 022 | DA23: Carne de Morucha de Salamanca | DK23: GP/Graneles G. Propia Europastry | DL23: GP | DM23: Graneles G. Propia Europastry | DO23: PM/Premium | DP23: PM | DQ23: Premium | DS23: CA/Canarias | DT23: CA | DU23: Canarias | DW23: =CONCATENATE(DX23,"/",DY23) -> BD/Barra Degustación | DX23: BD | DY23: Barra Degustación | EG23: I / CANARIAS SUPERCOR | EH23: I | EI23: CANARIAS SUPERCOR | EK23: TAS/RG Cantabria S | EL23: TAS | EM23: RG Cantabria S | EU23: CV40 - Redondeo Capa Venta 40% | EV23: CV40 | EW23: Redondeo Capa Venta 40% | FE23: CV40 - Redondeo Capa Venta 40% | FF23: CV40 | FG23: Redondeo Capa Venta 40% | FI23: 221 / * GC LUNES 2/4ªSEM | FJ23: 221 | FK23: * GC LUNES 2/4ªSEM | FZ23: 0022 | GA23: 4 | GB23: DISPONIBLE0022 | GD23: SGE076 / AL CORDOBA | GE23: SGE076 | GF23: AL CORDOBA
D24: 625 / CAMPAÑA DE FIDELIZACION | E24: 625 | F24: CAMPAÑA DE FIDELIZACION | J24: T / TONELADA | K24: T | L24: TONELADA | N24: =CONCATENATE(O24,"/",P24) -> BOL/BOL | O24: BOL | P24: BOL | R24: =CONCATENATE(S24," / ",T24) -> 119 / RECENTAL CANAL | S24: 119 | T24: RECENTAL CANAL | AB24: C3 / CERV. > 1,2% Y 8 < 11 GP | AC24: C3 | AD24: CERV. > 1,2% Y 8 < 11 GP | AH24: MZ / C/MOSTAZA | AI24: MZ | AJ24: C/MOSTAZA | AP24: EA / ESCOCIA | AQ24: EA | AR24: ESCOCIA | AV24: CAC / CAC | AW24: CAC | AX24: CAC | BA24: C/U - cada uno | BB24: C/U | BC24: cada uno | BL24: 3 / A0130210 -Óxido de Plata< 3 gr. | BM24: 3 | BN24: A0130210 -Óxido de Plata< 3 gr. | BP24: BG / Bulgaria | BQ24: BG | BR24: Bulgaria | BY24: 023 / Cotton made in Africa (CmiA) | BZ24: 023 | CA24: Cotton made in Africa (CmiA) | CC24: 023 / Refibra | CD24: 023 | CE24: Refibra | CM24: 023 / Carne de Vacuno del País o Eus | CN24: 023 | CO24: Carne de Vacuno del País o Eus | CQ24: BO / BOLIVIA | CR24: BO | CS24: BOLIVIA | CU24: 13 / RAINFOREST ALLIANCE | CV24: 13 | CW24: RAINFOREST ALLIANCE | CY24: 023 / Carne de Vacuno del País o Eus | CZ24: 023 | DA24: Carne de Vacuno del País o Eus | DK24: GE/Pasteleria GP Europastry | DL24: GE | DM24: Pasteleria GP Europastry | DO24: CP/Conservas Pescado Premium | DP24: CP | DQ24: Conservas Pescado Premium | DS24: WE/Web | DT24: WE | DU24: Web | DW24: =CONCATENATE(DX24,"/",DY24) -> BE/Barra Degustación Especial | DX24: BE | DY24: Barra Degustación Especial | EG24: T / TOTAL SUPERCOR | EH24: T | EI24: TOTAL SUPERCOR | EK24: TAM/RG Cantabria M | EL24: TAM | EM24: RG Cantabria M | EU24: CV50 - Redondeo Capa Venta 50% | EV24: CV50 | EW24: Redondeo Capa Venta 50% | FE24: CV50 - Redondeo Capa Venta 50% | FF24: CV50 | FG24: Redondeo Capa Venta 50% | FI24: 222 / * GC MARTES 2/4ªSEM | FJ24: 222 | FK24: * GC MARTES 2/4ªSEM | FM24: 0 | FZ24: 0023 | GA24: 0 | GB24: ALFA | GD24: SGE077 / AL SANTANDER | GE24: SGE077 | GF24: AL SANTANDER
D25: 663 / COCINA CENTRAL | E25: 663 | F25: COCINA CENTRAL | J25: TAB / TABLETA | K25: TAB | L25: TABLETA | N25: =CONCATENATE(O25,"/",P25) -> BOLSA/BOLSA | O25: BOLSA | P25: BOLSA | R25: =CONCATENATE(S25," / ",T25) -> 12 / AÑOJO MAGRA | S25: 12 | T25: AÑOJO MAGRA | AB25: C4 / CERV. > 1,2% >=11 < 13GP | AC25: C4 | AD25: CERV. > 1,2% >=11 < 13GP | AH25: AV / APTO VEGETARIANOS | AI25: AV | AJ25: APTO VEGETARIANOS | AP25: EB / PRODUCTOS ESCANDINAVOS | AQ25: EB | AR25: PRODUCTOS ESCANDINAVOS | AV25: TAB / TAB | AW25: TAB | AX25: TAB | BA25: RS - Unid.enzim | BB25: RS | BC25: Unid.enzim | BL25: 30 / C0140140 -Niquel Cadmio (Ni.Cd)380- 499 | BM25: 30 | BN25: C0140140 -Niquel Cadmio (Ni.Cd)380- 499 | BP25: BH / Bahráin | BQ25: BH | BR25: Bahráin | BY25: 024 / Certif. GOTS | BZ25: 024 | CA25: Certif. GOTS | CM25: 024 / Cordero de las Sierras de Segu | CN25: 024 | CO25: Cordero de las Sierras de Segu | CQ25: FR / BRASIL | CR25: FR | CS25: BRASIL | CU25: 14 / BIENESTAR ANIMAL | CV25: 14 | CW25: BIENESTAR ANIMAL | CY25: 024 / Cordero de las Sierras de Segu | CZ25: 024 | DA25: Cordero de las Sierras de Segu | DK25: BP/Surtido Bakery | DL25: BP | DM25: Surtido Bakery | DO25: PX/Productos Extranjeros Ampliado | DP25: PX | DQ25: Productos Extranjeros Ampliado | DS25: D1/Desodorantes 1 | DT25: D1 | DU25: Desodorantes 1 | DW25: =CONCATENATE(DX25,"/",DY25) -> DR/Dvd Reino Unido | DX25: DR | DY25: Dvd Reino Unido | EG25: G / PENINSULA SUPERCOR SIN MALLORC | EH25: G | EI25: PENINSULA SUPERCOR SIN MALLORC | EK25: TAL/RG Cantabria L | EL25: TAL | EM25: RG Cantabria L | EU25: CV60 - Redondeo Capa Venta 60% | EV25: CV60 | EW25: Redondeo Capa Venta 60% | FE25: CV60 - Redondeo Capa Venta 60% | FF25: CV60 | FG25: Redondeo Capa Venta 60% | FI25: 223 / * GC MIERC. 2/4ªSEM | FJ25: 223 | FK25: * GC MIERC. 2/4ªSEM | FZ25: 0024 | GA25: 4 | GB25: DISPONIBLE0024 | GD25: SGE078 / AL EL NEVERO BADAJOZ | GE25: SGE078 | GF25: AL EL NEVERO BADAJOZ
D26: 680 / COMPRAS TDC | E26: 680 | F26: COMPRAS TDC | J26: UNI / UNIDAD | K26: UNI | L26: UNIDAD | N26: =CONCATENATE(O26,"/",P26) -> BOLSITA/BOLSITA | O26: BOLSITA | P26: BOLSITA | R26: =CONCATENATE(S26," / ",T26) -> 120 / BBC RECENTAL CHULETAS | S26: 120 | T26: BBC RECENTAL CHULETAS | AB26: C5 / CERV. > 1,2% >=13 < 15GP | AC26: C5 | AD26: CERV. > 1,2% >=13 < 15GP | AH26: BG / BAJO GRASA | AI26: BG | AJ26: BAJO GRASA | AP26: EC / ORIGEN ECUADOR | AQ26: EC | AR26: ORIGEN ECUADOR | AV26: M2 / M2 | AW26: M2 | AX26: M2 | BA26: EML - Enzim./ml. | BB26: EML | BC26: Enzim./ml. | BL26: 31 / C0140150 -Niquel Cadmio (Ni.Cd)>500 gr. | BM26: 31 | BN26: C0140150 -Niquel Cadmio (Ni.Cd)>500 gr. | BP26: BI / Burundi | BQ26: BI | BR26: Burundi | BY26: 025 / Certif. OCS | BZ26: 025 | CA26: Certif. OCS | CM26: 025 / Cordero de Navarra | CN26: 025 | CO26: Cordero de Navarra | CQ26: BR / BRASIL | CR26: BR | CS26: BRASIL | CU26: 15 / ENVASE SOSTENIBLE | CV26: 15 | CW26: ENVASE SOSTENIBLE | CY26: 025 / Cordero de Navarra | CZ26: 025 | DA26: Cordero de Navarra | DK26: VD/Vending | DL26: VD | DM26: Vending | DO26: RC/Refrigerados y Congelados | DP26: RC | DQ26: Refrigerados y Congelados | DS26: C1/Productos Corporales 1 | DT26: C1 | DU26: Productos Corporales 1 | DW26: =CONCATENATE(DX26,"/",DY26) -> DI/Dvd Irlanda | DX26: DI | DY26: Dvd Irlanda | EG26: H / TOTAL SUPERCOR SIN MALLORCA | EH26: H | EI26: TOTAL SUPERCOR SIN MALLORCA | EK26: TAXL/RG Cantabria XL | EL26: TAXL | EM26: RG Cantabria XL | EU26: CV65 - Redondeo Capa Venta 65% | EV26: CV65 | EW26: Redondeo Capa Venta 65% | FE26: CV65 - Redondeo Capa Venta 65% | FF26: CV65 | FG26: Redondeo Capa Venta 65% | FI26: 224 / * GC JUEVES 2/4ªSEM | FJ26: 224 | FK26: * GC JUEVES 2/4ªSEM | FZ26: 0025 | GA26: 2 | GB26: ALIA | GD26: SGE079 / AL HUELVA | GE26: SGE079 | GF26: AL HUELVA
D27: 681 / COMPRAS TDC | E27: 681 | F27: COMPRAS TDC | N27: =CONCATENATE(O27,"/",P27) -> BOMBONA/BOMBONA | O27: BOMBONA | P27: BOMBONA | R27: =CONCATENATE(S27," / ",T27) -> 121 / RECENTAL FAL-CU | S27: 121 | T27: RECENTAL FAL-CU | AB27: C6 / CERV. > 1,2% >15 GP | AC27: C6 | AD27: CERV. > 1,2% >15 GP | AH27: VE / APTO VEGANOS | AI27: VE | AJ27: APTO VEGANOS | AL27: Segmentación Mercado | AP27: ED / DINAMARCA | AQ27: ED | AR27: DINAMARCA | AV27: CM2 / M2 | AW27: CM2 | AX27: M2 | BA27: FOM - Artículo Embalado | BB27: FOM | BC27: Artículo Embalado | BH27: AMBITO_PRECIOS | BI27: SAP | BJ27: Descripcion | BL27: 32 / C0150110 -Niquel Metal Hidruro (Ni.Mh)< 50 gr. | BM27: 32 | BN27: C0150110 -Niquel Metal Hidruro (Ni.Mh)< 50 gr. | BP27: BJ / Benín | BQ27: BJ | BR27: Benín | BY27: 026 / Responsible Wool Standard | BZ27: 026 | CA27: Responsible Wool Standard | CM27: 026 / Cordero Manchego | CN27: 026 | CO27: Cordero Manchego | CQ27: GB / BULGARIA | CR27: GB | CS27: BULGARIA | CU27: 16 / CERTIFICACIÓN MEDIOAMBIENTAL ( | CV27: 16 | CW27: CERTIFICACIÓN MEDIOAMBIENTAL ( | CY27: 026 / Cordero Manchego | CZ27: 026 | DA27: Cordero Manchego | DK27: SG/Repsol S&G | DL27: SG | DM27: Repsol S&G | DO27: GN/Granel 207 GRANDE | DP27: GN | DQ27: Granel 207 GRANDE | DS27: C2/Productos Corporales 2 | DT27: C2 | DU27: Productos Corporales 2 | DW27: =CONCATENATE(DX27,"/",DY27) -> DH/Dvd Holanda | DX27: DH | DY27: Dvd Holanda | EG27: L / PENINSULA SUPERCOR FRESCOS | EH27: L | EI27: PENINSULA SUPERCOR FRESCOS | EK27: RLXS/RG Castilla León XS | EL27: RLXS | EM27: RG Castilla León XS | EU27: CV70 - Redondeo Capa Venta 70% | EV27: CV70 | EW27: Redondeo Capa Venta 70% | FE27: CV70 - Redondeo Capa Venta 70% | FF27: CV70 | FG27: Redondeo Capa Venta 70% | FI27: 225 / * GC VIERNES 2/4ªSEM | FJ27: 225 | FK27: * GC VIERNES 2/4ªSEM | FZ27: 0026 | GA27: 2 | GB27: ALIADA | GD27: SGE080 / AL PTO. STA. MARIA CADIZ | GE27: SGE080 | GF27: AL PTO. STA. MARIA CADIZ
D28: 927 / GOURMET EXPERIENCE | E28: 927 | F28: GOURMET EXPERIENCE | N28: =CONCATENATE(O28,"/",P28) -> BOT/BOTELLA | O28: BOT | P28: BOTELLA | R28: =CONCATENATE(S28," / ",T28) -> 122 / RECENTAL PALETI | S28: 122 | T28: RECENTAL PALETI | AB28: G0 / CERVEZAS <= 1.2 % VOL. | AC28: G0 | AD28: CERVEZAS <= 1.2 % VOL. | AL28: SE / Sensible | AM28: SE | AN28: Sensible | AP28: EE / FERIA ALIM. EUROPA P. D | AQ28: EE | AR28: FERIA ALIM. EUROPA P. D | AV28: KG / GHG | AW28: KG | AX28: GHG | BA28: TF - Pie | BB28: TF | BC28: Pie | BH28: NN / COSTE NACIONAL / PVP NACIONAL | BI28: NN | BJ28: COSTE NACIONAL / PVP NACIONAL | BL28: 33 / C0150120 -Niquel Metal Hidruro (Ni.Mh)51-170 gr. | BM28: 33 | BN28: C0150120 -Niquel Metal Hidruro (Ni.Mh)51-170 gr. | BP28: BL / San Bartolomé | BQ28: BL | BR28: San Bartolomé | BY28: 027 / Responsible Down Standard | BZ28: 027 | CA28: Responsible Down Standard | CM28: 027 / Lechazo de Castilla y León | CN28: 027 | CO28: Lechazo de Castilla y León | CQ28: CN / CANADA | CR28: CN | CS28: CANADA | CU28: 17 / PRODUCTOS PARA VEGANOS | CV28: 17 | CW28: PRODUCTOS PARA VEGANOS | CY28: 027 / Lechazo de Castilla y León | CZ28: 027 | DA28: Lechazo de Castilla y León | DK28: TL/DVD | DL28: TL | DM28: DVD | DO28: SJ/Sojhappy | DP28: SJ | DQ28: Sojhappy | DS28: C3/Productos Corporales 3 | DT28: C3 | DU28: Productos Corporales 3 | DW28: =CONCATENATE(DX28,"/",DY28) -> DF/Dvd Francia | DX28: DF | DY28: Dvd Francia | EG28: M / TOTAL SUPERCOR FRESCOS | EH28: M | EI28: TOTAL SUPERCOR FRESCOS | EK28: RLS/RG Castilla León S | EL28: RLS | EM28: RG Castilla León S | EU28: CV80 - Redondeo Capa Venta 80% | EV28: CV80 | EW28: Redondeo Capa Venta 80% | FE28: CV80 - Redondeo Capa Venta 80% | FF28: CV80 | FG28: Redondeo Capa Venta 80% | FI28: 2A6 / GC MARTES/SABADO | FJ28: 2A6 | FK28: GC MARTES/SABADO | FZ28: 0027 | GA28: 4 | GB28: DISPONIBLE0027 | GD28: SGE081 / AL NAVE D.V.D | GE28: SGE081 | GF28: AL NAVE D.V.D
D29: 983 / PRENSA REVISTA SNACK | E29: 983 | F29: PRENSA REVISTA SNACK | N29: =CONCATENATE(O29,"/",P29) -> BOTE/BOTE | O29: BOTE | P29: BOTE | R29: =CONCATENATE(S29," / ",T29) -> 123 / RECENTAL PIERNA | S29: 123 | T29: RECENTAL PIERNA | AB29: G1 / CERVEZAS >1.2 Y <= 2.8 % | AC29: G1 | AD29: CERVEZAS >1.2 Y <= 2.8 % | AL29: SI / Significativo | AM29: SI | AN29: Significativo | AP29: EF / FINLANDIA | AQ29: EF | AR29: FINLANDIA | AV29: L / DL | AW29: L | AX29: DL | BA29: PI2 - Pie cuadr. | BB29: PI2 | BC29: Pie cuadr. | BH29: NL / COSTE NACIONAL / PVP LOCAL | BI29: NL | BJ29: COSTE NACIONAL / PVP LOCAL | BL29: 34 / C0150130 -Niquel Metal Hidruro (Ni.Mh)171-380 | BM29: 34 | BN29: C0150130 -Niquel Metal Hidruro (Ni.Mh)171-380 | BP29: BM / Bermudas | BQ29: BM | BR29: Bermudas | BY29: 028 / Responsible Jewlerly Council | BZ29: 028 | CA29: Responsible Jewlerly Council | CM29: 028 / Pollo y capón del Prat | CN29: 028 | CO29: Pollo y capón del Prat | CQ29: AC / CHILE | CR29: AC | CS29: CHILE | CY29: 028 / Pollo y capón del Prat | CZ29: 028 | DA29: Pollo y capón del Prat | DK29: AE/Aeropuerto | DL29: AE | DM29: Aeropuerto | DO29: T1/Tienda de Aceitunas 1 | DP29: T1 | DQ29: Tienda de Aceitunas 1 | DS29: L1/Depilacion 1 | DT29: L1 | DU29: Depilacion 1 | DW29: =CONCATENATE(DX29,"/",DY29) -> WW/DVD CLUB | DX29: WW | DY29: DVD CLUB | EK29: RLM/RG Castilla León M | EL29: RLM | EM29: RG Castilla León M | EU29: PA01 - Redondeo Pallet 1% | EV29: PA01 | EW29: Redondeo Pallet 1% | FE29: PA01 - Redondeo Pallet 1% | FF29: PA01 | FG29: Redondeo Pallet 1% | FI29: 2Y4 / GC MARTES-JUEVES | FJ29: 2Y4 | FK29: GC MARTES-JUEVES | FZ29: 0028 | GA29: 4 | GB29: DISPONIBLE0028 | GD29: SGE082 / AL S.P. ALCANTARA MARBELLA | GE29: SGE082 | GF29: AL S.P. ALCANTARA MARBELLA
D30: 462 / HOSTELETERIA EXTERNA | E30: 462 | F30: HOSTELETERIA EXTERNA | N30: =CONCATENATE(O30,"/",P30) -> BOTELLA/BOTELLA | O30: BOTELLA | P30: BOTELLA | R30: =CONCATENATE(S30," / ",T30) -> 124 / SALCHICHA AVES | S30: 124 | T30: SALCHICHA AVES | AB30: I0 / P. INTERMEDIOS <=15% VOL | AC30: I0 | AD30: P. INTERMEDIOS <=15% VOL | AL30: FO / Fondo de Surtido | AM30: FO | AN30: Fondo de Surtido | AP30: EH / HOLANDA | AQ30: EH | AR30: HOLANDA | BA30: PI3 - Pie cúbico | BB30: PI3 | BC30: Pie cúbico | BH30: LN / COSTE LOCAL / PVP NACIONAL | BI30: LN | BJ30: COSTE LOCAL / PVP NACIONAL | BL30: 35 / C0150140 -Niquel Metal Hidruro (Ni.Mh)380- 499 | BM30: 35 | BN30: C0150140 -Niquel Metal Hidruro (Ni.Mh)380- 499 | BP30: BN / Brunéi | BQ30: BN | BR30: Brunéi | BY30: 029 / Ángel Azul (papelería) | BZ30: 029 | CA30: Ángel Azul (papelería) | CM30: 029 / Ternasco de Aragón | CN30: 029 | CO30: Ternasco de Aragón | CQ30: CB / COLOMBIA | CR30: CB | CS30: COLOMBIA | CY30: 029 / Ternasco de Aragón | CZ30: 029 | DA30: Ternasco de Aragón | DK30: C2/Cedial II | DL30: C2 | DM30: Cedial II | DO30: T2/Tienda de Aceitunas 2 | DP30: T2 | DQ30: Tienda de Aceitunas 2 | DS30: L2/Depilacion 2 | DT30: L2 | DU30: Depilacion 2 | DW30: =CONCATENATE(DX30,"/",DY30) -> GF/Gourmet clust.6-Exper+Canarias | DX30: GF | DY30: Gourmet clust.6-Exper+Canarias | EK30: RLL/RG Castilla León L | EL30: RLL | EM30: RG Castilla León L | EU30: PA05 - Redondeo Pallet 5% | EV30: PA05 | EW30: Redondeo Pallet 5% | FE30: PA05 - Redondeo Pallet 5% | FF30: PA05 | FG30: Redondeo Pallet 5% | FI30: 2Y5 / GC MARTES-VIERNES | FJ30: 2Y5 | FK30: GC MARTES-VIERNES | FZ30: 0029 | GA30: 4 | GB30: DISPONIBLE0029 | GD30: SGE083 / AL ASIPO ASTURIAS | GE30: SGE083 | GF30: AL ASIPO ASTURIAS
N31: =CONCATENATE(O31,"/",P31) -> BRIK/BRIK | O31: BRIK | P31: BRIK | R31: =CONCATENATE(S31," / ",T31) -> 125 / SALCHICHA CERDO | S31: 125 | T31: SALCHICHA CERDO | AB31: I1 / P. INTERMEDIOS > 15% VOL | AC31: I1 | AD31: P. INTERMEDIOS > 15% VOL | AL31: MD / Marca Propia | AM31: MD | AN31: Marca Propia | AP31: EI / ITALIA | AQ31: EI | AR31: ITALIA | BA31: G - Gramo | BB31: G | BC31: Gramo | BH31: LL / COSTE LOCAL / PVP LOCAL | BI31: LL | BJ31: COSTE LOCAL / PVP LOCAL | BL31: 36 / C0150150 -Niquel Cadmio (Ni.Cd)>500 gr. | BM31: 36 | BN31: C0150150 -Niquel Cadmio (Ni.Cd)>500 gr. | BP31: BO / Bolivia | BQ31: BO | BR31: Bolivia | BY31: 030 / Responsible Minerals Initiativ | BZ31: 030 | CA31: Responsible Minerals Initiativ | CM31: 030 / Ternera Asturiana | CN31: 030 | CO31: Ternera Asturiana | CQ31: GC / CROACIA | CR31: GC | CS31: CROACIA | CY31: 030 / Ternera Asturiana | CZ31: 030 | DA31: Ternera Asturiana | DK31: PC/Perfumeria Sala Hiper Cedial | DL31: PC | DM31: Perfumeria Sala Hiper Cedial | DO31: T3/Tienda de Aceitunas 3 | DP31: T3 | DQ31: Tienda de Aceitunas 3 | DS31: G1/Geles y J.Tocador 1 | DT31: G1 | DU31: Geles y J.Tocador 1 | DW31: =CONCATENATE(DX31,"/",DY31) -> MA/Supercor Gourment MP A | DX31: MA | DY31: Supercor Gourment MP A | EK31: RLXL/RG Castilla León XL | EL31: RLXL | EM31: RG Castilla León XL | EU31: PA10 - Redondeo Pallet 10% | EV31: PA10 | EW31: Redondeo Pallet 10% | FE31: PA10 - Redondeo Pallet 10% | FF31: PA10 | FG31: Redondeo Pallet 10% | FI31: 2Y6 / GC MARTES-SABADO | FJ31: 2Y6 | FK31: GC MARTES-SABADO | FZ31: 0030 | GA31: 2 | GB31: ALL INTENSE | GD31: SGE099 / GT GASTOS | GE31: SGE099 | GF31: GT GASTOS
N32: =CONCATENATE(O32,"/",P32) -> CAJA/CAJA | O32: CAJA | P32: CAJA | R32: =CONCATENATE(S32," / ",T32) -> 126 / T.BLANCA FALDA | S32: 126 | T32: T.BLANCA FALDA | AB32: I8 / P. INTER.<=15% VOL CANAR | AC32: I8 | AD32: P. INTER.<=15% VOL CANAR | AP32: EJ / GRECIA | AQ32: EJ | AR32: GRECIA | BA32: G/L - ga/litro | BB32: G/L | BC32: ga/litro | BL32: 37 / C0160110 -Ion Litio (ion-Li) recargable< 50 gr. | BM32: 37 | BN32: C0160110 -Ion Litio (ion-Li) recargable< 50 gr. | BP32: BQ / Países Bajos | BQ32: BQ | BR32: Países Bajos | BY32: 031 / Fairmined | BZ32: 031 | CA32: Fairmined | CM32: 031 / Ternera de Extremadura | CN32: 031 | CO32: Ternera de Extremadura | CQ32: ED / DINAMARCA | CR32: ED | CS32: DINAMARCA | CY32: 031 / Ternera de Extremadura | CZ32: 031 | DA32: Ternera de Extremadura | DK32: DD/Exclusividad | DL32: DD | DM32: Exclusividad | DO32: T4/Tienda de Aceitunas 4 | DP32: T4 | DQ32: Tienda de Aceitunas 4 | DS32: G2/Geles y J.Tocador 2 | DT32: G2 | DU32: Geles y J.Tocador 2 | DW32: =CONCATENATE(DX32,"/",DY32) -> MB/Supercor Gourment MP B | DX32: MB | DY32: Supercor Gourment MP B | EG32: REG_SUPEROPEN | EH32: SAP | EI32: Descripcion | EK32: MAXS/RG Castilla Mancha XS | EL32: MAXS | EM32: RG Castilla Mancha XS | EU32: PA25 - Redondeo Pallet 25% | EV32: PA25 | EW32: Redondeo Pallet 25% | FA32: TIENDA_FUENTE_APROV | FB32: SAP | FC32: Descripcion | FE32: PA25 - Redondeo Pallet 25% | FF32: PA25 | FG32: Redondeo Pallet 25% | FI32: 301 / * GC LUNES 3ªSEM | FJ32: 301 | FK32: * GC LUNES 3ªSEM | FZ32: 0031 | GA32: 0 | GB32: ALMA | GD32: SGE149 / AL OLIVAL GAIA PORTUGAL | GE32: SGE149 | GF32: AL OLIVAL GAIA PORTUGAL
N33: =CONCATENATE(O33,"/",P33) -> CAJITA/CAJITA | O33: CAJITA | P33: CAJITA | R33: =CONCATENATE(S33," / ",T33) -> 127 / T.BLANCA LOMO | S33: 127 | T33: T.BLANCA LOMO | AB33: I9 / P. INTER > 15% VOL CANAR | AC33: I9 | AD33: P. INTER > 15% VOL CANAR | AP33: EK / INGLATERRA | AQ33: EK | AR33: INGLATERRA | BA33: GAU - Gramo oro | BB33: GAU | BC33: Gramo oro | BL33: 38 / C0160120 -Ion Litio (ion-Li) recargable51-170 gr. | BM33: 38 | BN33: C0160120 -Ion Litio (ion-Li) recargable51-170 gr. | BP33: BR / Brasil | BQ33: BR | BR33: Brasil | BY33: 032 / Responsible Gold | BZ33: 032 | CA33: Responsible Gold | CM33: 032 / Ternera de los pirineos catala | CN33: 032 | CO33: Ternera de los pirineos catala | CQ33: EC / ECUADOR | CR33: EC | CS33: ECUADOR | CU33: MASCOTAS | CV33: SAP | CY33: 032 / Ternera de los pirineos catala | CZ33: 032 | DA33: Ternera de los pirineos catala | DK33: GC/Gourmet Coincidente | DL33: GC | DM33: Gourmet Coincidente | DO33: TS/Santiveri Total | DP33: TS | DQ33: Santiveri Total | DS33: S1/Cuidado de pies | DT33: S1 | DU33: Cuidado de pies | DW33: =CONCATENATE(DX33,"/",DY33) -> NO/Nodriza | DX33: NO | DY33: Nodriza | EG33: D / TOTAL SUPEROPEN | EH33: D | EI33: TOTAL SUPEROPEN | EK33: MAS/RG Castilla Mancha S | EL33: MAS | EM33: RG Castilla Mancha S | EU33: PA40 - Redondeo Pallet 40% | EV33: PA40 | EW33: Redondeo Pallet 40% | FA33: 1 NORMAL | FB33: 1 | FC33: NORMAL | FE33: PA40 - Redondeo Pallet 40% | FF33: PA40 | FG33: Redondeo Pallet 40% | FI33: 302 / * GC MARTES 3ªSEM | FJ33: 302 | FK33: * GC MARTES 3ªSEM | FZ33: 0032 | GA33: 0 | GB33: ALONDRA | GD33: SGE160 / AL LINARES | GE33: SGE160 | GF33: AL LINARES
N34: =CONCATENATE(O34,"/",P34) -> CANECO/CANECO | O34: CANECO | P34: CANECO | R34: =CONCATENATE(S34," / ",T34) -> 128 / T.BLANCA MAGRA | S34: 128 | T34: T.BLANCA MAGRA | AB34: IN / PRODUCTOS INTERMEDIOS | AC34: IN | AD34: PRODUCTOS INTERMEDIOS | AP34: EL / BÉLGICA | AQ34: EL | AR34: BÉLGICA | BA34: GLN - Galón (EU) | BB34: GLN | BC34: Galón (EU) | BL34: 39 / C0160130 -Ion Litio (ion-Li) recargable171-380 | BM34: 39 | BN34: C0160130 -Ion Litio (ion-Li) recargable171-380 | BP34: BS / Bahamas | BQ34: BS | BR34: Bahamas | BY34: 033 / Fibra natural orgánica | BZ34: 033 | CA34: Fibra natural orgánica | CM34: 033 / Ternera de Navarra/Nafarroaka | CN34: 033 | CO34: Ternera de Navarra/Nafarroaka | CQ34: EA / ESCOCIA | CR34: EA | CS34: ESCOCIA | CU34: =CONCATENATE(CV34,"/",CW34) -> M0/Mascotas cluster 0 | CV34: M0 | CW34: Mascotas cluster 0 | CY34: 033 / Ternera de Navarra/Nafarroaka | CZ34: 033 | DA34: Ternera de Navarra/Nafarroaka | DK34: CE/Cocina Central | DL34: CE | DM34: Cocina Central | DO34: TA/Santiveri Ampliado | DP34: TA | DQ34: Santiveri Ampliado | DS34: B1/Colonias de Baño | DT34: B1 | DU34: Colonias de Baño | DW34: =CONCATENATE(DX34,"/",DY34) -> P1/Marca Propia 1 | DX34: P1 | DY34: Marca Propia 1 | EG34: E / PENINSULA SUPEROPEN | EH34: E | EI34: PENINSULA SUPEROPEN | EK34: MAM/RG Castilla Mancha M | EL34: MAM | EM34: RG Castilla Mancha M | EU34: PA50 - Redondeo Pallet 50% | EV34: PA50 | EW34: Redondeo Pallet 50% | FA34: 2 TRASLADO | FB34: 2 | FC34: TRASLADO | FE34: PA50 - Redondeo Pallet 50% | FF34: PA50 | FG34: Redondeo Pallet 50% | FI34: 303 / * GC MIERCOLES 3ªSEM | FJ34: 303 | FK34: * GC MIERCOLES 3ªSEM | FZ34: 0033 | GA34: 0 | GB34: ALPINE | GD34: SGE169 / AL PAMPLONA | GE34: SGE169 | GF34: AL PAMPLONA
N35: =CONCATENATE(O35,"/",P35) -> CAPS./CAPSULA | O35: CAPS. | P35: CAPSULA | R35: =CONCATENATE(S35," / ",T35) -> 129 / T.BLANCA PICADA | S35: 129 | T35: T.BLANCA PICADA | AB35: IS / ALCOHOL ETILICO (ISA) | AC35: IS | AD35: ALCOHOL ETILICO (ISA) | AP35: EM / ALEMANIA | AQ35: EM | AR35: ALEMANIA | BA35: GPM - Gal/Mi(EU) | BB35: GPM | BC35: Gal/Mi(EU) | BL35: 4 / A0130220 -Óxido de Plata3 -12 gr. | BM35: 4 | BN35: A0130220 -Óxido de Plata3 -12 gr. | BP35: BT / Bután | BQ35: BT | BR35: Bután | BY35: 034 / Lana merino o yak | BZ35: 034 | CA35: Lana merino o yak | CM35: 034 / Ternera Gallega | CN35: 034 | CO35: Ternera Gallega | CQ35: XQ / ESLOVAQUIA | CR35: XQ | CS35: ESLOVAQUIA | CU35: =CONCATENATE(CV35,"/",CW35) -> M1/Mascotas Cluster 1 | CV35: M1 | CW35: Mascotas Cluster 1 | CY35: 034 / Ternera Gallega | CZ35: 034 | DA35: Ternera Gallega | DK35: YP/Yatch Provisioning 0 | DL35: YP | DM35: Yatch Provisioning 0 | DO35: SN/Soria Natural | DP35: SN | DQ35: Soria Natural | DS35: T1/MINI BEAUTI | DT35: T1 | DU35: MINI BEAUTI | DW35: =CONCATENATE(DX35,"/",DY35) -> P2/Marca Propia 2 | DX35: P2 | DY35: Marca Propia 2 | EG35: F / CANARIAS SUPEROPEN | EH35: F | EI35: CANARIAS SUPEROPEN | EK35: MAL/RG Castilla Mancha L | EL35: MAL | EM35: RG Castilla Mancha L | EU35: PA60 - Redondeo Pallet 60% | EV35: PA60 | EW35: Redondeo Pallet 60% | FE35: PA60 - Redondeo Pallet 60% | FF35: PA60 | FG35: Redondeo Pallet 60% | FI35: 304 / * GC JUEVES 3ªSEM | FJ35: 304 | FK35: * GC JUEVES 3ªSEM | FZ35: 0034 | GA35: 0 | GB35: ALTA | GD35: SGE203 / AL EL EJIDO ALMERIA | GE35: SGE203 | GF35: AL EL EJIDO ALMERIA
D36: UNECO_VENTA | N36: =CONCATENATE(O36,"/",P36) -> CARTERA/CARTERA | O36: CARTERA | P36: CARTERA | R36: =CONCATENATE(S36," / ",T36) -> 13 / AÑOJO MORCILLO | S36: 13 | T36: AÑOJO MORCILLO | AB36: V0 / VINOS TRANQUILOS | AC36: V0 | AD36: VINOS TRANQUILOS | AP36: EN / NORUEGA | AQ36: EN | AR36: NORUEGA | BA36: GNE - Gramo neto escurrido | BB36: GNE | BC36: Gramo neto escurrido | BH36: TIPOLOGIA_ART | BI36: SAP | BJ36: Descripcion | BL36: 40 / C0160140 -Ion Litio (ion-Li) recargable380- 499 | BM36: 40 | BN36: C0160140 -Ion Litio (ion-Li) recargable380- 499 | BP36: BV / Islas Bouvet | BQ36: BV | BR36: Islas Bouvet | BY36: 035 / Lino o alpaca español | BZ36: 035 | CA36: Lino o alpaca español | CM36: 035 / Arroz de Valencia o Arròs de V | CN36: 035 | CO36: Arroz de Valencia o Arròs de V | CQ36: XE / ESLOVENIA | CR36: XE | CS36: ESLOVENIA | CU36: =CONCATENATE(CV36,"/",CW36) -> M2/Mascotas Cluster 2 | CV36: M2 | CW36: Mascotas Cluster 2 | CY36: 035 / Arroz de Valencia o Arròs de V | CZ36: 035 | DA36: Arroz de Valencia o Arròs de V | DK36: Y1/Yatch Provisioning 1 | DL36: Y1 | DM36: Yatch Provisioning 1 | DO36: DP/DROG/PERF BIO | DP36: DP | DQ36: DROG/PERF BIO | DS36: I1/INFANTIL 1 | DT36: I1 | DU36: INFANTIL 1 | DW36: =CONCATENATE(DX36,"/",DY36) -> P3/Marca Propia 3 | DX36: P3 | DY36: Marca Propia 3 | EG36: J / TOTAL SUPEROPEN SIN MALLORCA | EH36: J | EI36: TOTAL SUPEROPEN SIN MALLORCA | EK36: MAXL/RG Castilla Mancha XL | EL36: MAXL | EM36: RG Castilla Mancha XL | EU36: PA65 - Redondeo Pallet 65% | EV36: PA65 | EW36: Redondeo Pallet 65% | FE36: PA65 - Redondeo Pallet 65% | FF36: PA65 | FG36: Redondeo Pallet 65% | FI36: 305 / * GC VIERNES 3ªSEM | FJ36: 305 | FK36: * GC VIERNES 3ªSEM | FZ36: 0035 | GA36: 4 | GB36: DISPONIBLE0035 | GD36: SGE204 / AL SALAMANCA | GE36: SGE204 | GF36: AL SALAMANCA
D37: 0014 / CATERING | E37: 0014 | F37: CATERING | N37: =CONCATENATE(O37,"/",P37) -> CARTON/CARTON | O37: CARTON | P37: CARTON | R37: =CONCATENATE(S37," / ",T37) -> 130 / T.BLANCA SOLOMI | S37: 130 | T37: T.BLANCA SOLOMI | AB37: V1 / VINOS ESPUMOSOS | AC37: V1 | AD37: VINOS ESPUMOSOS | AP37: EP / PORTUGAL | AQ37: EP | AR37: PORTUGAL | BA37: GRD - Grande | BB37: GRD | BC37: Grande | BH37: 1 / GRANEL | BI37: 1 | BJ37: GRANEL | BL37: 41 / C0160150 -Ion Litio (ion-Li) recargable>500 gr. | BM37: 41 | BN37: C0160150 -Ion Litio (ion-Li) recargable>500 gr. | BP37: BW / Botsuana | BQ37: BW | BR37: Botsuana | BY37: 036 / Cera 100% natural | BZ37: 036 | CA37: Cera 100% natural | CM37: 036 / Arroz del Delta del Ebro | CN37: 036 | CO37: Arroz del Delta del Ebro | CQ37: US / ESTADOS UNIDOS | CR37: US | CS37: ESTADOS UNIDOS | CU37: =CONCATENATE(CV37,"/",CW37) -> M3/Mascotas Cluster 3 | CV37: M3 | CW37: Mascotas Cluster 3 | CY37: 036 / Arroz del Delta del Ebro | CZ37: 036 | DA37: Arroz del Delta del Ebro | DK37: CF/Cafetería Personal | DL37: CF | DM37: Cafetería Personal | DO37: E1/ESSENCE1 | DP37: E1 | DQ37: ESSENCE1 | DS37: I2/INFANTIL 2 | DT37: I2 | DU37: INFANTIL 2 | DW37: =CONCATENATE(DX37,"/",DY37) -> P4/Marca Propia 4 | DX37: P4 | DY37: Marca Propia 4 | EG37: K / PENINSULA SUPEROPEN SIN MALLOR | EH37: K | EI37: PENINSULA SUPEROPEN SIN MALLOR | EK37: LUXS/RG Cataluña XS | EL37: LUXS | EM37: RG Cataluña XS | EU37: PA70 - Redondeo Pallet 70% | EV37: PA70 | EW37: Redondeo Pallet 70% | FE37: PA70 - Redondeo Pallet 70% | FF37: PA70 | FG37: Redondeo Pallet 70% | FI37: 3Y5 / GC MIERCOLES-VIERN | FJ37: 3Y5 | FK37: GC MIERCOLES-VIERN | FZ37: 0036 | GA37: 0 | GB37: ALTIUM | GD37: SGE206 / AL GUADALAJARA | GE37: SGE206 | GF37: AL GUADALAJARA
D38: 0059 / MAQUINAS VENDING | E38: 0059 | F38: MAQUINAS VENDING | N38: =CONCATENATE(O38,"/",P38) -> CARTUCH/CARTUCHO | O38: CARTUCH | P38: CARTUCHO | R38: =CONCATENATE(S38," / ",T38) -> 131 / T.BLANCA 1ªA | S38: 131 | T38: T.BLANCA 1ªA | AB38: V2 / BEB. FERMENT. TRANQUILAS | AC38: V2 | AD38: BEB. FERMENT. TRANQUILAS | AP38: ER / FRANCIA | AQ38: ER | AR38: FRANCIA | BA38: GPA - g.pr.act. | BB38: GPA | BC38: g.pr.act. | BH38: 2 / EMBANDEJADO | BI38: 2 | BJ38: EMBANDEJADO | BL38: 42 / C01701 -Plomo acido | BM38: 42 | BN38: C01701 -Plomo acido | BP38: BY / Bielorrusia | BQ38: BY | BR38: Bielorrusia | BY38: 037 / Algodón orgánico prueba ADN | BZ38: 037 | CA38: Algodón orgánico prueba ADN | CM38: 037 / Calasparra | CN38: 037 | CO38: Calasparra | CQ38: GW / ESTONIA | CR38: GW | CS38: ESTONIA | CU38: =CONCATENATE(CV38,"/",CW38) -> MA/Cluster 0 + Canarias | CV38: MA | CW38: Cluster 0 + Canarias | CY38: 037 / Calasparra | CZ38: 037 | DA38: Calasparra | DK38: CA/Cantinas | DL38: CA | DM38: Cantinas | DO38: E2/ESSENCE2 | DP38: E2 | DQ38: ESSENCE2 | DS38: D2/DESODORANTES 2 | DT38: D2 | DU38: DESODORANTES 2 | DW38: =CONCATENATE(DX38,"/",DY38) -> FG/Frutas Club del Gourmet | DX38: FG | DY38: Frutas Club del Gourmet | EG38: Q / TOTAL SUPEROPEN FRESCOS | EH38: Q | EI38: TOTAL SUPEROPEN FRESCOS | EK38: LUS/RG Cataluña S | EL38: LUS | EM38: RG Cataluña S | EU38: PA80 - Redondeo Pallet 80% | EV38: PA80 | EW38: Redondeo Pallet 80% | FE38: PA80 - Redondeo Pallet 80% | FF38: PA80 | FG38: Redondeo Pallet 80% | FI38: 3Y6 / GC MIERCOLS-SABADO | FJ38: 3Y6 | FK38: GC MIERCOLS-SABADO | FZ38: 0037 | GA38: 0 | GB38: AMBIPUR CAR | GD38: SGE207 / AL TALAVERA | GE38: SGE207 | GF38: AL TALAVERA
D39: 0091 / CAFETERÍA-RESTAURANTE | E39: 0091 | F39: CAFETERÍA-RESTAURANTE | N39: =CONCATENATE(O39,"/",P39) -> CESTA/CESTA | O39: CESTA | P39: CESTA | R39: =CONCATENATE(S39," / ",T39) -> 132 / T.BLANCA 1ªB | S39: 132 | T39: T.BLANCA 1ªB | AB39: V3 / BEB. FERMENT. ESPUMOSAS | AC39: V3 | AD39: BEB. FERMENT. ESPUMOSAS | AP39: ET / AUSTRIA | AQ39: ET | AR39: AUSTRIA | BA39: HA - Hectárea | BB39: HA | BC39: Hectárea | BH39: 3 / BOLSA | BI39: 3 | BJ39: BOLSA | BL39: 43 / C01801 -Otros | BM39: 43 | BN39: C01801 -Otros | BP39: BZ / Belice | BQ39: BZ | BR39: Belice | BY39: 038 / Lyocell TENCEL | BZ39: 038 | CA39: Lyocell TENCEL | CM39: 038 / Miel de Galicia or Mel de Gali | CN39: 038 | CO39: Miel de Galicia or Mel de Gali | CQ39: EF / FINLANDIA | CR39: EF | CS39: FINLANDIA | CU39: =CONCATENATE(CV39,"/",CW39) -> MB/Cluster 1 + Canarias | CV39: MB | CW39: Cluster 1 + Canarias | CY39: 038 / Miel de Galicia or Mel de Gali | CZ39: 038 | DA39: Miel de Galicia or Mel de Gali | DK39: HM/Hermosilla | DL39: HM | DM39: Hermosilla | DO39: BO/BOURJOIS | DP39: BO | DQ39: BOURJOIS | DS39: E1/ACCESORIOS BAÑO 1 | DT39: E1 | DU39: ACCESORIOS BAÑO 1 | DW39: =CONCATENATE(DX39,"/",DY39) -> EC/Stand Alone 2 | DX39: EC | DY39: Stand Alone 2 | EG39: R / PENINSULA SUPEROPEN FRESCOS | EH39: R | EI39: PENINSULA SUPEROPEN FRESCOS | EK39: LUM/RG Cataluña M | EL39: LUM | EM39: RG Cataluña M | EU39: PV10 - Redondeo Pallet Venta 10% | EV39: PV10 | EW39: Redondeo Pallet Venta 10% | FE39: PV10 - Redondeo Pallet Venta 10% | FF39: PV10 | FG39: Redondeo Pallet Venta 10% | FI39: 401 / * GC LUNES 4ªSEM | FJ39: 401 | FK39: * GC LUNES 4ªSEM | FZ39: 0038 | GA39: 4 | GB39: DISPONIBLE0038 | GD39: SGE208 / CG CONSIGNACION ECI CANARIAS | GE39: SGE208 | GF39: CG CONSIGNACION ECI CANARIAS
D40: 0093 / CAFETERÍA-PERSONAL | E40: 0093 | F40: CAFETERÍA-PERSONAL | N40: =CONCATENATE(O40,"/",P40) -> CESTO/CESTO | O40: CESTO | P40: CESTO | R40: =CONCATENATE(S40," / ",T40) -> 133 / T.GALLEGA FALDA | S40: 133 | T40: T.GALLEGA FALDA | AB40: VI / VINOS TRAMQUILOS (VIN) | AC40: VI | AD40: VINOS TRAMQUILOS (VIN) | AP40: EW / SUECIA | AQ40: EW | AR40: SUECIA | BA40: HG - Hectogramo | BB40: HG | BC40: Hectogramo | BH40: 4 / PIEZA | BI40: 4 | BJ40: PIEZA | BL40: 44 / D02701 -Plomo acido (automocion) | BM40: 44 | BN40: D02701 -Plomo acido (automocion) | BP40: CA / Canadá | BQ40: CA | BR40: Canadá | BY40: 039 / Certif. Icea (cosmética) | BZ40: 039 | CA40: Certif. Icea (cosmética) | CM40: 039 / Miel de Granada | CN40: 039 | CO40: Miel de Granada | CQ40: ER / FRANCIA | CR40: ER | CS40: FRANCIA | CU40: =CONCATENATE(CV40,"/",CW40) -> MC/Cluster 2 + Canarias | CV40: MC | CW40: Cluster 2 + Canarias | CY40: 039 / Miel de Granada | CZ40: 039 | DA40: Miel de Granada | DK40: LC/Listo para Comer | DL40: LC | DM40: Listo para Comer | DO40: VA/VAGUADA | DP40: VA | DQ40: VAGUADA | DS40: E2/ACCESORIOS BAÑO 2 | DT40: E2 | DU40: ACCESORIOS BAÑO 2 | DW40: =CONCATENATE(DX40,"/",DY40) -> TV/Talavera | DX40: TV | DY40: Talavera | EK40: LUL/RG Cataluña L | EL40: LUL | EM40: RG Cataluña L | EU40: PV25 - Redondeo Pallet Venta 25% | EV40: PV25 | EW40: Redondeo Pallet Venta 25% | FE40: PV25 - Redondeo Pallet Venta 25% | FF40: PV25 | FG40: Redondeo Pallet Venta 25% | FI40: 402 / * GC MARTES 4ªSEM | FJ40: 402 | FK40: * GC MARTES 4ªSEM | FZ40: 0039 | GA40: 0 | GB40: ANAQUEL | GD40: SGE209 / CG CONSIGNACION ECI | GE40: SGE209 | GF40: CG CONSIGNACION ECI
D41: 0133 / CLUB DEL GOURMET | E41: 0133 | F41: CLUB DEL GOURMET | N41: =CONCATENATE(O41,"/",P41) -> COFRE/COFRE | O41: COFRE | P41: COFRE | R41: =CONCATENATE(S41," / ",T41) -> 134 / T.GALLEGA LOMO | S41: 134 | T41: T.GALLEGA LOMO | AB41: Z1 / BEBIDAS AZU. >=5,<=8 x 100 GR. (CAT) | AC41: Z1 | AD41: BEBIDAS AZU. >=5,<=8 x 100 GR. (CAT) | AP41: EY / IRLANDA | AQ41: EY | AR41: IRLANDA | BA41: HL - Hectolitro | BB41: HL | BC41: Hectolitro | BL41: 45 / E03101 -Alcalina Industrial (Peso ≥ 1 Kg.) | BM41: 45 | BN41: E03101 -Alcalina Industrial (Peso ≥ 1 Kg.) | BP41: CC / Islas Cocos | BQ41: CC | BR41: Islas Cocos | BY41: 040 / Certif. OCS Blended | BZ41: 040 | CA41: Certif. OCS Blended | CM41: 040 / Miel de La Alcarria | CN41: 040 | CO41: Miel de La Alcarria | CQ41: EK / GRAN BRETAÑA | CR41: EK | CS41: GRAN BRETAÑA | CU41: =CONCATENATE(CV41,"/",CW41) -> MD/Cluster 3 + Canarias | CV41: MD | CW41: Cluster 3 + Canarias | CY41: 040 / Miel de La Alcarria | CZ41: 040 | DA41: Miel de La Alcarria | DK41: F1/F&R Frescos Supercor | DL41: F1 | DM41: F&R Frescos Supercor | DO41: PA/Perfumeria Arapiles | DP41: PA | DQ41: Perfumeria Arapiles | DS41: F1/SOLARES S01 | DT41: F1 | DU41: SOLARES S01 | DW41: =CONCATENATE(DX41,"/",DY41) -> ES/Stand Alone 1 | DX41: ES | DY41: Stand Alone 1 | EK41: LUXL/RG Cataluña XL | EL41: LUXL | EM41: RG Cataluña XL | EU41: PV40 - Redondeo Pallet Venta 40% | EV41: PV40 | EW41: Redondeo Pallet Venta 40% | FE41: PV40 - Redondeo Pallet Venta 40% | FF41: PV40 | FG41: Redondeo Pallet Venta 40% | FI41: 403 / * GC MIERCOLES 4ªSEM | FJ41: 403 | FK41: * GC MIERCOLES 4ªSEM | FZ41: 0040 | GA41: 0 | GB41: ANAYA | GD41: SGE210 / CG CONSIGNACION ECIGA | GE41: SGE210 | GF41: CG CONSIGNACION ECIGA
D42: 0165 / PLATOS PREPARADOS | E42: 0165 | F42: PLATOS PREPARADOS | N42: =CONCATENATE(O42,"/",P42) -> COLG/COLGADOR | O42: COLG | P42: COLGADOR | R42: =CONCATENATE(S42," / ",T42) -> 135 / T.GALLEGA MAGRA | S42: 135 | T42: T.GALLEGA MAGRA | AB42: Z2 / BEBIDAS AZU. >8 x 100 GR. (CAT) | AC42: Z2 | AD42: BEBIDAS AZU. >8 x 100 GR. (CAT) | AP42: EZ / SUIZA | AQ42: EZ | AR42: SUIZA | BA42: PUL - Pulgada | BB42: PUL | BC42: Pulgada | BL42: 46 / E03701 -Plomo acido industrial (Peso ≥ 1Kg.) | BM42: 46 | BN42: E03701 -Plomo acido industrial (Peso ≥ 1Kg.) | BP42: CD / República Congo | BQ42: CD | BR42: República Congo | BY42: 041 / Cáñamo | BZ42: 041 | CA42: Cáñamo | CM42: 041 / Azafrán de la Mancha | CN42: 041 | CO42: Azafrán de la Mancha | CQ42: EJ / GRECIA | CR42: EJ | CS42: GRECIA | CU42: =CONCATENATE(CV42,"/",CW42) -> C0/219 CLUSTER 0 UNIFICADO | CV42: C0 | CW42: 219 CLUSTER 0 UNIFICADO | CY42: 041 / Azafrán de la Mancha | CZ42: 041 | DA42: Azafrán de la Mancha | DK42: F2/F&R Frescos Supercor Expres | DL42: F2 | DM42: F&R Frescos Supercor Expres | DO42: PC/Perfumeria Constitucion | DP42: PC | DQ42: Perfumeria Constitucion | DS42: F2/SOLARES S02 | DT42: F2 | DU42: SOLARES S02 | DW42: =CONCATENATE(DX42,"/",DY42) -> EA/Stand Alone 3 | DX42: EA | DY42: Stand Alone 3 | EK42: RGXS/RG Galicia XS | EL42: RGXS | EM42: RG Galicia XS | EU42: PV50 - Redondeo Pallet Venta 50% | EV42: PV50 | EW42: Redondeo Pallet Venta 50% | FE42: PV50 - Redondeo Pallet Venta 50% | FF42: PV50 | FG42: Redondeo Pallet Venta 50% | FI42: 404 / * GC JUEVES 4ªSEM | FJ42: 404 | FK42: * GC JUEVES 4ªSEM | FZ42: 0041 | GA42: 4 | GB42: DISPONIBLE0041 | GD42: SGE232 / AL SANTIAGO DE COMPOSTELA | GE42: SGE232 | GF42: AL SANTIAGO DE COMPOSTELA
D43: 0167 / YACHTS PROVISIONING | E43: 0167 | F43: YACHTS PROVISIONING | N43: =CONCATENATE(O43,"/",P43) -> COMBIBL/COMBIBLOC | O43: COMBIBL | P43: COMBIBLOC | R43: =CONCATENATE(S43," / ",T43) -> 136 / T.GALLEGA PICAD | S43: 136 | T43: T.GALLEGA PICAD | AP43: F / FERIA DE CHINA | AQ43: F | AR43: FERIA DE CHINA | BA43: 2 - Pulg.cuadr_x000D_ 3 Pulg.cúb | BB43: 2 | BC43: Pulg.cuadr_x000D_ 3 Pulg.cúb | BL43: 47 / E03401 -Niquel Cadmio industrial (Ni.Cd) (Peso ≥ 1Kg.) | BM43: 47 | BN43: E03401 -Niquel Cadmio industrial (Ni.Cd) (Peso ≥ 1Kg.) | BP43: CF / Rep.Centroafr. | BQ43: CF | BR43: Rep.Centroafr. | BY43: 042 / Modal TENCEL | BZ43: 042 | CA43: Modal TENCEL | CM43: 042 / Pimentón de la Vera | CN43: 042 | CO43: Pimentón de la Vera | CQ43: EH / HOLANDA | CR43: EH | CS43: HOLANDA | CU43: =CONCATENATE(CV43,"/",CW43) -> C1/219 CLUSTER 1 UNIFICADO | CV43: C1 | CW43: 219 CLUSTER 1 UNIFICADO | CY43: 042 / Pimentón de la Vera | CZ43: 042 | DA43: Pimentón de la Vera | DK43: F3/F&R Frescos SupercorOpen | DL43: F3 | DM43: F&R Frescos SupercorOpen | DO43: C1/TINTE 1 | DP43: C1 | DQ43: TINTE 1 | DS43: F3/SOLARES S03 | DT43: F3 | DU43: SOLARES S03 | EG43: REG_SUPERCOR_EXPRESS | EH43: SAP | EI43: Descripcion | EK43: RGS/RG Galicia S | EL43: RGS | EM43: RG Galicia S | EU43: PV60 - Redondeo Pallet Venta 60% | EV43: PV60 | EW43: Redondeo Pallet Venta 60% | FE43: PV60 - Redondeo Pallet Venta 60% | FF43: PV60 | FG43: Redondeo Pallet Venta 60% | FI43: 405 / * GC VIERNES 4ªSEM | FJ43: 405 | FK43: * GC VIERNES 4ªSEM | FZ43: 0042 | GA43: 1 | GB43: ANSONIC | GD43: SGE233 / AL BURGOS | GE43: SGE233 | GF43: AL BURGOS
D44: 0180 / LEGUMBRES Y CONSERVAS | E44: 0180 | F44: LEGUMBRES Y CONSERVAS | N44: =CONCATENATE(O44,"/",P44) -> CONJ./CONJUNTO | O44: CONJ. | P44: CONJUNTO | R44: =CONCATENATE(S44," / ",T44) -> 137 / T.GALLEGA SOLOM | S44: 137 | T44: T.GALLEGA SOLOM | AP44: FA / PRODUCTOS ARTESANOS | AQ44: FA | AR44: PRODUCTOS ARTESANOS | BA44: BID - Bidón | BB44: BID | BC44: Bidón | BL44: 48 / E03501 -Niquel Metal Hidruro (Ni.Mh) (Peso ≥ 1 Kg.) | BM44: 48 | BN44: E03501 -Niquel Metal Hidruro (Ni.Mh) (Peso ≥ 1 Kg.) | BP44: CG / República Congo | BQ44: CG | BR44: República Congo | BY44: 043 / Responsible Mohair Standard | BZ44: 043 | CA44: Responsible Mohair Standard | CM44: 043 / Pimentón de Murcia | CN44: 043 | CO44: Pimentón de Murcia | CQ44: GH / HUNGRIA | CR44: GH | CS44: HUNGRIA | CU44: =CONCATENATE(CV44,"/",CW44) -> C2/219 CLUSTER 2 UNIFICADO | CV44: C2 | CW44: 219 CLUSTER 2 UNIFICADO | CY44: 043 / Pimentón de Murcia | CZ44: 043 | DA44: Pimentón de Murcia | DK44: R1/SSR Corazon Maria +Centros Top | DL44: R1 | DM44: SSR Corazon Maria +Centros Top | DO44: C2/TINTE 2 | DP44: C2 | DQ44: TINTE 2 | DS44: NI/NIVEA | DT44: NI | DU44: NIVEA | EG44: A / TOTAL SUPERCOR EXPRESS | EH44: A | EI44: TOTAL SUPERCOR EXPRESS | EK44: RGM/RG Galicia M | EL44: RGM | EM44: RG Galicia M | EU44: PV65 - Redondeo Pallet Venta 65% | EV44: PV65 | EW44: Redondeo Pallet Venta 65% | FE44: PV65 - Redondeo Pallet Venta 65% | FF44: PV65 | FG44: Redondeo Pallet Venta 65% | FI44: 4Y6 / GC UEVES-SABADO | FJ44: 4Y6 | FK44: GC UEVES-SABADO | FZ44: 0043 | GA44: 0 | GB44: ANTI-ROB | GD44: SGE263 / PDP LONJA SANTA POLA | GE44: SGE263 | GF44: PDP LONJA SANTA POLA
D45: 0181 / FRUTERÍA | E45: 0181 | F45: FRUTERÍA | N45: =CONCATENATE(O45,"/",P45) -> COPA/COPA | O45: COPA | P45: COPA | R45: =CONCATENATE(S45," / ",T45) -> 138 / T.GALLEGA 1ªA | S45: 138 | T45: T.GALLEGA 1ªA | AP45: FB / FROM SPAIN | AQ45: FB | AR45: FROM SPAIN | BA45: CAR - Cartón | BB45: CAR | BC45: Cartón | BL45: 49 / E01801 -Otros industrial (Peso ≥ 1 Kg.) | BM45: 49 | BN45: E01801 -Otros industrial (Peso ≥ 1 Kg.) | BP45: CH / Suiza | BQ45: CH | BR45: Suiza | CM45: 044 / Sidra de Asturias | CN45: 044 | CO45: Sidra de Asturias | CQ45: IN / INDIA | CR45: IN | CS45: INDIA | CU45: =CONCATENATE(CV45,"/",CW45) -> C3/219 CLUSTER 3 UNIFICADO | CV45: C3 | CW45: 219 CLUSTER 3 UNIFICADO | CY45: 044 / Sidra de Asturias | CZ45: 044 | DA45: Sidra de Asturias | DK45: R2/SSR Mirasierra + Centros Top | DL45: R2 | DM45: SSR Mirasierra + Centros Top | DO45: C3/TINTE 3 | DP45: C3 | DQ45: TINTE 3 | DS45: N1/NIVEA BASICO | DT45: N1 | DU45: NIVEA BASICO | EG45: B / PENINSULA SUPERCOR EXPRESS | EH45: B | EI45: PENINSULA SUPERCOR EXPRESS | EK45: RGL/RG Galicia L | EL45: RGL | EM45: RG Galicia L | EU45: PV70 - Redondeo Pallet Venta 70% | EV45: PV70 | EW45: Redondeo Pallet Venta 70% | FE45: PV70 - Redondeo Pallet Venta 70% | FF45: PV70 | FG45: Redondeo Pallet Venta 70% | FI45: 541 / GC LUN-MAR-JUE-SAB | FJ45: 541 | FK45: GC LUN-MAR-JUE-SAB | FZ45: 0044 | GA45: 0 | GB45: . | GD45: SGE268 / AL CASTELLON | GE45: SGE268 | GF45: AL CASTELLON
D46: 0182 / PESCADERÍA | E46: 0182 | F46: PESCADERÍA | N46: =CONCATENATE(O46,"/",P46) -> COPO/COPO | O46: COPO | P46: COPO | R46: =CONCATENATE(S46," / ",T46) -> 139 / T.GALLEGA 1ªB | S46: 139 | T46: T.GALLEGA 1ªB | AP46: FE / FERIA PRODUC. ECOLOGICO | AQ46: FE | AR46: FERIA PRODUC. ECOLOGICO | BA46: KG - Kilogramo | BB46: KG | BC46: Kilogramo | BL46: 5 / A0130230 -Óxido de Plata> 12 gr. | BM46: 5 | BN46: A0130230 -Óxido de Plata> 12 gr. | BP46: CI / Costa de Marfil | BQ46: CI | BR46: Costa de Marfil | CM46: 045 / Alfajor de Medina Sidonia | CN46: 045 | CO46: Alfajor de Medina Sidonia | CQ46: FI / INDOCHINA | CR46: FI | CS46: INDOCHINA | CU46: =CONCATENATE(CV46,"/",CW46) -> BB/BARBOUR | CV46: BB | CW46: BARBOUR | CY46: 045 / Alfajor de Medina Sidonia | CZ46: 045 | DA46: Alfajor de Medina Sidonia | DK46: R3/SSR Castellana + Centros Top | DL46: R3 | DM46: SSR Castellana + Centros Top | DO46: C4/TINTE 4 | DP46: C4 | DQ46: TINTE 4 | DS46: N2/NIVEA SEMIAMPLIADO | DT46: N2 | DU46: NIVEA SEMIAMPLIADO | EG46: C / CANARIAS SUPERCOR EXPRESS | EH46: C | EI46: CANARIAS SUPERCOR EXPRESS | EK46: RGXL/RG Galicia XL | EL46: RGXL | EM46: RG Galicia XL | EU46: PV80 - Redondeo Pallet Venta 80% | EV46: PV80 | EW46: Redondeo Pallet Venta 80% | FE46: PV80 - Redondeo Pallet Venta 80% | FF46: PV80 | FG46: Redondeo Pallet Venta 80% | FI46: 542 / GC LUN-MAR-JUE-VIE | FJ46: 542 | FK46: GC LUN-MAR-JUE-VIE | FZ46: 0045 | GA46: 0 | GB46: ARAGON | GD46: SGE269 / PDP MERCAMADRID | GE46: SGE269 | GF46: PDP MERCAMADRID
D47: 0183 / CHARCUTERíA | E47: 0183 | F47: CHARCUTERíA | N47: =CONCATENATE(O47,"/",P47) -> COUV./COUVETE | O47: COUV. | P47: COUVETE | R47: =CONCATENATE(S47," / ",T47) -> 14 / AÑOJO PICADA | S47: 14 | T47: AÑOJO PICADA | AP47: FI / FERIA DE INDOCHINA | AQ47: FI | AR47: FERIA DE INDOCHINA | BA47: KGP - kg pr.act. | BB47: KGP | BC47: kg pr.act. | BL47: 6 / A0130310 -Alcalinas< 5 gr. | BM47: 6 | BN47: A0130310 -Alcalinas< 5 gr. | BP47: CK / Islas Cook | BQ47: CK | BR47: Islas Cook | CM47: 046 / Ensaimada de Mallorca | CN47: 046 | CO47: Ensaimada de Mallorca | CQ47: EY / IRLANDA | CR47: EY | CS47: IRLANDA | CU47: =CONCATENATE(CV47,"/",CW47) -> BU/BUDDYS | CV47: BU | CW47: BUDDYS | CY47: 046 / Ensaimada de Mallorca | CZ47: 046 | DA47: Ensaimada de Mallorca | DK47: R4/SSR Pinnea + Centros Top | DL47: R4 | DM47: SSR Pinnea + Centros Top | DO47: C5/TINTE 5 | DP47: C5 | DQ47: TINTE 5 | DS47: N3/NIVEA AMPLIADO | DT47: N3 | DU47: NIVEA AMPLIADO | EG47: N / TOTAL SUPERCOR EXPRESS FRESCOS | EH47: N | EI47: TOTAL SUPERCOR EXPRESS FRESCOS | EK47: RMXS/RG Madrid XS | EL47: RMXS | EM47: RG Madrid XS | EU47: UC99 - Redondeo Unidad de Embalaje Bricor 99,9% | EV47: UC99 | EW47: Redondeo Unidad de Embalaje Bricor 99,9% | FE47: UC99 - Redondeo Unidad de Embalaje Bricor 99,9% | FF47: UC99 | FG47: Redondeo Unidad de Embalaje Bricor 99,9% | FI47: 543 / GC LUN-MAR-MIE-VIE | FJ47: 543 | FK47: GC LUN-MAR-MIE-VIE | FZ47: 0046 | GA47: 0 | GB47: ARBRE MAGIQUE | GD47: SGE284 / PDP VALDEMORO MADRID | GE47: SGE284 | GF47: PDP VALDEMORO MADRID
D48: 0184 / CARNICERíA | E48: 0184 | F48: CARNICERíA | N48: =CONCATENATE(O48,"/",P48) -> CUBO/CUBO | O48: CUBO | P48: CUBO | R48: =CONCATENATE(S48," / ",T48) -> 140 / TERNERA FALDA | S48: 140 | T48: TERNERA FALDA | AP48: FT / FERIA DE LA TOSCANA | AQ48: FT | AR48: FERIA DE LA TOSCANA | BA48: CA - Caja | BB48: CA | BC48: Caja | BL48: 7 / A0130320 -Alcalinas5- 6 gr. | BM48: 7 | BN48: A0130320 -Alcalinas5- 6 gr. | BP48: CL / Chile | BQ48: CL | BR48: Chile | CM48: 047 / Jijona y Turrón de Alicante | CN48: 047 | CO48: Jijona y Turrón de Alicante | CQ48: IS / ISLANDIA | CR48: IS | CS48: ISLANDIA | CU48: =CONCATENATE(CV48,"/",CW48) -> MS/MARTIN SELLIER | CV48: MS | CW48: MARTIN SELLIER | CY48: 047 / Jijona y Turrón de Alicante | CZ48: 047 | DA48: Jijona y Turrón de Alicante | DK48: R5/SSR Pta Hierro + Centros Top | DL48: R5 | DM48: SSR Pta Hierro + Centros Top | DO48: C6/TINTE 6 | DP48: C6 | DQ48: TINTE 6 | DS48: IR/IROHA | DT48: IR | DU48: IROHA | EG48: O / PENINSULA SUPERCOR EXPRESS FRESCOS | EH48: O | EI48: PENINSULA SUPERCOR EXPRESS FRESCOS | EK48: RMS/RG Madrid S | EL48: RMS | EM48: RG Madrid S | EU48: UE00 - Redondeo Unidad Embalaje 0% | EV48: UE00 | EW48: Redondeo Unidad Embalaje 0% | FE48: UE00 - Redondeo Unidad Embalaje 0% | FF48: UE00 | FG48: Redondeo Unidad Embalaje 0% | FI48: 544 / GC LUN-MIE-VIE-SAB | FJ48: 544 | FK48: GC LUN-MIE-VIE-SAB | FZ48: 0047 | GA48: 0 | GB48: ARIEL | GD48: SGE285 / PDP MERCABARNA | GE48: SGE285 | GF48: PDP MERCABARNA
D49: 0185 / PASTELERíA | E49: 0185 | F49: PASTELERíA | N49: =CONCATENATE(O49,"/",P49) -> CUÑA/CUÑA | O49: CUÑA | P49: CUÑA | R49: =CONCATENATE(S49," / ",T49) -> 141 / TERNERA FIL.1ªA | S49: 141 | T49: TERNERA FIL.1ªA | AP49: G / SUDESTE ASIATICO | AQ49: G | AR49: SUDESTE ASIATICO | BA49: KM - Kilometro | BB49: KM | BC49: Kilometro | BL49: 8 / A0130330 -Alcalinas7- 8 gr. | BM49: 8 | BN49: A0130330 -Alcalinas7- 8 gr. | BP49: CM / Camerún | BQ49: CM | BR49: Camerún | CM49: 048 / Mantecados de Astorga | CN49: 048 | CO49: Mantecados de Astorga | CQ49: EI / ITALIA | CR49: EI | CS49: ITALIA | CU49: =CONCATENATE(CV49,"/",CW49) -> MI/MAXIMO DEMARIA | CV49: MI | CW49: MAXIMO DEMARIA | CY49: 048 / Mantecados de Astorga | CZ49: 048 | DA49: Mantecados de Astorga | DK49: R6/Bloque centros Top | DL49: R6 | DM49: Bloque centros Top | DO49: A/75 ANIVERSARIO A | DP49: A | DQ49: 75 ANIVERSARIO A | DS49: EP/ESPEJOS DE MANO | DT49: EP | DU49: ESPEJOS DE MANO | EK49: RMM/RG Madrid M | EL49: RMM | EM49: RG Madrid M | EU49: UE01 - Redondeo Unidad Embalaje 1% | EV49: UE01 | EW49: Redondeo Unidad Embalaje 1% | FE49: UE01 - Redondeo Unidad Embalaje 1% | FF49: UE01 | FG49: Redondeo Unidad Embalaje 1% | FI49: 545 / GC LU-MI-JU-VI-SAB | FJ49: 545 | FK49: GC LU-MI-JU-VI-SAB | FZ49: 0048 | GA49: 0 | GB49: ARIOLA | GD49: SGE286 / PDP MERCASEVILLA | GE49: SGE286 | GF49: PDP MERCASEVILLA
D50: 0186 / BEBIDAS REFRESCANTES | E50: 0186 | F50: BEBIDAS REFRESCANTES | N50: =CONCATENATE(O50,"/",P50) -> CX./CAIXA | O50: CX. | P50: CAIXA | R50: =CONCATENATE(S50," / ",T50) -> 142 / TERNERA FIL.1ªB | S50: 142 | T50: TERNERA FIL.1ªB | AP50: GA / ORIGEN GALICIA | AQ50: GA | AR50: ORIGEN GALICIA | BA50: KM2 - Kilometro cuadrado | BB50: KM2 | BC50: Kilometro cuadrado | BL50: 9 / A0130340 -Alcalinas> 8 gr. | BM50: 9 | BN50: A0130340 -Alcalinas> 8 gr. | BP50: CN / China | BQ50: CN | BR50: China | CM50: 049 / Mantecados de Estepa | CN50: 049 | CO50: Mantecados de Estepa | CQ50: JP / JAPON | CR50: JP | CS50: JAPON | CU50: =CONCATENATE(CV50,"/",CW50) -> ME/Cluster 0 C/ Peces. Exp | CV50: ME | CW50: Cluster 0 C/ Peces. Exp | CY50: 049 / Mantecados de Estepa | CZ50: 049 | DA50: Mantecados de Estepa | DK50: RT/Todos los SR (Sutido Basico) | DL50: RT | DM50: Todos los SR (Sutido Basico) | DO50: B/75 ANIVERSARIO B | DP50: B | DQ50: 75 ANIVERSARIO B | DS50: BS/BODY SHOP | DT50: BS | DU50: BODY SHOP | EK50: RML/RG Madrid L | EL50: RML | EM50: RG Madrid L | EU50: UE05 - Redondeo Unidad Embalaje 5% | EV50: UE05 | EW50: Redondeo Unidad Embalaje 5% | FE50: UE05 - Redondeo Unidad Embalaje 5% | FF50: UE05 | FG50: Redondeo Unidad Embalaje 5% | FI50: 546 / GC MAR-MIE-JUE-SAB | FJ50: 546 | FK50: GC MAR-MIE-JUE-SAB | FZ50: 0049 | GA50: 0 | GB50: ARTEMUR | GD50: SGE287 / PDP MERCAVALENCIA | GE50: SGE287 | GF50: PDP MERCAVALENCIA
D51: 0187 / VINOS Y LICORES | E51: 0187 | F51: VINOS Y LICORES | N51: =CONCATENATE(O51,"/",P51) -> DIF./DIFUSOR | O51: DIF. | P51: DIFUSOR | R51: =CONCATENATE(S51," / ",T51) -> 143 / TERNERA LOMO | S51: 143 | T51: TERNERA LOMO | AP51: GB / BULGARIA | AQ51: GB | AR51: BULGARIA | BA51: KT - Kiloton | BB51: KT | BC51: Kiloton | BL51: 9 / A0130340 -Alcalinas> 8 gr. | BM51: 9 | BN51: A0130340 -Alcalinas> 8 gr. | BP51: CO / Colombia | BQ51: CO | BR51: Colombia | CM51: 050 / Mazapán de Toledo | CN51: 050 | CO51: Mazapán de Toledo | CQ51: GL / LETONIA | CR51: GL | CS51: LETONIA | CU51: =CONCATENATE(CV51,"/",CW51) -> MF/Cluster 1 C/ Peces. Exp | CV51: MF | CW51: Cluster 1 C/ Peces. Exp | CY51: 050 / Mazapán de Toledo | CZ51: 050 | DA51: Mazapán de Toledo | DK51: RC/SSR cafetería | DL51: RC | DM51: SSR cafetería | DO51: C/75 ANIVERSARIO C | DP51: C | DQ51: 75 ANIVERSARIO C | DS51: JK/JANEKE | DT51: JK | DU51: JANEKE | EK51: RMXL/RG Madrid XL | EL51: RMXL | EM51: RG Madrid XL | EU51: UE10 - Redondeo Unidad Embalaje 10% | EV51: UE10 | EW51: Redondeo Unidad Embalaje 10% | FE51: UE10 - Redondeo Unidad Embalaje 10% | FF51: UE10 | FG51: Redondeo Unidad Embalaje 10% | FI51: 547 / GC MA-MI-JU-VI-SAB | FJ51: 547 | FK51: GC MA-MI-JU-VI-SAB | FZ51: 0050 | GA51: 0 | GB51: ASALVO | GD51: SGE288 / PDP MERCAMALAGA | GE51: SGE288 | GF51: PDP MERCAMALAGA
D52: 0188 / REFRIGERADOS Y LACTEOS | E52: 0188 | F52: REFRIGERADOS Y LACTEOS | N52: =CONCATENATE(O52,"/",P52) -> DOSEAD./DOSEADOR | O52: DOSEAD. | P52: DOSEADOR | R52: =CONCATENATE(S52," / ",T52) -> 144 / TERNERA MAGRA | S52: 144 | T52: TERNERA MAGRA | AP52: GC / CROACIA | AQ52: GC | AR52: CROACIA | BA52: KWK - kgpa/kg | BB52: KWK | BC52: kgpa/kg | BP52: CR / Costa Rica | BQ52: CR | BR52: Costa Rica | CM52: 051 / Pan de Cea | CN52: 051 | CO52: Pan de Cea | CQ52: GI / LITUANIA | CR52: GI | CS52: LITUANIA | CU52: =CONCATENATE(CV52,"/",CW52) -> MG/Cluster 2 C/ Peces. Exp | CV52: MG | CW52: Cluster 2 C/ Peces. Exp | CY52: 051 / Pan de Cea | CZ52: 051 | DA52: Pan de Cea | DK52: SE/STAND ALONE ESCORIAL | DL52: SE | DM52: STAND ALONE ESCORIAL | DO52: D1/75 ANIVERSARIO D1 | DP52: D1 | DQ52: 75 ANIVERSARIO D1 | DS52: KF/KENFAY | DT52: KF | DU52: KENFAY | EK52: MUXS/RG Murcia XS | EL52: MUXS | EM52: RG Murcia XS | EU52: UE25 - Redondeo Unidad Embalaje 25% | EV52: UE25 | EW52: Redondeo Unidad Embalaje 25% | FE52: UE25 - Redondeo Unidad Embalaje 25% | FF52: UE25 | FG52: Redondeo Unidad Embalaje 25% | FI52: 548 / GC MAR-MIE-VIE-SAB | FJ52: 548 | FK52: GC MAR-MIE-VIE-SAB | FZ52: 0051 | GA52: 4 | GB52: DISPONIBLE0051 | GD52: SGE289 / PDP LONJA A CORUÑA | GE52: SGE289 | GF52: PDP LONJA A CORUÑA
D53: 0189 / CONGELADOS | E53: 0189 | F53: CONGELADOS | N53: =CONCATENATE(O53,"/",P53) -> DOSES/DOSES | O53: DOSES | P53: DOSES | R53: =CONCATENATE(S53," / ",T53) -> 145 / TERNERA PICADA | S53: 145 | T53: TERNERA PICADA | AP53: GH / HUNGRÍA | AQ53: GH | AR53: HUNGRÍA | BA53: L - Litro | BB53: L | BC53: Litro | BP53: CS / Serbia/Monten. | BQ53: CS | BR53: Serbia/Monten. | CM53: 052 / Pan de Cruz de Ciudad Real | CN53: 052 | CO53: Pan de Cruz de Ciudad Real | CQ53: GM / MALTA | CR53: GM | CS53: MALTA | CU53: =CONCATENATE(CV53,"/",CW53) -> MH/Cluster 3 C/ Peces. Exp | CV53: MH | CW53: Cluster 3 C/ Peces. Exp | CY53: 052 / Pan de Cruz de Ciudad Real | CZ53: 052 | DA53: Pan de Cruz de Ciudad Real | DK53: EX/Exportacion CHINA | DL53: EX | DM53: Exportacion CHINA | DO53: D2/75 ANIVERSARIO D2 | DP53: D2 | DQ53: 75 ANIVERSARIO D2 | DS53: RZ/RAZOR | DT53: RZ | DU53: RAZOR | EG53: REG_ECIGA | EH53: SAP | EI53: Descripcion | EK53: MUS/RG Murcia S | EL53: MUS | EM53: RG Murcia S | EU53: UE50 - Redondeo Unidad Embalaje 50% | EV53: UE50 | EW53: Redondeo Unidad Embalaje 50% | FE53: UE50 - Redondeo Unidad Embalaje 50% | FF53: UE50 | FG53: Redondeo Unidad Embalaje 50% | FI53: LMJ / GC LUN-MARTES-JUEV | FJ53: LMJ | FK53: GC LUN-MARTES-JUEV | FZ53: 0052 | GA53: 0 | GB53: ATENAS | GD53: SGE290 / PDP LONJA AVILES | GE53: SGE290 | GF53: PDP LONJA AVILES
D54: 0206 / DULCES Y DESAYUNOS | E54: 0206 | F54: DULCES Y DESAYUNOS | N54: =CONCATENATE(O54,"/",P54) -> DOSIFIC/DOSIFICADOR | O54: DOSIFIC | P54: DOSIFICADOR | R54: =CONCATENATE(S54," / ",T54) -> 146 / TERNERA SOLOMIL | S54: 146 | T54: TERNERA SOLOMIL | AP54: GI / LITUANIA | AQ54: GI | AR54: LITUANIA | BA54: LB - Libra | BB54: LB | BC54: Libra | BP54: CU / Cuba | BQ54: CU | BR54: Cuba | CM54: 053 / Sobao Pasiego | CN54: 053 | CO54: Sobao Pasiego | CQ54: MJ / MEJICO | CR54: MJ | CS54: MEJICO | CY54: 053 / Sobao Pasiego | CZ54: 053 | DA54: Sobao Pasiego | DK54: TU/Exportación Tesco U.K. | DL54: TU | DM54: Exportación Tesco U.K. | DO54: D3/75 ANIVERSARIO D3 | DP54: D3 | DQ54: 75 ANIVERSARIO D3 | DS54: CB/CIBITRA | DT54: CB | DU54: CIBITRA | EG54: P / PENINSULA | EH54: P | EI54: PENINSULA | EK54: MUM/RG Murcia M | EL54: MUM | EM54: RG Murcia M | EU54: UE60 - Redondeo Unidad Embalaje 60% | EV54: UE60 | EW54: Redondeo Unidad Embalaje 60% | FE54: UE60 - Redondeo Unidad Embalaje 60% | FF54: UE60 | FG54: Redondeo Unidad Embalaje 60% | FI54: LXJ / GC LUN-MIERCO-JUEV | FJ54: LXJ | FK54: GC LUN-MIERCO-JUEV | FZ54: 0053 | GA54: 0 | GB54: AURILIS | GD54: SGE292 / OC OBRA EN CURSO P. TERMINADO | GE54: SGE292 | GF54: OC OBRA EN CURSO P. TERMINADO
D55: 0207 / NUTRICION Y BIENESTAR | E55: 0207 | F55: NUTRICION Y BIENESTAR | N55: =CONCATENATE(O55,"/",P55) -> EMB./EMBALAGEM | O55: EMB. | P55: EMBALAGEM | R55: =CONCATENATE(S55," / ",T55) -> 147 / VACA FILET. 1ªA | S55: 147 | T55: VACA FILET. 1ªA | AP55: GJ / FERIA DE GUADALAJARA | AQ55: GJ | AR55: FERIA DE GUADALAJARA | BA55: UP - Un.poten. | BB55: UP | BC55: Un.poten. | BP55: CV / Cabo Verde | BQ55: CV | BR55: Cabo Verde | CM55: 054 / Tarta de Santiago | CN55: 054 | CO55: Tarta de Santiago | CQ55: EN / NORUEGA | CR55: EN | CS55: NORUEGA | CY55: 054 / Tarta de Santiago | CZ55: 054 | DA55: Tarta de Santiago | DK55: AS/Exportación Arabia | DL55: AS | DM55: Exportación Arabia | DO55: D4/75 ANIVERSARIO D4 | DP55: D4 | DQ55: 75 ANIVERSARIO D4 | DS55: BE/BELLIDO | DT55: BE | DU55: BELLIDO | EG55: I / CANARIAS | EH55: I | EI55: CANARIAS | EK55: MUL/RG Murcia L | EL55: MUL | EM55: RG Murcia L | EU55: UE80 - Redondeo Unidad Embalaje 80% | EV55: UE80 | EW55: Redondeo Unidad Embalaje 80% | FE55: UE80 - Redondeo Unidad Embalaje 80% | FF55: UE80 | FG55: Redondeo Unidad Embalaje 80% | FI55: LXV / GC LUN-MIERCO-VIE | FJ55: LXV | FK55: GC LUN-MIERCO-VIE | FZ55: 0054 | GA55: 0 | GB55: AURUM | GD55: SGE293 / OC OBRA EN CURSO MATERIA PRIMA | GE55: SGE293 | GF55: OC OBRA EN CURSO MATERIA PRIMA
D56: 0209 / ULTRAMARINOS DIVERSOS | E56: 0209 | F56: ULTRAMARINOS DIVERSOS | N56: =CONCATENATE(O56,"/",P56) -> ENVASE/ENVASE | O56: ENVASE | P56: ENVASE | R56: =CONCATENATE(S56," / ",T56) -> 148 / VACA LOMO | S56: 148 | T56: VACA LOMO | AP56: GL / LETONIA | AQ56: GL | AR56: LETONIA | BA56: LCK - l/100 km | BB56: LCK | BC56: l/100 km | BP56: CW / CURAÇAO | BQ56: CW | BR56: CURAÇAO | CM56: 055 / Turrón de Agramunt | CN56: 055 | CO56: Turrón de Agramunt | CQ56: CR / PAISES DEL CARIBE | CR56: CR | CS56: PAISES DEL CARIBE | CY56: 055 / Turrón de Agramunt | CZ56: 055 | DA56: Turrón de Agramunt | DK56: FW/Exportación Fenwick U.K. | DL56: FW | DM56: Exportación Fenwick U.K. | DO56: SH/SIN GLUTEN | DP56: SH | DQ56: SIN GLUTEN | DS56: VL/VITA LIBERATA | DT56: VL | DU56: VITA LIBERATA | EG56: T / TOTAL | EH56: T | EI56: TOTAL | EK56: MUXL/RG Murcia XL | EL56: MUXL | EM56: RG Murcia XL | EU56: UE99 - Redondeo Unidad de Embalaje Bricor 99,9% | EV56: UE99 | EW56: Redondeo Unidad de Embalaje Bricor 99,9% | FE56: UE99 - Redondeo Unidad de Embalaje Bricor 99,9% | FF56: UE99 | FG56: Redondeo Unidad de Embalaje Bricor 99,9% | FI56: MJS / GC MAR-JUEVES-SAB | FJ56: MJS | FK56: GC MAR-JUEVES-SAB | FZ56: 0055 | GA56: 4 | GB56: DISPONIBLE0055 | GD56: SGE301 / PDP MURCIA | GE56: SGE301 | GF56: PDP MURCIA
D57: 0219 / MASCOTAS | E57: 0219 | F57: MASCOTAS | N57: =CONCATENATE(O57,"/",P57) -> ESTUCHE/ESTUCHE | O57: ESTUCHE | P57: ESTUCHE | R57: =CONCATENATE(S57," / ",T57) -> 149 / VACA MORCILLO | S57: 149 | T57: VACA MORCILLO | AP57: GM / MALTA | AQ57: GM | AR57: MALTA | BA57: M - Metro | BB57: M | BC57: Metro | BP57: CX / Isla Christmas | BQ57: CX | BR57: Isla Christmas | CM57: 056 / Caballa de Andalucía | CN57: 056 | CO57: Caballa de Andalucía | CQ57: EE / PAISES DEL ESTE | CR57: EE | CS57: PAISES DEL ESTE | CY57: 056 / Caballa de Andalucía | CZ57: 056 | DA57: Caballa de Andalucía | DK57: PE/Exportación Perú | DL57: PE | DM57: Exportación Perú | DO57: ZP/OPCIONAL PENINSULA | DP57: ZP | DQ57: OPCIONAL PENINSULA | DS57: AA/ALVAREZ GOMEZ AMPLIADO | DT57: AA | DU57: ALVAREZ GOMEZ AMPLIADO | EG57: 005 / DO PORTUGAL | EH57: 005 | EI57: DO PORTUGAL | EK57: VAXS/RG Navarra XS | EL57: VAXS | EM57: RG Navarra XS | EU57: US01 - Redondeo Unidad Surtido 1% | EV57: US01 | EW57: Redondeo Unidad Surtido 1% | FE57: US01 - Redondeo Unidad Surtido 1% | FF57: US01 | FG57: Redondeo Unidad Surtido 1% | FI57: MJV / GC MART-JUEV-VIERN | FJ57: MJV | FK57: GC MART-JUEV-VIERN | FZ57: 0056 | GA57: 0 | GB57: AUTO BRILL | GD57: SGE302 / PTL BARCELONA | GE57: SGE302 | GF57: PTL BARCELONA
D58: 0239 / OBRADOR | E58: 0239 | F58: OBRADOR | N58: =CONCATENATE(O58,"/",P58) -> FCO./FRASCO | O58: FCO. | P58: FRASCO | R58: =CONCATENATE(S58," / ",T58) -> 15 / AÑOJO SOLOMILLO | S58: 15 | T58: AÑOJO SOLOMILLO | AP58: GP / POLONIA | AQ58: GP | AR58: POLONIA | BA58: M2 - Metro cuadrado | BB58: M2 | BC58: Metro cuadrado | BP58: CY / Chipre | BQ58: CY | BR58: Chipre | CM58: 057 / Mejillón de Galicia | CN58: 057 | CO58: Mejillón de Galicia | CQ58: EB / PAISES NORDICOS | CR58: EB | CS58: PAISES NORDICOS | CY58: 057 / Mejillón de Galicia | CZ58: 057 | DA58: Mejillón de Galicia | DK58: CU/Exportación Cuba | DL58: CU | DM58: Exportación Cuba | DO58: ZT/OPCIONAL TOTAL | DP58: ZT | DQ58: OPCIONAL TOTAL | DS58: AB/ALVAREZ GOMEZ BASICO | DT58: AB | DU58: ALVAREZ GOMEZ BASICO | EG58: 006 / IGP PORTUGAL | EH58: 006 | EI58: IGP PORTUGAL | EK58: VAS/RG Navarra S | EL58: VAS | EM58: RG Navarra S | EU58: US50 - Redondeo Unidad Surtido 50% | EV58: US50 | EW58: Redondeo Unidad Surtido 50% | FE58: US50 - Redondeo Unidad Surtido 50% | FF58: US50 | FG58: Redondeo Unidad Surtido 50% | FI58: MXV / GC MART-MIERC-VIER | FJ58: MXV | FK58: GC MART-MIERC-VIER | FZ58: 0057 | GA58: 0 | GB58: AUTOBULBS | GD58: SGE303 / PTL VALENCIA | GE58: SGE303 | GF58: PTL VALENCIA
D59: 0280 / DROGUERIA Y LIMPIEZA | E59: 0280 | F59: DROGUERIA Y LIMPIEZA | N59: =CONCATENATE(O59,"/",P59) -> FRASCA/FRASCA | O59: FRASCA | P59: FRASCA | R59: =CONCATENATE(S59," / ",T59) -> 150 / VACA SOLOMILLO | S59: 150 | T59: VACA SOLOMILLO | AP59: GR / RUSIA | AQ59: GR | AR59: RUSIA | BA59: M3 - Metro cúbico | BB59: M3 | BC59: Metro cúbico | BP59: CZ / República Checa | BQ59: CZ | BR59: República Checa | CM59: 058 / Melva de Andalucía | CN59: 058 | CO59: Melva de Andalucía | CQ59: GP / POLONIA | CR59: GP | CS59: POLONIA | CY59: 058 / Melva de Andalucía | CZ59: 058 | DA59: Melva de Andalucía | DK59: MX/Exportación Mexico Soriana | DL59: MX | DM59: Exportación Mexico Soriana | DO59: AD/ADHESIVOS | DP59: AD | DQ59: ADHESIVOS | DS59: PE/PERFELENA | DT59: PE | DU59: PERFELENA | EG59: X / NO APLICA | EH59: X | EI59: NO APLICA | EK59: VAM/RG Navarra M | EL59: VAM | EM59: RG Navarra M | EU59: US80 - Redondeo Unidad Surtido 80% | EV59: US80 | EW59: Redondeo Unidad Surtido 80% | FE59: US80 - Redondeo Unidad Surtido 80% | FF59: US80 | FG59: Redondeo Unidad Surtido 80% | FI59: PDM / GC PRIMER DIA MES | FJ59: PDM | FK59: GC PRIMER DIA MES | FZ59: 0058 | GA59: 0 | GB59: AUTOGLYM | GD59: SGE306 / PTL MALAGA | GE59: SGE306 | GF59: PTL MALAGA
D60: 0267 / FLOR Y PLANTA NATURAL | E60: 0267 | F60: FLOR Y PLANTA NATURAL | N60: =CONCATENATE(O60,"/",P60) -> FRASCO/FRASCO | O60: FRASCO | P60: FRASCO | R60: =CONCATENATE(S60," / ",T60) -> 151 / 13-16 CANAL | S60: 151 | T60: 13-16 CANAL | AP60: GS / SERBIA | AQ60: GS | AR60: SERBIA | BA60: MG - Microgramo | BB60: MG | BC60: Microgramo | BP60: DE / Alemania | BQ60: DE | BR60: Alemania | CM60: 059 / Botillo del Bierzo | CN60: 059 | CO60: Botillo del Bierzo | CQ60: PT / PORTUGAL | CR60: PT | CS60: PORTUGAL | CY60: 059 / Botillo del Bierzo | CZ60: 059 | DA60: Botillo del Bierzo | DK60: PH/Exportación Mexico PH | DL60: PH | DM60: Exportación Mexico PH | DO60: RV/NO USAR | DP60: RV | DQ60: NO USAR | DS60: X1/PERFELENA 1 | DT60: X1 | DU60: PERFELENA 1 | EK60: VAL/RG Navarra L | EL60: VAL | EM60: RG Navarra L | EU60: US99 - Redondeo Unidad de Surtido Bricor 99,9% | EV60: US99 | EW60: Redondeo Unidad de Surtido Bricor 99,9% | FE60: US99 - Redondeo Unidad de Surtido Bricor 99,9% | FF60: US99 | FG60: Redondeo Unidad de Surtido Bricor 99,9% | FI60: PVM / GC PRIMER VIERNES DEL MES | FJ60: PVM | FK60: GC PRIMER VIERNES DEL MES | FZ60: 0059 | GA60: 0 | GB60: AUTOPLOMO | GD60: SGE351 / AL VALDEMORO MOSTOLES INDUST. | GE60: SGE351 | GF60: AL VALDEMORO MOSTOLES INDUST.
D61: 0395 / BAR GOURMET | E61: 0395 | F61: BAR GOURMET | N61: =CONCATENATE(O61,"/",P61) -> GALON/GALON | O61: GALON | P61: GALON | R61: =CONCATENATE(S61," / ",T61) -> 152 / 13-16 CHULETAS | S61: 152 | T61: 13-16 CHULETAS | AP61: GU / RUMANÍA | AQ61: GU | AR61: RUMANÍA | BA61: MI - Milla | BB61: MI | BC61: Milla | BP61: DJ / Yibuti | BQ61: DJ | BR61: Yibuti | CM61: 060 / Cecina de León | CN61: 060 | CO61: Cecina de León | CQ61: EP / PORTUGAL | CR61: EP | CS61: PORTUGAL | CY61: 060 / Cecina de León | CZ61: 060 | DA61: Cecina de León | DK61: ON/Exportación China On Line | DL61: ON | DM61: Exportación China On Line | DO61: MY/MAYBELLINE | DP61: MY | DQ61: MAYBELLINE | DS61: X2/PERFELENA 2 | DT61: X2 | DU61: PERFELENA 2 | EK61: VAXL/RG Navarra XL | EL61: VAXL | EM61: RG Navarra XL | EU61: Z002 - Perfil redondeo ECIGA | EV61: Z002 | EW61: Perfil redondeo ECIGA | FE61: Z002 - Perfil redondeo ECIGA | FF61: Z002 | FG61: Perfil redondeo ECIGA | FI61: 546 / GC MAR-MIE-JUE-SAB | FJ61: 546 | FK61: GC MAR-MIE-JUE-SAB | FZ61: 0060 | GA61: 0 | GB61: AUTOSOCK | GD61: SGE388 / AL PPR - TEXTO VALDEMORO | GE61: SGE388 | GF61: AL PPR - TEXTO VALDEMORO
D62: 0462 / HOSTELETERIA EXTERNA | E62: 0462 | F62: HOSTELETERIA EXTERNA | N62: =CONCATENATE(O62,"/",P62) -> GARRAFA/GARRAFA | O62: GARRAFA | P62: GARRAFA | R62: =CONCATENATE(S62," / ",T62) -> 153 / 13-16 FAL-CUEL | S62: 153 | T62: 13-16 FAL-CUEL | AP62: GW / ESTONIA | AQ62: GW | AR62: ESTONIA | BA62: MI2 - Milla cuad | BB62: MI2 | BC62: Milla cuad | BP62: DK / Dinamarca | BQ62: DK | BR62: Dinamarca | CM62: 061 / Dehesa de Extremadura | CN62: 061 | CO62: Dehesa de Extremadura | CQ62: GX / REPUBLICA CHECA | CR62: GX | CS62: REPUBLICA CHECA | CY62: 061 / Dehesa de Extremadura | CZ62: 061 | DA62: Dehesa de Extremadura | DK62: BA/Exportación ECI Alosra Bahrain | DL62: BA | DM62: Exportación ECI Alosra Bahrain | DO62: MB/MAYBELLINE SUPERCOR | DP62: MB | DQ62: MAYBELLINE SUPERCOR | DS62: AS/ASPRONA | DT62: AS | DU62: ASPRONA | EK62: PVXS/RG P Vasco XS | EL62: PVXS | EM62: RG P Vasco XS | EU62: ZFMS - Redondeo a unidad de pedido - FMS | EV62: ZFMS | EW62: Redondeo a unidad de pedido - FMS | FE62: ZFMS - Redondeo a unidad de pedido - FMS | FF62: ZFMS | FG62: Redondeo a unidad de pedido - FMS | FI62: 547 / GC MA-MI-JU-VI-SAB | FJ62: 547 | FK62: GC MA-MI-JU-VI-SAB | FZ62: 0061 | GA62: 4 | GB62: DISPONIBLE0061 | GD62: SGE407 / PDP EL GORO | GE62: SGE407 | GF62: PDP EL GORO
D63: 0495 / MASCOTAS ESPECIALIZADAS | E63: 0495 | F63: MASCOTAS ESPECIALIZADAS | N63: =CONCATENATE(O63,"/",P63) -> GFA./GARRAFA | O63: GFA. | P63: GARRAFA | R63: =CONCATENATE(S63," / ",T63) -> 154 / 13-16 PALETILLA | S63: 154 | T63: 13-16 PALETILLA | AP63: GX / REP. CHECA | AQ63: GX | AR63: REP. CHECA | BA63: µM - Micrometro | BB63: µM | BC63: Micrometro | BP63: DM / Dominica | BQ63: DM | BR63: Dominica | CM63: 062 / Guijuelo | CN63: 062 | CO63: Guijuelo | CQ63: GU / RUMANIA | CR63: GU | CS63: RUMANIA | CY63: 062 / Guijuelo | CZ63: 062 | DA63: Guijuelo | DK63: DA/Exportación ECI Danube Arabia | DL63: DA | DM63: Exportación ECI Danube Arabia | DO63: MF/MAX FACTOR | DP63: MF | DQ63: MAX FACTOR | DS63: BB/BANANA BOAT | DT63: BB | DU63: BANANA BOAT | EK63: PVS/RG P Vasco S | EL63: PVS | EM63: RG P Vasco S | FI63: 548 / GC MAR-MIE-VIE-SAB | FJ63: 548 | FK63: GC MAR-MIE-VIE-SAB | FZ63: 0062 | GA63: 0 | GB63: AVIA | GD63: SGE419 / PDP GÜIMAR | GE63: SGE419 | GF63: PDP GÜIMAR
D64: 0557 / PERFUMERIA BASICA | E64: 0557 | F64: PERFUMERIA BASICA | N64: =CONCATENATE(O64,"/",P64) -> GFAO./GARRAFÃO | O64: GFAO. | P64: GARRAFÃO | R64: =CONCATENATE(S64," / ",T64) -> 155 / 13-16 PIERNA | S64: 155 | T64: 13-16 PIERNA | AP64: IB / ISLAS BALEARES | AQ64: IB | AR64: ISLAS BALEARES | BA64: ML - Mililitro | BB64: ML | BC64: Mililitro | BP64: DO / Rep.Dominicana | BQ64: DO | BR64: Rep.Dominicana | CM64: 063 / Jabugo | CN64: 063 | CO64: Jabugo | CQ64: GR / RUSIA | CR64: GR | CS64: RUSIA | CY64: 063 / Jabugo | CZ64: 063 | DA64: Jabugo | DK64: DV/Exportación DVD | DL64: DV | DM64: Exportación DVD | DO64: F2/MF2 | DP64: F2 | DQ64: MF2 | DS64: RP/AGATHA RUIZ DE LA PRADA | DT64: RP | DU64: AGATHA RUIZ DE LA PRADA | EK64: PVM/RG P Vasco M | EL64: PVM | EM64: RG P Vasco M | FI64: LMJ / GC LUN-MARTES-JUEV | FJ64: LMJ | FK64: GC LUN-MARTES-JUEV | FZ64: 0063 | GA64: 0 | GB64: AXIS | GD64: SGE466 / AL CACERES | GE64: SGE466 | GF64: AL CACERES
D65: 0612 / EXPORTACIÓN | E65: 0612 | F65: EXPORTACIÓN | N65: =CONCATENATE(O65,"/",P65) -> GLOBO/GLOBO | O65: GLOBO | P65: GLOBO | R65: =CONCATENATE(S65," / ",T65) -> 156 / EMBUTIDOS | S65: 156 | T65: EMBUTIDOS | AP65: IN / INDIA | AQ65: IN | AR65: INDIA | BA65: MLW - ml pr.act. | BB65: MLW | BC65: ml pr.act. | BP65: DZ / Argelia | BQ65: DZ | BR65: Argelia | CM65: 064 / Jamón de Teruel | CN65: 064 | CO65: Jamón de Teruel | CQ65: ST / SANTO DOMINGO | CR65: ST | CS65: SANTO DOMINGO | CY65: 064 / Jamón de Teruel | CZ65: 064 | DA65: Jamón de Teruel | DK65: CB/Exportacion CIMEX Cuba | DL65: CB | DM65: Exportacion CIMEX Cuba | DO65: RM/RIMMEL | DP65: RM | DQ65: RIMMEL | DS65: RV/REVLON | DT65: RV | DU65: REVLON | EK65: PVL/RG P Vasco L | EL65: PVL | EM65: RG P Vasco L | FI65: LXJ / GC LUN-MIERCO-JUEV | FJ65: LXJ | FK65: GC LUN-MIERCO-JUEV | FZ65: 0064 | GA65: 0 | GB65: B.A.C. BIBLIOTE | GD65: SGE467 / AL TERUEL | GE65: SGE467 | GF65: AL TERUEL
D66: 0625 / CAMPAÑA DE FIDELIZACION | E66: 0625 | F66: CAMPAÑA DE FIDELIZACION | N66: =CONCATENATE(O66,"/",P66) -> GRANEL/GRANEL | O66: GRANEL | P66: GRANEL | R66: =CONCATENATE(S66," / ",T66) -> 157 / ALBONDIGAS | S66: 157 | T66: ALBONDIGAS | AP66: IS / ISLANDIA | AQ66: IS | AR66: ISLANDIA | BA66: MM - Milimetro | BB66: MM | BC66: Milimetro | BP66: EC / Ecuador | BQ66: EC | BR66: Ecuador | CM66: 065 / Los Pedroches | CN66: 065 | CO66: Los Pedroches | CQ66: GS / SERBIA | CR66: GS | CS66: SERBIA | CY66: 065 / Los Pedroches | CZ66: 065 | DA66: Los Pedroches | DK66: GL/Exportacion ECI Globus Suiza | DL66: GL | DM66: Exportacion ECI Globus Suiza | DO66: PL/a eliminar | DP66: PL | DQ66: a eliminar | DS66: 0T/CLUSTER 0T | DT66: 0T | DU66: CLUSTER 0T | EK66: PVXL/RG P Vasco XL | EL66: PVXL | EM66: RG P Vasco XL | FI66: LXV / GC LUN-MIERCO-VIE | FJ66: LXV | FK66: GC LUN-MIERCO-VIE | FZ66: 0065 | GA66: 0 | GB66: BABIDU | GD66: SGE507 / PDP ALCOCHETE | GE66: SGE507 | GF66: PDP ALCOCHETE
D67: 0663 / COCINA CENTRA | E67: 0663 | F67: COCINA CENTRA | N67: =CONCATENATE(O67,"/",P67) -> JARRA/JARRA | O67: JARRA | P67: JARRA | R67: =CONCATENATE(S67," / ",T67) -> 158 / ANGUS 1ª A | S67: 158 | T67: ANGUS 1ª A | AP67: JP / ORIGEN JAPON | AQ67: JP | AR67: ORIGEN JAPON | BA67: MM2 - Milimetro cuadrado | BB67: MM2 | BC67: Milimetro cuadrado | BP67: EE / Estonia | BQ67: EE | BR67: Estonia | CM67: 066 / Jamón los Pedroches | CN67: 066 | CO67: Jamón los Pedroches | CQ67: SD / SUDAFRICA | CR67: SD | CS67: SUDAFRICA | CY67: 066 / Jamón los Pedroches | CZ67: 066 | DA67: Jamón los Pedroches | DK67: MG/Exportacion ECI Masiadi Guatem | DL67: MG | DM67: Exportacion ECI Masiadi Guatem | DO67: CV/COVAP | DP67: CV | DQ67: COVAP | DS67: 0P/CLUSTER 0P | DT67: 0P | DU67: CLUSTER 0P | EK67: VEXS/Verano XS | EL67: VEXS | EM67: Verano XS | FI67: MJS / GC MAR-JUEVES-SAB | FJ67: MJS | FK67: GC MAR-JUEVES-SAB | FZ67: 0066 | GA67: 4 | GB67: DISPONIBLE0066 | GD67: SGEFIC / EFIC | GE67: SGEFIC | GF67: EFIC
D68: 0870 / PERFUMERIA | E68: 0870 | F68: PERFUMERIA | N68: =CONCATENATE(O68,"/",P68) -> KIT/KIT | O68: KIT | P68: KIT | R68: =CONCATENATE(S68," / ",T68) -> 159 / ANGUS LOMO | S68: 159 | T68: ANGUS LOMO | AP68: LG / LAGUEDOC ROUSILLON | AQ68: LG | AR68: LAGUEDOC ROUSILLON | BA68: MM3 - Milimetro cúbico | BB68: MM3 | BC68: Milimetro cúbico | BP68: EG / Egipto | BQ68: EG | BR68: Egipto | CM68: 067 / Lacón Gallego | CN68: 067 | CO68: Lacón Gallego | CQ68: EW / SUECIA | CR68: EW | CS68: SUECIA | CY68: 067 / Lacón Gallego | CZ68: 067 | DA68: Lacón Gallego | DK68: PM/Exportación ECI Rey Panamá | DL68: PM | DM68: Exportación ECI Rey Panamá | DO68: R1/REVLON 1 | DP68: R1 | DQ68: REVLON 1 | DS68: 0I/CLUSTER 0I | DT68: 0I | DU68: CLUSTER 0I | EK68: VES/Verano S | EL68: VES | EM68: Verano S | FI68: MJV / GC MART-JUEV-VIERN | FJ68: MJV | FK68: GC MART-JUEV-VIERN | FZ68: 0067 | GA68: 4 | GB68: DISPONIBLE0067 | GD68: SGEREGION1 / Surtido General Región 01.ECI | GE68: SGEREGION1 | GF68: Surtido General Región 01.ECI
D69: 0983 / PRENSA REVISTA SNACK | E69: 0983 | F69: PRENSA REVISTA SNACK | N69: =CONCATENATE(O69,"/",P69) -> LAPIZ/LAPIZ | O69: LAPIZ | P69: LAPIZ | R69: =CONCATENATE(S69," / ",T69) -> 16 / BUEY LOMO | S69: 16 | T69: BUEY LOMO | AP69: LN / ORIGEN LINARES | AQ69: LN | AR69: ORIGEN LINARES | BA69: NAM - Nanometro | BB69: NAM | BC69: Nanometro | BP69: EH / Sáhara occid. | BQ69: EH | BR69: Sáhara occid. | CM69: 068 / Salchichón de Vic o Llonganiss | CN69: 068 | CO69: Salchichón de Vic o Llonganiss | CQ69: EZ / SUIZA | CR69: EZ | CS69: SUIZA | CY69: 068 / Salchichón de Vic o Llonganiss | CZ69: 068 | DA69: Salchichón de Vic o Llonganiss | DK69: FL/Exportacion RUSTANS Filipinas | DL69: FL | DM69: Exportacion RUSTANS Filipinas | DO69: R2/REVLON 2 | DP69: R2 | DQ69: REVLON 2 | DS69: 1T/CLUSTER 1T | DT69: 1T | DU69: CLUSTER 1T | EK69: VEM/Verano M | EL69: VEM | EM69: Verano M | FI69: MXV / GC MART-MIERC-VIER | FJ69: MXV | FK69: GC MART-MIERC-VIER | FZ69: 0068 | GA69: 0 | GB69: BABY NURSE | GD69: SGEREGION2 / Surtido General Región 02.ECI | GE69: SGEREGION2 | GF69: Surtido General Región 02.ECI
N70: =CONCATENATE(O70,"/",P70) -> LATA/LATA | O70: LATA | P70: LATA | R70: =CONCATENATE(S70," / ",T70) -> 160 / BROCHETAS | S70: 160 | T70: BROCHETAS | AP70: LR / ORIGEN LA RIOJA | AQ70: LR | AR70: ORIGEN LA RIOJA | BA70: OZ - Onza | BB70: OZ | BC70: Onza | BP70: ER / Eritrea | BQ70: ER | BR70: Eritrea | CM70: 069 / Sobrasada de Mallorca | CN70: 069 | CO70: Sobrasada de Mallorca | CQ70: TQ / TURQUIA | CR70: TQ | CS70: TURQUIA | CY70: 069 / Sobrasada de Mallorca | CZ70: 069 | DA70: Sobrasada de Mallorca | DK70: TH/Exportacion ECI Med Thailandia | DL70: TH | DM70: Exportacion ECI Med Thailandia | DO70: R3/REVLON 3 | DP70: R3 | DQ70: REVLON 3 | DS70: 1P/CLUSTER 1P | DT70: 1P | DU70: CLUSTER 1P | EK70: VEL/Verano L | EL70: VEL | EM70: Verano L | FI70: PDM / GC PRIMER DIA MES | FJ70: PDM | FK70: GC PRIMER DIA MES | FZ70: 0069 | GA70: 0 | GB70: BABY-UP | GD70: SGEREGION3 / Surtido General Región 03.ECI | GE70: SGEREGION3 | GF70: Surtido General Región 03.ECI
N71: =CONCATENATE(O71,"/",P71) -> LAZO/LAZO | O71: LAZO | P71: LAZO | R71: =CONCATENATE(S71," / ",T71) -> 161 / CAPON | S71: 161 | T71: CAPON | AP71: MA / ORIGEN MADRID | AQ71: MA | AR71: ORIGEN MADRID | BA71: OZL - Onza lí.EU | BB71: OZL | BC71: Onza lí.EU | BP71: ES / España | BQ71: ES | BR71: España | CM71: 070 / Chosco de Tineo | CN71: 070 | CO71: Chosco de Tineo | CQ71: PO / PRODUCTOS ORIENTALES | CR71: PO | CS71: PRODUCTOS ORIENTALES | CY71: 070 / Chosco de Tineo | CZ71: 070 | DA71: Chosco de Tineo | DK71: EC/Exportación ECI Fav Ecuador | DL71: EC | DM71: Exportación ECI Fav Ecuador | DO71: LO/L' OREAL | DP71: LO | DQ71: L' OREAL | DS71: 1I/CLUSTER 1I | DT71: 1I | DU71: CLUSTER 1I | EK71: VEXL/Verano XL | EL71: VEXL | EM71: Verano XL | FI71: PVM / GC PRIMER VIERNES DEL MES | FJ71: PVM | FK71: GC PRIMER VIERNES DEL MES | FZ71: 0070 | GA71: 4 | GB71: DISPONIBLE0070 | GD71: SGEREGION4 / Surtido General Región 04.ECI | GE71: SGEREGION4 | GF71: Surtido General Región 04.ECI
N72: =CONCATENATE(O72,"/",P72) -> LICORER/LICORERA | O72: LICORER | P72: LICORERA | R72: =CONCATENATE(S72," / ",T72) -> 162 / CERDO BUTIFARRA | S72: 162 | T72: CERDO BUTIFARRA | AP72: MG / FERIA DE MALAGA | AQ72: MG | AR72: FERIA DE MALAGA | BA72: P00 - Palet | BB72: P00 | BC72: Palet | BP72: ET / Etiopía | BQ72: ET | BR72: Etiopía | CM72: 071 / Chorizo Riojano | CN72: 071 | CO72: Chorizo Riojano | CQ72: TX / PRODUCTO TEX-MEX | CR72: TX | CS72: PRODUCTO TEX-MEX | CY72: 071 / Chorizo Riojano | CZ72: 071 | DA72: Chorizo Riojano | DK72: FR/Exportación ECI Lage Francia | DL72: FR | DM72: Exportación ECI Lage Francia | DO72: HG/H.G. | DP72: HG | DQ72: H.G. | DS72: 2T/CLUSTER 2T | DT72: 2T | DU72: CLUSTER 2T | EK72: NAXS/Navidad XS | EL72: NAXS | EM72: Navidad XS | FZ72: 0071 | GA72: 0 | GB72: BAGSTER | GD72: SGETOTAL / Surtido General Nacional | GE72: SGETOTAL | GF72: Surtido General Nacional
N73: =CONCATENATE(O73,"/",P73) -> LOTE/LOTE | O73: LOTE | P73: LOTE | R73: =CONCATENATE(S73," / ",T73) -> 163 / CERDO CARRILLAD | S73: 163 | T73: CERDO CARRILLAD | AP73: MJ / FERIA MEJICO | AQ73: MJ | AR73: FERIA MEJICO | BA73: PAL - Palet | BB73: PAL | BC73: Palet | BP73: EU / Unión Europea | BQ73: EU | BR73: Unión Europea | CM73: 072 / Chorizo de Cantimpalos | CN73: 072 | CO73: Chorizo de Cantimpalos | CQ73: PP / PRODUCTOS PERUANOS | CR73: PP | CS73: PRODUCTOS PERUANOS | CY73: 072 / Chorizo de Cantimpalos | CZ73: 072 | DA73: Chorizo de Cantimpalos | DK73: PG/Exportación ECI Vierc Paraguay | DL73: PG | DM73: Exportación ECI Vierc Paraguay | DO73: BM/Bombillas | DP73: BM | DQ73: Bombillas | DS73: 2P/CLUSTER 2P | DT73: 2P | DU73: CLUSTER 2P | EK73: NAS/Navidad S | EL73: NAS | EM73: Navidad S | FZ73: 0072 | GA73: 4 | GB73: DISPONIBLE0072
N74: =CONCATENATE(O74,"/",P74) -> MALETA/MALETA | O74: MALETA | P74: MALETA | R74: =CONCATENATE(S74," / ",T74) -> 164 / CERDO LOMO AJIL | S74: 164 | T74: CERDO LOMO AJIL | AP74: MU / ALIMENTOS MURCIANOS | AQ74: MU | AR74: ALIMENTOS MURCIANOS | BA74: CEB - ParticipGr | BB74: CEB | BC74: ParticipGr | BP74: FI / Finlandia | BQ74: FI | BR74: Finlandia | CM74: 073 / Afuega'l Pitu | CN74: 073 | CO74: Afuega'l Pitu | CQ74: TK / TIENDA KOSHER | CR74: TK | CS74: TIENDA KOSHER | CY74: 073 / Afuega'l Pitu | CZ74: 073 | DA74: Afuega'l Pitu | DK74: KS/Exportación ECI FARM KSA | DL74: KS | DM74: Exportación ECI FARM KSA | DO74: BS/BELLAOGGI SUPERCOR | DP74: BS | DQ74: BELLAOGGI SUPERCOR | DS74: 2I/CLUSTER 2I | DT74: 2I | DU74: CLUSTER 2I | EK74: NAM/Navidad M | EL74: NAM | EM74: Navidad M | FZ74: 0073 | GA74: 4 | GB74: DISPONIBLE0073
N75: =CONCATENATE(O75,"/",P75) -> MANOJO/MANOJO | O75: MANOJO | P75: MANOJO | R75: =CONCATENATE(S75," / ",T75) -> 165 / CERDO RELLENOS | S75: 165 | T75: CERDO RELLENOS | AP75: NA / MERCANCIA DE NAVIDAD | AQ75: NA | AR75: MERCANCIA DE NAVIDAD | BA75: PRS - Personas | BB75: PRS | BC75: Personas | BP75: FJ / Fiyi | BQ75: FJ | BR75: Fiyi | CM75: 074 / Arzúa-Ulloa | CN75: 074 | CO75: Arzúa-Ulloa | CQ75: TS / TIENDA SANTIVERI | CR75: TS | CS75: TIENDA SANTIVERI | CY75: 074 / Arzúa-Ulloa | CZ75: 074 | DA75: Arzúa-Ulloa | DK75: PF/Exportación ECI Picwic Francia | DL75: PF | DM75: Exportación ECI Picwic Francia | DO75: GB/GABBIANO | DP75: GB | DQ75: GABBIANO | DS75: 3T/CLUSTER 3T | DT75: 3T | DU75: CLUSTER 3T | EK75: NAL/Navidad L | EL75: NAL | EM75: Navidad L | FZ75: 0074 | GA75: 4 | GB75: DISPONIBLE0074
N76: =CONCATENATE(O76,"/",P76) -> MINBRIK/MINI BRIK | O76: MINBRIK | P76: MINI BRIK | R76: =CONCATENATE(S76," / ",T76) -> 166 / COCHINILLO | S76: 166 | T76: COCHINILLO | AP76: NV / ORIGEN NAVARRA | AQ76: NV | AR76: ORIGEN NAVARRA | BA76: PT - Pinta l.EU | BB76: PT | BC76: Pinta l.EU | BP76: FK / Islas Malvinas | BQ76: FK | BR76: Islas Malvinas | CM76: 075 / Cabrales | CN76: 075 | CO76: Cabrales | CQ76: US / ESTADOS UNIDOS | CR76: US | CS76: ESTADOS UNIDOS | CY76: 075 / Cabrales | CZ76: 075 | DA76: Cabrales | DK76: DB/Exportación ECI Delh. Belgica | DL76: DB | DM76: Exportación ECI Delh. Belgica | DO76: BA/BABARIA SUPERCOR | DP76: BA | DQ76: BABARIA SUPERCOR | DS76: 3P/CLUSTER 3P | DT76: 3P | DU76: CLUSTER 3P | EK76: NAXL/Navidad XL | EL76: NAXL | EM76: Navidad XL | FZ76: 0075 | GA76: 4 | GB76: DIPONIBLE0075
N77: =CONCATENATE(O77,"/",P77) -> MOINHO/MOINHO | O77: MOINHO | P77: MOINHO | R77: =CONCATENATE(S77," / ",T77) -> 168 / CORRAL TRASEROS | S77: 168 | T77: CORRAL TRASEROS | AP77: NX / NAVIDADES EUROPEAS | AQ77: NX | AR77: NAVIDADES EUROPEAS | BA77: Q - Quintal | BB77: Q | BC77: Quintal | BP77: FM / Micronesia | BQ77: FM | BR77: Micronesia | CM77: 076 / Cebreiro | CN77: 076 | CO77: Cebreiro | CQ77: VA / COMUNIDAD VALENCIANA | CR77: VA | CS77: COMUNIDAD VALENCIANA | CY77: 076 / Cebreiro | CZ77: 076 | DA77: Cebreiro | DK77: CH/Exportación ECI ou jue China | DL77: CH | DM77: Exportación ECI ou jue China | DO77: EC/ECRAN SUPERCOR | DP77: EC | DQ77: ECRAN SUPERCOR | DS77: 3I/CLUSTER 3I | DT77: 3I | DU77: CLUSTER 3I | EK77: TI/Surtido Francés | EL77: TI | EM77: Surtido Francés | FZ77: 0076 | GA77: 4 | GB77: DISPONIBLE0076
N78: =CONCATENATE(O78,"/",P78) -> P/PERFUMERIA | O78: P | P78: PERFUMERIA | R78: =CONCATENATE(S78," / ",T78) -> 169 / COSTILLA | S78: 169 | T78: COSTILLA | AP78: PO / PRODUCTOS ORIENTALES | AQ78: PO | AR78: PRODUCTOS ORIENTALES | BA78: CTO - Cuarto EU | BB78: CTO | BC78: Cuarto EU | BP78: FO / Islas Feroe | BQ78: FO | BR78: Islas Feroe | CM78: 077 / Gamonedo | CN78: 077 | CO78: Gamonedo | CQ78: VM / VIETNAM | CR78: VM | CS78: VIETNAM | CY78: 077 / Gamonedo | CZ78: 077 | DA78: Gamonedo | DK78: CY/Exportacion ECI yong hui China | DL78: CY | DM78: Exportacion ECI yong hui China | DO78: PB/PUIZ BUIN SUPERCOR | DP78: PB | DQ78: PUIZ BUIN SUPERCOR | DS78: 4T/CLUSTER 4T | DT78: 4T | DU78: CLUSTER 4T | EK78: RV/Surtido Ruso | EL78: RV | EM78: Surtido Ruso | FZ78: 0077 | GA78: 0 | GB78: BARCELO
N79: =CONCATENATE(O79,"/",P79) -> PACK/PACK | O79: PACK | P79: PACK | R79: =CONCATENATE(S79," / ",T79) -> 17 / BUEY RABO | S79: 17 | T79: BUEY RABO | AP79: PP / PRODUCTOS PERUANOS | AQ79: PP | AR79: PRODUCTOS PERUANOS | BA79: ROL - Rollos | BB79: ROL | BC79: Rollos | BP79: FR / Francia | BQ79: FR | BR79: Francia | CM79: 078 / Idiazábal | CN79: 078 | CO79: Idiazábal | CQ79: XE / ESLOVENIA | CR79: XE | CS79: ESLOVENIA | CY79: 078 / Idiazábal | CZ79: 078 | DA79: Idiazábal | DK79: MO/Exportacion ECI Nomin Mongolia | DL79: MO | DM79: Exportacion ECI Nomin Mongolia | DO79: ST/Solares Tropez | DP79: ST | DQ79: Solares Tropez | DS79: 4P/CLUSTER 4P | DT79: 4P | DU79: CLUSTER 4P | EK79: LXXS/Luxury XS | EL79: LXXS | EM79: Luxury XS | FZ79: 0078 | GA79: 4 | GB79: DISPONIBLE0078
N80: =CONCATENATE(O80,"/",P80) -> PACK-3/PACK 3 | O80: PACK-3 | P80: PACK 3 | R80: =CONCATENATE(S80," / ",T80) -> 170 / CUK ALAS | S80: 170 | T80: CUK ALAS | AP80: PT / PORTUGAL | AQ80: PT | AR80: PORTUGAL | BA80: PI - Pieza | BB80: PI | BC80: Pieza | BP80: GA / Gabón | BQ80: GA | BR80: Gabón | CM80: 079 / Mahón - Menorca | CN80: 079 | CO80: Mahón - Menorca | CQ80: XM / EXTREMADURA | CR80: XM | CS80: EXTREMADURA | CY80: 079 / Mahón - Menorca | CZ80: 079 | DA80: Mahón - Menorca | DK80: CO/Exportacion ECI Exito Colombia | DL80: CO | DM80: Exportacion ECI Exito Colombia | DO80: ES/ESSIE | DP80: ES | DQ80: ESSIE | DS80: 4I/CLUSTER 4I | DT80: 4I | DU80: CLUSTER 4I | EK80: LXS/Luxury S | EL80: LXS | EM80: Luxury S | FZ80: 0079 | GA80: 0 | GB80: BASIC
N81: =CONCATENATE(O81,"/",P81) -> PACK-5/PACK-5 | O81: PACK-5 | P81: PACK-5 | R81: =CONCATENATE(S81," / ",T81) -> 171 / CUK FILETES | S81: 171 | T81: CUK FILETES | AP81: PV / ORIGEN PAIS VASCO | AQ81: PV | AR81: ORIGEN PAIS VASCO | BA81: TAB - Tableta | BB81: TAB | BC81: Tableta | BP81: GB / Reino Unido | BQ81: GB | BR81: Reino Unido | CM81: 080 / Mantequilla de l'Alt Urgell y | CN81: 080 | CO81: Mantequilla de l'Alt Urgell y | CQ81: XQ / ESLOVAQUIA | CR81: XQ | CS81: ESLOVAQUIA | CY81: 080 / Mantequilla de l'Alt Urgell y | CZ81: 080 | DA81: Mantequilla de l'Alt Urgell y | DK81: SP/Exportacion ECI Spennies Liban | DL81: SP | DM81: Exportacion ECI Spennies Liban | DO81: YM/YAMO | DP81: YM | DQ81: YAMO | DS81: 5T/CLUSTER 5T | DT81: 5T | DU81: CLUSTER 5T | EK81: LXM/Luxury M | EL81: LXM | EM81: Luxury M | FZ81: 0080 | GA81: 4 | GB81: DISPONIBLE0080
N82: =CONCATENATE(O82,"/",P82) -> PACK10/PACK10 | O82: PACK10 | P82: PACK10 | R82: =CONCATENATE(S82," / ",T82) -> 172 / CUK JAMONCITOS | S82: 172 | T82: CUK JAMONCITOS | AP82: QP / QUESOS EN PEQUEÑO FORMA | AQ82: QP | AR82: QUESOS EN PEQUEÑO FORMA | BA82: TS - Miles | BB82: TS | BC82: Miles | BP82: GD / Granada | BQ82: GD | BR82: Granada | CM82: 081 / Mantequilla de Soria | CN82: 081 | CO82: Mantequilla de Soria | CQ82: XD / MOLDAVIA | CR82: XD | CS82: MOLDAVIA | CY82: 081 / Mantequilla de Soria | CZ82: 081 | DA82: Mantequilla de Soria | DK82: RD/Exportacion ECI Vima Dominican | DL82: RD | DM82: Exportacion ECI Vima Dominican | DO82: ET/ETNIA | DP82: ET | DQ82: ETNIA | DS82: 5P/CLUSTER 5P | DT82: 5P | DU82: CLUSTER 5P | EK82: LXL/Luxury L | EL82: LXL | EM82: Luxury L | FZ82: 0081 | GA82: 0 | GB82: BBS
N83: =CONCATENATE(O83,"/",P83) -> PACK10E/PACK10 EMBALAGENS | O83: PACK10E | P83: PACK10 EMBALAGENS | R83: =CONCATENATE(S83," / ",T83) -> 173 / CUK TRASEROS | S83: 173 | T83: CUK TRASEROS | AP83: RE / RECOMENDADO PARA ESCOLA | AQ83: RE | AR83: RECOMENDADO PARA ESCOLA | BA83: T - Tonelada | BB83: T | BC83: Tonelada | BP83: GE / Georgia | BQ83: GE | BR83: Georgia | CM83: 082 / Picón Bejes-Tresviso | CN83: 082 | CO83: Picón Bejes-Tresviso | CQ83: CU / CUBA | CR83: CU | CS83: CUBA | CY83: 082 / Picón Bejes-Tresviso | CZ83: 082 | DA83: Picón Bejes-Tresviso | DK83: OK/Exportacion ECI Oncost Kuwait | DL83: OK | DM83: Exportacion ECI Oncost Kuwait | DO83: HP/HAPPY | DP83: HP | DQ83: HAPPY | DS83: 5I/CLUSTER 5I | DT83: 5I | DU83: CLUSTER 5I | EK83: LXXL/Luxury XL | EL83: LXXL | EM83: Luxury XL | FZ83: 0082 | GA83: 0 | GB83: BCCORONA
N84: =CONCATENATE(O84,"/",P84) -> PACK10G/PACK10 GARRAFAS | O84: PACK10G | P84: PACK10 GARRAFAS | R84: =CONCATENATE(S84," / ",T84) -> 174 / ECO FILETES 1ªA | S84: 174 | T84: ECO FILETES 1ªA | AP84: SA / ORIGEN SALAMANCA | AQ84: SA | AR84: ORIGEN SALAMANCA | BA84: TON - ToneladaEU | BB84: TON | BC84: ToneladaEU | BP84: GF / Guayana Franc. | BQ84: GF | BR84: Guayana Franc. | CM84: 083 / Queso Camerano | CN84: 083 | CO84: Queso Camerano | CQ84: NG / NICARAGUA | CR84: NG | CS84: NICARAGUA | CY84: 083 / Queso Camerano | CZ84: 083 | DA84: Queso Camerano | DK84: MC/Exportacion ECI Med China | DL84: MC | DM84: Exportacion ECI Med China | DO84: NV/NIVEA EXPOS | DP84: NV | DQ84: NIVEA EXPOS | DS84: 6T/CLUSTER 6T | DT84: 6T | DU84: CLUSTER 6T | EK84: GF/Grandes Formatos | EL84: GF | EM84: Grandes Formatos | FZ84: 0083 | GA84: 0 | GB84: BE COOL-NURSE
... N88: =CONCATENATE(O88,"/",P88) -> PACK12L/PACK12 LATAS | O88: PACK12L | P88: PACK12 LATAS | R88: =CONCATENATE(S88," / ",T88) -> 178 / ECO SOLOMILLO | S88: 178 | T88: ECO SOLOMILLO | AP88: SF / SEMANA FANTASTICA | AQ88: SF | AR88: SEMANA FANTASTICA | BA88: UE - Unidad de Embalaje GECI | BB88: UE | BC88: Unidad de Embalaje GECI | BP88: GL / Groenlandia | BQ88: GL | BR88: Groenlandia | CM88: 087 / Queso de l'Alt Urgell y la Cer | CN88: 087 | CO88: Queso de l'Alt Urgell y la Cer | CQ88: RF / ARGELINA | CR88: RF | CS88: ARGELINA | CY88: 087 / Queso de l'Alt Urgell y la Cer | CZ88: 087 | DA88: Queso de l'Alt Urgell y la Cer | DK88: OL/Exportacion ECI Cuba Caracol | DL88: OL | DM88: Exportacion ECI Cuba Caracol | DO88: MR/MUEBLE SÁNCHEZ ROMERO | DP88: MR | DQ88: MUEBLE SÁNCHEZ ROMERO | DS88: AM/V&L AMPLIADA | DT88: AM | DU88: V&L AMPLIADA | EK88: CAL/RG Canarias L | EL88: CAL | EM88: RG Canarias L | FZ88: 0087 | GA88: 4 | GB88: DISPONIBLE0087
N89: =CONCATENATE(O89,"/",P89) -> PACK14G/PACK14 GARRAFAS | O89: PACK14G | P89: PACK14 GARRAFAS | R89: =CONCATENATE(S89," / ",T89) -> 179 / ELAB.ADOBADOS | S89: 179 | T89: ELAB.ADOBADOS | AP89: SN / SORIA NATURAL | AQ89: SN | AR89: SORIA NATURAL | BA89: UN - Unidad | BB89: UN | BC89: Unidad | BP89: GM / Gambia | BQ89: GM | BR89: Gambia | CM89: 088 / Queso de Murcia | CN89: 088 | CO89: Queso de Murcia | CY89: 088 / Queso de Murcia | CZ89: 088 | DA89: Queso de Murcia | DK89: SM/Exportacion ECI SM GNP Filipin | DL89: SM | DM89: Exportacion ECI SM GNP Filipin | DO89: SR/SÁNCHEX ROMERO EXPO NIVEA | DP89: SR | DQ89: SÁNCHEX ROMERO EXPO NIVEA | DS89: AP/V&L AMPLIADA 2 | DT89: AP | DU89: V&L AMPLIADA 2 | EK89: CAXL/RG Canarias XL | EL89: CAXL | EM89: RG Canarias XL | FZ89: 0088 | GA89: 0 | GB89: BELSON
N90: =CONCATENATE(O90,"/",P90) -> PACK15/PACK15 | O90: PACK15 | P90: PACK15 | R90: =CONCATENATE(S90," / ",T90) -> 18 / BUEY SOLOMILLO | S90: 18 | T90: BUEY SOLOMILLO | AP90: ST / ORIGEN SANTO DOMINGO | AQ90: ST | AR90: ORIGEN SANTO DOMINGO | BA90: UND - Unidad ( 2 decimales) | BB90: UND | BC90: Unidad ( 2 decimales) | BP90: GN / Guinea | BQ90: GN | BR90: Guinea | CM90: 089 / Queso de Murcia al vino | CN90: 089 | CO90: Queso de Murcia al vino | CY90: 089 / Queso de Murcia al vino | CZ90: 089 | DA90: Queso de Murcia al vino | DK90: JU/Exportacion ECI CHINA JUERUI | DL90: JU | DM90: Exportacion ECI CHINA JUERUI | DO90: GP/GRANEL 207 PEQUEÑO | DP90: GP | DQ90: GRANEL 207 PEQUEÑO | DS90: PU/PUREDERM | DT90: PU | DU90: PUREDERM | EK90: CVXS/RG C.VALENCIA XS | EL90: CVXS | EM90: RG C.VALENCIA XS | FZ90: 0089 | GA90: 4 | GB90: DISPONIBLE0089
N91: =CONCATENATE(O91,"/",P91) -> PACK15G/PACK15 GARRAFAS | O91: PACK15G | P91: PACK15 GARRAFAS | R91: =CONCATENATE(S91," / ",T91) -> 180 / ELAB.COCIDOS | S91: 180 | T91: ELAB.COCIDOS | AP91: TE / MCIA.ALTA TEMPORAL Y TE | AQ91: TE | AR91: MCIA.ALTA TEMPORAL Y TE | BA91: UNI - Unidad | BB91: UNI | BC91: Unidad | BP91: GP / Guadalupe | BQ91: GP | BR91: Guadalupe | CM91: 090 / Queso de Valdeón | CN91: 090 | CO91: Queso de Valdeón | CY91: 090 / Queso de Valdeón | CZ91: 090 | DA91: Queso de Valdeón | DK91: SS/Exportacion ECI SIMAN EL SALVA | DL91: SS | DM91: Exportacion ECI SIMAN EL SALVA | DO91: GM/GRANEL 207 MEDIANO | DP91: GM | DQ91: GRANEL 207 MEDIANO | EK91: CVS/RG C.VALENCIA S | EL91: CVS | EM91: RG C.VALENCIA S | FZ91: 0090 | GA91: 0 | GB91: BERING
N92: =CONCATENATE(O92,"/",P92) -> PACK16G/Pack 16 Garrafas | O92: PACK16G | P92: Pack 16 Garrafas | R92: =CONCATENATE(S92," / ",T92) -> 181 / ELAB.EMPANADOS | S92: 181 | T92: ELAB.EMPANADOS | AP92: TK / TIENDA KOSHER | AQ92: TK | AR92: TIENDA KOSHER | BA92: US - Unidad de Surtido Hiper | BB92: US | BC92: Unidad de Surtido Hiper | BP92: GQ / Guinea Ecuator. | BQ92: GQ | BR92: Guinea Ecuator. | CM92: 091 / Queso Ibores | CN92: 091 | CO92: Queso Ibores | CY92: 091 / Queso Ibores | CZ92: 091 | DA92: Queso Ibores | DK92: SN/Exportacion ECI SIMAN NICARAGU | DL92: SN | DM92: Exportacion ECI SIMAN NICARAGU | DO92: 01/MUEBLE GRANDE SUPERCOR | DP92: 01 | DQ92: MUEBLE GRANDE SUPERCOR | EK92: CVM/RG C.VALENCIA M | EL92: CVM | EM92: RG C.VALENCIA M | FZ92: 0091 | GA92: 0 | GB92: BETTY BOOP
N93: =CONCATENATE(O93,"/",P93) -> PACK18G/PACK18 GARRAFAS | O93: PACK18G | P93: PACK18 GARRAFAS | R93: =CONCATENATE(S93," / ",T93) -> 182 / ELAB.SALADOS | S93: 182 | T93: ELAB.SALADOS | AP93: TQ / TURQUÍA | AQ93: TQ | AR93: TURQUÍA | BA93: UV - Unidad de Venta GECI | BB93: UV | BC93: Unidad de Venta GECI | BP93: GR / Grecia | BQ93: GR | BR93: Grecia | CM93: 092 / Queso Majorero | CN93: 092 | CO93: Queso Majorero | CY93: 092 / Queso Majorero | CZ93: 092 | DA93: Queso Majorero | DK93: GM/Exportacion ECI SIMAN GUATEMAL | DL93: GM | DM93: Exportacion ECI SIMAN GUATEMAL | DO93: 02/MUEBLE PEQUEÑO SUPERCOR | DP93: 02 | DQ93: MUEBLE PEQUEÑO SUPERCOR | EK93: CVL/RG C.VALENCIA L | EL93: CVL | EM93: RG C.VALENCIA L | FZ93: 0092 | GA93: 4 | GB93: DISPONIBLE0092
N94: =CONCATENATE(O94,"/",P94) -> PACK2/PACK2 | O94: PACK2 | P94: PACK2 | R94: =CONCATENATE(S94," / ",T94) -> 183 / BBC SURTIDO EMBUTIDO | S94: 183 | T94: BBC SURTIDO EMBUTIDO | AP94: TS / TIENDA SANTIVERI | AQ94: TS | AR94: TIENDA SANTIVERI | BA94: VAL - Valor | BB94: VAL | BC94: Valor | BP94: GS / Isl.S.Sandwich | BQ94: GS | BR94: Isl.S.Sandwich | CM94: 093 / Queso Manchego | CN94: 093 | CO94: Queso Manchego | CY94: 093 / Queso Manchego | CZ94: 093 | DA94: Queso Manchego | DK94: SR/Exportacion ECI SIMAN COSTA RI | DL94: SR | DM94: Exportacion ECI SIMAN COSTA RI | DO94: 03/MUEBLE GRANDE S.ROMERO | DP94: 03 | DQ94: MUEBLE GRANDE S.ROMERO | EK94: CVXL/RG C.VALENCIA XL | EL94: CVXL | EM94: RG C.VALENCIA XL | FZ94: 0093 | GA94: 0 | GB94: BFGOODRICH
N95: =CONCATENATE(O95,"/",P95) -> PACK20/PACK20 | O95: PACK20 | P95: PACK20 | R95: =CONCATENATE(S95," / ",T95) -> 184 / EMB.BUTIFARRA | S95: 184 | T95: EMB.BUTIFARRA | AP95: TX / PRODUCTOS TEX-MEX | AQ95: TX | AR95: PRODUCTOS TEX-MEX | BA95: YD - Yarda | BB95: YD | BC95: Yarda | BP95: GT / Guatemala | BQ95: GT | BR95: Guatemala | CM95: 094 / Queso Nata de Cantabria | CN95: 094 | CO95: Queso Nata de Cantabria | CY95: 094 / Queso Nata de Cantabria | CZ95: 094 | DA95: Queso Nata de Cantabria | DK95: BR/Exportacion ECi GPA BRASIL | DL95: BR | DM95: Exportacion ECi GPA BRASIL | DO95: 04/MUEBLE PEQUEÑO S.ROMERO | DP95: 04 | DQ95: MUEBLE PEQUEÑO S.ROMERO | EK95: EXXS/RG EXTREMADURA XS | EL95: EXXS | EM95: RG EXTREMADURA XS | FZ95: 0094 | GA95: 4 | GB95: DISPONIBLE0094
N96: =CONCATENATE(O96,"/",P96) -> PACK20G/PACK20 GARRAFAS | O96: PACK20G | P96: PACK20 GARRAFAS | R96: =CONCATENATE(S96," / ",T96) -> 185 / BBC CHORIZO | S96: 185 | T96: BBC CHORIZO | AP96: US / ORIGEN ESTADOS UNIDOS | AQ96: US | AR96: ORIGEN ESTADOS UNIDOS | BA96: YD2 - Yarda cuad | BB96: YD2 | BC96: Yarda cuad | BP96: GU / Guam | BQ96: GU | BR96: Guam | CM96: 095 / Queso Palmero | CN96: 095 | CO96: Queso Palmero | CY96: 095 / Queso Palmero | CZ96: 095 | DA96: Queso Palmero | DK96: PR/Exportacion ECI GAMAPRO | DL96: PR | DM96: Exportacion ECI GAMAPRO | DO96: AU/SOLAR BELLA AURORA | DP96: AU | DQ96: SOLAR BELLA AURORA | EK96: EXS/RG EXTREMADURA S | EL96: EXS | EM96: RG EXTREMADURA S | FZ96: 0095 | GA96: 4 | GB96: DISPONIBLE0095
N97: =CONCATENATE(O97,"/",P97) -> PACK24B/PACK 24 BOTELLAS | O97: PACK24B | P97: PACK 24 BOTELLAS | R97: =CONCATENATE(S97," / ",T97) -> 186 / BBC LONGANIZA BLANCA | S97: 186 | T97: BBC LONGANIZA BLANCA | AP97: VA / ORIGEN C. VALENCIANA | AQ97: VA | AR97: ORIGEN C. VALENCIANA | BA97: YD3 - Yarda cúb. | BB97: YD3 | BC97: Yarda cúb. | BP97: GW / Guinea-Bissau | BQ97: GW | BR97: Guinea-Bissau | CM97: 096 / Queso Tetilla | CN97: 096 | CO97: Queso Tetilla | CY97: 096 / Queso Tetilla | CZ97: 096 | DA97: Queso Tetilla | DK97: CS/Exportacion ECI EMES SPA | DL97: CS | DM97: Exportacion ECI EMES SPA | DO97: GO/GOE | DP97: GO | DQ97: GOE | EK97: EXM/RG EXTREMADURA M | EL97: EXM | EM97: RG EXTREMADURA M | FZ97: 0096 | GA97: 0 | GB97: BLACK&DECKER
N98: =CONCATENATE(O98,"/",P98) -> PACK24G/PACK24 GARRAFAS | O98: PACK24G | P98: PACK24 GARRAFAS | R98: =CONCATENATE(S98," / ",T98) -> 187 / EMB.LONG ROJA | S98: 187 | T98: EMB.LONG ROJA | AP98: VE / CAMPAÑA DE HELADOS DE V | AQ98: VE | AR98: CAMPAÑA DE HELADOS DE V | BA98: ZEA - EANI | BB98: ZEA | BC98: EANI | BP98: GY / Guyana | BQ98: GY | BR98: Guyana | CM98: 097 / Queso Zamorano | CN98: 097 | CO98: Queso Zamorano | CY98: 097 / Queso Zamorano | CZ98: 097 | DA98: Queso Zamorano | DK98: PL/Exportacion ECI CHEF POLONIA | DL98: PL | DM98: Exportacion ECI CHEF POLONIA | DO98: LP/L'OREAL push | DP98: LP | DQ98: L'OREAL push | EK98: EXL/RG EXTREMADURA L | EL98: EXL | EM98: RG EXTREMADURA L | FZ98: 0097 | GA98: 0 | GB98: BLANCO Y NEGRO
N99: =CONCATENATE(O99,"/",P99) -> PACK24L/PACK24 LATAS | O99: PACK24L | P99: PACK24 LATAS | R99: =CONCATENATE(S99," / ",T99) -> 188 / BBC MORCILLA | S99: 188 | T99: BBC MORCILLA | AP99: VG / VERANO FANTASTICO | AQ99: VG | AR99: VERANO FANTASTICO | BP99: HK / Hong Kong | BQ99: HK | BR99: Hong Kong | CM99: 098 / Quesucos de Liébana | CN99: 098 | CO99: Quesucos de Liébana | CY99: 098 / Quesucos de Liébana | CZ99: 098 | DA99: Quesucos de Liébana | DK99: SF/Exportacion ECI CHEF SAM FRANC | DL99: SF | DM99: Exportacion ECI CHEF SAM FRANC | DO99: RP/RIMMEL push | DP99: RP | DQ99: RIMMEL push | EK99: EXXL/RG EXTREMADURA XL | EL99: EXXL | EM99: RG EXTREMADURA XL | FZ99: 0098 | GA99: 4 | GB99: DISPONIBLE0098
N100: =CONCATENATE(O100,"/",P100) -> PACK2G/PACK2 GARRAFAS | O100: PACK2G | P100: PACK2 GARRAFAS | R100: =CONCATENATE(S100," / ",T100) -> 189 / EMB.VARIOS | S100: 189 | T100: EMB.VARIOS | AP100: VP / MCIA.DE VENTA PREFERENC | AQ100: VP | AR100: MCIA.DE VENTA PREFERENC | BP100: HM / Is.Heard/Mcdon. | BQ100: HM | BR100: Is.Heard/Mcdon. | CM100: 099 / Roncal | CN100: 099 | CO100: Roncal | CY100: 099 / Roncal | CZ100: 099 | DA100: Roncal | DK100: SI/Exportacion ECI SINGAPUR | DL100: SI | DM100: Exportacion ECI SINGAPUR | DO100: MA/Maybelline push | DP100: MA | DQ100: Maybelline push | EK100: RJXS/RG RIOJA XS | EL100: RJXS | EM100: RG RIOJA XS | FZ100: 0099 | GA100: 0 | GB100: BLUSENS
N101: =CONCATENATE(O101,"/",P101) -> PACK3/PACK3 | O101: PACK3 | P101: PACK3 | R101: =CONCATENATE(S101," / ",T101) -> 19 / CABRITO CANAL | S101: 19 | T101: CABRITO CANAL | AP101: XE / ESLOVENIA | AQ101: XE | AR101: ESLOVENIA | BP101: HN / Honduras | BQ101: HN | BR101: Honduras | CM101: 100 / San Simón da Costa | CN101: 100 | CO101: San Simón da Costa | CY101: 100 / San Simón da Costa | CZ101: 100 | DA101: San Simón da Costa | DK101: MB/697 MARBELLA | DL101: MB | DM101: 697 MARBELLA | DO101: CS/Caravan Supercor | DP101: CS | DQ101: Caravan Supercor | EK101: RJS/RG RIOJA S | EL101: RJS | EM101: RG RIOJA S | FZ101: 0100 | GA101: 0 | GB101: BOB ESPONJA
N102: =CONCATENATE(O102,"/",P102) -> PACK30G/PACK30 GARRAFAS | O102: PACK30G | P102: PACK30 GARRAFAS | R102: =CONCATENATE(S102," / ",T102) -> 190 / EMBUTIDOS | S102: 190 | T102: EMBUTIDOS | AP102: XM / ORIGEN EXTREMADURA | AQ102: XM | AR102: ORIGEN EXTREMADURA | BP102: HR / Croacia | BQ102: HR | BR102: Croacia | CM102: 101 / Torta del Casar | CN102: 101 | CO102: Torta del Casar | CY102: 101 / Torta del Casar | CZ102: 101 | DA102: Torta del Casar | DK102: VC/C.Personal-Venta | DL102: VC | DM102: C.Personal-Venta | DO102: M2/Acc. Capilar 1M | DP102: M2 | DQ102: Acc. Capilar 1M | EK102: RJM/RG RIOJA M | EL102: RJM | EM102: RG RIOJA M | FZ102: 0101 | GA102: 4 | GB102: DISPONIBLE0101
N103: =CONCATENATE(O103,"/",P103) -> PACK3EN/PACK 3 ENVASES | O103: PACK3EN | P103: PACK 3 ENVASES | R103: =CONCATENATE(S103," / ",T103) -> 191 / ESCALOPES CORRA | S103: 191 | T103: ESCALOPES CORRA | AP103: XQ / ESLOVAQUIA | AQ103: XQ | AR103: ESLOVAQUIA | BP103: HT / Haití | BQ103: HT | BR103: Haití | CM103: 102 / Aguardiente de Hierbas de Gali | CN103: 102 | CO103: Aguardiente de Hierbas de Gali | CY103: 102 / Aguardiente de Hierbas de Gali | CZ103: 102 | DA103: Aguardiente de Hierbas de Gali | DK103: OU/OULET | DL103: OU | DM103: OULET | DO103: M3/Acc. Capilar 2M | DP103: M3 | DQ103: Acc. Capilar 2M | EK103: RJL/RG RIOJA L | EL103: RJL | EM103: RG RIOJA L | FZ103: 0102 | GA103: 0 | GB103: BOMIPATEC
...

Sheet CENTROS VV - 02
A1: CENTROS

Sheet CENTROS - REAPRO - RELEX
A1: CENTRO | B1: MARC TIENDA
B2: CARACT. DE PLANIFICACIÓN

Sheet ALTA
A1: Número artículo SAP | B1: Identificador Cabecera Línea | C1: Tipo de artículo | D1: Grupo de artículos | E1: Perfil_características | F1: Bloqueo | G1: Organización de compras | H1: Marcado para borrado | I1: Número de proveedor | J1: Prov.regular | K1: Exceso | L1: Centro | M1: Tipo de registro info | N1: Descripción del artículo | O1: Descripción del modelo | P1: Idioma | Q1: Señal Internet | R1: Señal Internet (NUEVO) | S1: DVC | T1: POS | U1: IDIOMA cmcial | V1: Texto cmcial | W1: Desglose de proveedor | X1: Embalaje de frescos | Y1: Fabricante/Sello | Z1: Modelo | AA1: Color Variedad 1 | AB1: Tamaño Horma / Variedad 2 | AC1: Presentación | AD1: Cantidad | AE1: Formato | AF1: Presentación en Tienda | AG1: Alarma | AH1: F. Venta | AI1: Sector Clasif | AJ1: Grp. Catálogo | AK1: Royalty | AL1: Licencia | AM1: Personaje | AN1: Tiempo hasta caducidad | AO1: Ind. Periodo | AP1: Envase retornable | AQ1: Factor de apilado | AR1: Indicador: Sujeto a lote | AS1: Marca | AT1: IVA | AU1: IGIC | AV1: IVA PT | AW1: Unidad Medida Base (UMB) | AX1: UC | AY1: UV | AZ1: US | BA1: UE | BB1: Ud UE | BC1: CAP | BD1: PAL | BE1: Señal de Montaje | BF1: Peso Neto | BG1: Contenido neto | BH1: Unidad de medida contenido | BI1: Cantidad base de comparación | BJ1: Unidad de medida del PUM | BK1: Señal Stock Pendiente | BL1: Señal Pedido Suma | BM1: Señal VPR-R | BN1: Señal de Pedido Personalizado | BO1: País de origen del animal | BP1: Surtido parcial | BQ1: Visualizar PVP | BR1: Visualizar Coste | BS1: Acuerdo | BT1: Plazo de entrega | BU1: Perfil de redondeo | BV1: Cantidad mínimna | BW1: Prohibición pedido manual | BX1: Operador logístico | BY1: Límite tolerancia | BZ1: Precio Coste | CA1: Grupo-compras | CB1: Empresa | CC1: Uneco | CD1: Familia | CE1: CD Ciclo de entrega | CF1: CD Perfil distribución | CG1: CD Verificación disponibilidad | CH1: CD Caract. planif | CI1: CD Fuente aprovisionamiento | CJ1: CD Indicador ABC | CK1: CD Status material | CL1: CD Fecha entrada | CM1: CD Perfil. Redondeo | CN1: Tienda Caract. planfi | CO1: Tienda Ciclo de entrega | CP1: Tienda Ciclo planif | CQ1: Tienda Plazo de entrega | CR1: Tienda Tiempo Tratamiento Mercancías | CS1: Tienda Fuente aprovisionamiento | CT1: Tienda Perfil redondeo | CU1: Tienda Planif.nece | CV1: Tienda Grupo unidades medida | CW1: Tienda Status | CX1: Tienda Válido desde | CY1: Tienda Perfil n serie | CZ1: Tienda Consignación | DA1: A. Almac. | DB1: T.Gestión | DC1: Calif. 1 | DD1: Calif. 2 | DE1: Calif. 3 | DF1: Calif. 5 | DG1: Calif. 6 | DH1: Organización de ventas | DI1: Precio Venta | DJ1: Precio | DK1: Surtido General | DL1: Nivel de surtido | DM1: Procedimiento catalogación | DN1: Fecha desde catalogación | DO1: Fecha hasta catlogación | DP1: GRUPO BALANZA | DQ1: RESTRICCIÓN HORARIA | DR1: EAN | DS1: EAN Proveedor | DT1: UI | DU1: Factor | DV1: UC | DW1: Peso Bruto | DX1: Longitud | DY1: Ancho | DZ1: Alto | EA1: Volumen | EB1: DUN14 | EC1: VL Proveedor | ED1: PESO UE | EE1: LONG UE | EF1: ANCHO UE | EG1: ALTO UE | EH1: VOLUMEN UE | EI1: Pais | EJ1: Regulación | EK1: Cod. Regulación | EL1: Peso | EM1: Unidades | EN1: Pais | EO1: Regulación | EP1: Cod. Regulación | EQ1: Peso | ER1: Grados alcohol | ES1: Grados Plato | ET1: País | EU1: Epígrafe | EV1: Origen | EW1: Part.Arancel | EX1: Sust.Peligrosa | EY1: Control Temperatura | EZ1: CIDIOMAA | FA1: descripcion | FB1: DMARCAAA | FC1: DETIQU01 | FD1: DLITER01 | FE1: DETIQU02 | FF1: DLITER02 | FG1: DETIQU03 | FH1: DLITER03 | FI1: DETIQU04 | FJ1: DLITER04 | FK1: DETIQU05 | FL1: DLITER05 | FM1: DETIQU06 | FN1: DLITER06 | FO1: DETIQU07 | FP1: DLITER07 | FQ1: DETIQU08 | FR1: DLITER08 | FS1: DETIQU09 | FT1: DLITER09 | FU1: DETIQU10 | FV1: DLITER10 | FW1: Tipo producto | FX1: Observaciones | FY1: AMPLIACIÓN O SUSTITUCIÓN CARACTERISTICAS | FZ1: HIER_NODE | GA1: AGRUPACIONES_VENTA | GB1: DENOM_CIENTIFICA | GC1: DENOM_ORIGEN | GD1: ECO_BIO | GE1: ESTILO | GF1: FRANQUICIAS_SUPERCOR | GG1: GOURMET | GH1: IMPLANTACIONES_ADIC | GI1: INGREDIENTES | GJ1: LINEAS_NEG_ADIC | GK1: MASCOTAS_ESP | GL1: METODO_PRODUCC | GM1: ORIGEN_MCIA | GN1: PERFUMERIA_PLTA_BAJA | GO1: PROD_SUSTITUTIVO | GP1: PROMOCION | GQ1: QBULTREF | GR1: REGIONALIDAD_ECI | GS1: REGIONALIDAD_ECIGA | GT1: REGIONALIDAD_HIPERCOR | GU1: REGIONALIDAD_OPENCOR | GV1: REGIONALIDAD_SUPERCOR | GW1: SEGMENTACION_MDO | GX1: SENAL_DE_CAFETERIA | GY1: TEMP_CONSERVACION | GZ1: INTOLERANCIAS | HA1: UNIVERSO_CERRANDO_CIRCULO | HB1: ORIGEN_SOSTENIBLE | HC1: DISENO_FABRICACION_SOSTENIBLE | HD1: ET_SANCHEZ_ROMERO | HE1: AMBITO_PRECIO | HF1: TIPOLOGIA | HG1: ELABORACION_TIPO | HH1: EXCLUSIVO_ECI
